Workbook

Sheet BDI 1 
A1: PREFEITURA MUNICIPAL DE CAMBUÍ ESTADO DE MINAS GERAIS GESTÃO 2025 / 2028
A2: BDI (CONFORME ACÓRDÃO Nº 2622 / 13 e LEI Nº13.161 DE 31/08/15
A3: OBRA: | D3: FORNECIMENTO DE INSUMOS E MÃO-DE-OBRA ESPECIALIZADA PARA EXECUÇÃO DE UMA EDIFICAÇÃO COM SANITÁRIOS, DEPÓSITO E LANCHONETE.
A4: LOCAL: | D4: ESTÁDIO EDMUNDO PACEAU, RUA FELIPE DOS SANTOS, CENTRO, CAMBUÍ, MG
A5: ÁREA CONSTRUÍDA COBERTA:* | D5: 115,47 m² - ÁREA DA EDIFICAÇÃO
A7: TIPO DE SERVIÇO | C7: OBRA DE EDIFICAÇÃO
A8: ISS | C8: 0.03
C16: CUSTO DIRETO | D16: CD | E16: 1 | H16: ¹ - QUANTO AO ISS O TCU ORIENTA OBSERVAR A LEGISLAÇÃO DO MUNICÍPIO. NO REFERIDO ACÓRDÃO O TCU PARTIU DA PREMISSA DE INCIDÊNCIA DO ISS EM 50% DO PREÇO DE VENDA, COM PERCENTUAIS DE 2%, 3%, 4% E 5%.
C17: ADMINISTRAÇÃO CENTRAL | D17: AC | E17: 0.055
C18: LUCRO BRUTO | D18: L | E18: 0.075
C19: DESPESAS FINANCEIRAS | D19: DF | E19: 0.0105
C20: SEGUROS GARANTIAS E RISCOS | E20: 0.0227
C21: SEGUROS + GARANTIAS | D21: S | E21: 0.01
C22: RISCO | D22: R | E22: 0.0127
C23: TRIBUTOS | D23: I | E23: 0.0515
C24: ISS | D24: ISS ¹ | E24: 0.015
C25: PIS | D25: PIS | E25: 0.0065
C26: COFINS | D26: - | E26: 0.03
C27: CPRB (FOLHA DESONERADA) | D27: INSS
C29: BDI | E29: =(((1+(E17+E21+E22))*(1+E19)*(1+E18)/(1-E23))-1)-0.01% -> 0.23415623
D35: Mateus Pedro da Silva | J35: Leonardo Mesquita Reis Belico
D36: Engenheiro Civil | J36: Arquiteto e Urbanista

Sheet BDI 2 
A1: PREFEITURA MUNICIPAL DE CAMBUÍ ESTADO DE MINAS GERAIS GESTÃO 2025 / 2028
A2: BDI (CONFORME ACÓRDÃO Nº 2622 / 13 e LEI Nº13.161 DE 31/08/15
A3: OBRA:
A4: LOCAL:
A5: ÁREA CONSTRUÍDA COBERTA:*
A7: TIPO DE SERVIÇO | C7: OBRA RODOVIÁRIA
A8: ISS | C8: 0.03
C16: CUSTO DIRETO | D16: CD | E16: 1 | H16: ¹ - QUANTO AO ISS O TCU ORIENTA OBSERVAR A LEGISLAÇÃO DO MUNICÍPIO. NO REFERIDO ACÓRDÃO O TCU PARTIU DA PREMISSA DE INCIDÊNCIA DO ISS EM 50% DO PREÇO DE VENDA, COM PERCENTUAIS DE 2%, 3%, 4% E 5%.
C17: ADMINISTRAÇÃO CENTRAL | D17: AC | E17: 0.0467
C18: LUCRO BRUTO | D18: L | E18: 0.0753
C19: DESPESAS FINANCEIRAS | D19: DF | E19: 0.0105
C20: SEGUROS GARANTIAS E RISCOS | E20: 0.0171
C21: SEGUROS + GARANTIAS | D21: S | E21: 0.0074
C22: RISCO | D22: R | E22: 0.0097
C23: TRIBUTOS | D23: I | E23: 0.0575
C24: ISS | D24: ISS ¹ | E24: 0.021
C25: PIS | D25: PIS | E25: 0.0065
C26: COFINS | D26: - | E26: 0.03
C27: CPRB (FOLHA DESONERADA) | D27: INSS
C29: BDI | E29: =((1+(E17+E21+E22))*(1+E19)*(1+E18)/(1-E23))-1 -> 0.22643515
D39: Mateus Pedro da Silva | J39: Leonardo Mesquita Reis Belico
D40: Engenheiro Civil | J40: Arquiteto e Urbanista

Sheet COMPOSIÇÕES UNITÁRIAS
A2: PREFEITURA MUNICIPAL DE CAMBUÍ ESTADO DE MINAS GERAIS GESTÃO 2025 / 2028
A3: COMPOSIÇÕES DE CUSTO UNITÁRIO
A4: OBRA: | D4: FORNECIMENTO DE INSUMOS E MÃO-DE-OBRA ESPECIALIZADA PARA EXECUÇÃO DE UMA EDIFICAÇÃO COM SANITÁRIOS, DEPÓSITO E LANCHONETE.
A5: LOCAL: | D5: ESTÁDIO EDMUNDO PACEAU, RUA FELIPE DOS SANTOS, CENTRO, CAMBUÍ, MG
A6: ÁREA CONSTRUÍDA COBERTA:* | D6: 115,47 m² - ÁREA DA EDIFICAÇÃO
A7: SINAPI | C7: 45962
A8: SICRO | C8: 45931 | E8: CONSTRUÇÃO DE EDIFÍCIOS | I8: BDI 1 | J8: 0.2312
A9: SEINFRA | C9: 45931 | J9: =J8+1 -> 1.2312
A10: CDHU | C10: 45870 | E10: NÃO SE APLICA | I10: BDI 2 | J10: 0
A11: ORSE | C11: 10/2025 - 1 | J11: =J10+1 -> 1
A12: Preços sem desoneração
B13: FONTE | C13: CÓDIGO | D13: DESCRIÇÃO | E13: UNIDADE | F13: VALOR UNITÁRIO | G13: COEFICIENTE | J13: VALOR TOTAL
B15: PRÓPRIA | C15: CPU 001 | D15: ADMINISTRAÇÃO LOCAL | E15: MÊS | J15: =J16 -> 3007.18
B16: SINAPI | C16: 90778 | D16: ENGENHEIRO CIVIL DE OBRA PLENO COM ENCARGOS COMPLEMENTARES | E16: H | F16: 136.69 | G16: 22 | J16: =ROUND(F16*G16,2) -> 3007.18
B18: PRÓPRIA | C18: CPU 002 | D18: TRAMA DE MADEIRA COMPOSTA POR TERÇAS PARA TELHADOS DE ATÉ 2 ÁGUAS PARA TELHA ONDULADA DE FIBROCIMENTO, METÁLICA, PLÁSTICA OU TERMOACÚSTICA, INCLUSO TRANSPORTE VERTICAL. | E18: M2 | J18: =ROUND(SUM(J19:J22),2) -> 68.21
B19: SINAPI | C19: 88262 | D19: CARPINTEIRO DE FORMAS COM ENCARGOS COMPLEMENTARES | E19: H | F19: 30.96 | G19: 0.118 | J19: =ROUND(F19*G19,2) -> 3.65
B20: SINAPI | C20: 88239 | D20: AJUDANTE DE CARPINTEIRO COM ENCARGOS COMPLEMENTARES | E20: H | F20: 25.54 | G20: 0.065 | J20: =ROUND(F20*G20,2) -> 1.66
B21: SINAPI - MATERIAL | C21: 40568 | D21: PREGO DE ACO POLIDO COM CABECA 22 X 48 (4 1/4 X 5) | E21: KG | F21: 17.7 | G21: 0.03 | J21: =ROUND(F21*G21,2) -> 0.53
B22: SINAPI - MATERIAL | C22: 20211 | D22: VIGA APARELHADA *6 X 16* CM, EM MACARANDUBA/MASSARANDUBA, ANGELIM OU EQUIVALENTE DA REGIAO | E22: M | F22: 47.98 | G22: 1.3 | J22: =ROUND(F22*G22,2) -> 62.37
B24: PRÓPRIA | C24: CPU 003 | D24: LAJE DE CONCRETO ARMADO PARA COBERTURA DE ABRIGO DE GÁS | E24: M2 | J24: =ROUND(SUM(J25:J27),2) -> 366.52
B25: SEINFRA | C25: ED-29550 | D25: CORTE, DOBRA E MONTAGEM DE AÇO CA-50, DIÂMETRO 8MM, INCLUSIVE ESPAÇADOR | E25: Kg | F25: 13.94 | G25: 5.53 | J25: =ROUND(F25*G25,2) -> 77.09
B26: SEINFRA | C26: ED-49786 | D26: FORNECIMENTO DE CONCRETO ESTRUTURAL, PREPARADO EM OBRA COM BETONEIRA, COM FCK 20MPA, INCLUSIVE LANÇAMENTO, ADENSAMENTO E ACABAMENTO (FUNDAÇÃO) | E26: m3 | F26: 786.11 | G26: 0.07 | J26: =ROUND(F26*G26,2) -> 55.03
B27: SINAPI | C27: 92448 | D27: MONTAGEM E DESMONTAGEM DE FÔRMA DE VIGA, ESCORAMENTO COM PONTALETE DE MADEIRA, PÉ-DIREITO SIMPLES, EM MADEIRA SERRADA, 4 UTILIZAÇÕES. AF_09/2020 | E27: M2 | F27: 193.72 | G27: 1.21 | J27: =ROUND(F27*G27,2) -> 234.4
B29: PRÓPRIA | C29: CPU 004 | D29: RODAPÉ DE 10 CM DE ALTURA, EM PORCELANATO, COM PLACAS TIPO ESMALTADA DE DIMENSÕES 60X60CM. | E29: M2 | J29: =SUM(J30:J34) -> 24.24
B30: SINAPI | C30: 88256 | D30: AZULEJISTA OU LADRILHEIRO COM ENCARGOS COMPLEMENTARES | E30: H | F30: 33.56 | G30: 0.1244 | J30: =ROUND(F30*G30,2) -> 4.17
B31: SINAPI | C31: 88316 | D31: SERVENTE COM ENCARGOS COMPLEMENTARES | E31: H | F31: 23.58 | G31: 0.0466 | J31: =ROUND(F31*G31,2) -> 1.1
B32: SINAPI - MATERIAL | C32: 34357 | D32: REJUNTE CIMENTICIO, QUALQUER COR | E32: KG | F32: 3.99 | G32: 0.1271 | J32: =ROUND(F32*G32,2) -> 0.51
B33: SINAPI - MATERIAL | C33: 1381 | D33: ARGAMASSA COLANTE AC I PARA CERAMICAS | E33: KG | F33: 0.68 | G33: 0.9129 | J33: =ROUND(F33*G33,2) -> 0.62
B34: SINAPI - MATERIAL | C34: 45190 | D34: PISO EM PORCELANATO, RETIFICADO, LISO, MONOCOLOR, ACETINADO OU POLIDO, FORMATO MAIOR QUE 2500 ATE 6400 CM2 | E34: M2 | F34: 67.25 | G34: 0.2653 | J34: =ROUND(F34*G34,2) -> 17.84
B36: PRÓPRIA | C36: CPU 005 | D36: EXECUÇÃO DE ESTACA TIPO HÉLICE CONTÍNUA, DIÂMETRO 25CM, INCLUSIVE AFASTAMENTO LATERAL, EXCLUSIVE ARMAÇÃO, CONCRETO ESTRUTURAL, TRANSPORTE E RETIRADA DO MATERIAL ESCAVADO | E36: M | J36: =SUM(J37:J38) -> 44.86
B37: SEINFRA | C37: EQED-26495 | D37: PERFURATRIZ HIDRÁULICA (TIPO: SOBRE ESTEIRAS|POTÊNCIA: 283-300KW | COMBUSTÍVEL: DIESEL | REFERÊNCIA: E9516 OU EQUIVALENTE | PESO*: 65.000KG|OPERADOR: INCLUSO)* VALORES REFERENCIAIS APROXIMADOS | E37: M | F37: 25.17 | G37: 1 | J37: =ROUND(F37*G37,2) -> 25.17
B38: SEINFRA | C38: ED-50367 | D38: SERVENTE COM ENCARGOS COMPLEMENTARES | E38: hora | F38: 22.66 | G38: 0.8689883 | J38: =ROUND(F38*G38,2) -> 19.69
B40: PRÓPRIA | C40: CPU 006 | D40: REVESTIMENTO COM LADRILHO HIDRÁULICO APLICADO EM PISO COM JUNTA SECA, NA COR NATURAL, TIPO MILANO ASSENTAMENTO COM ARGAMASSA INDUSTRIALIZADA | E40: M | J40: =SUM(J41:J44) -> 144.54
B41: SINAPI - MATERIAL | C41: 38138 | D41: LADRILHO HIDRAULICO, *30 X 30* CM, E= 2 CM, PADRAO MILANO, COR NATURAL | E41: M2 | F41: 102.96 | G41: 1.05 | J41: =ROUND(F41*G41,2) -> 108.11
B42: SEINFRA | C42: MATED-12352 | D42: ARGAMASSA COLANTE (TIPO: AC-III|UTILIZAÇÃO: AMBIENTES INTERNOS E EXTERNOS) | E42: Kg | F42: 1.8 | G42: 4.5 | J42: =ROUND(F42*G42,2) -> 8.1
B43: SEINFRA | C43: ED-50367 | D43: SERVENTE COM ENCARGOS COMPLEMENTARES | E43: hora | F43: 22.66 | G43: 0.3188406 | J43: =ROUND(F43*G43,2) -> 7.22
B44: SEINFRA | C44: ED-50379 | D44: LADRILHISTA COM ENCARGOS COMPLEMENTARES | E44: hora | F44: 33.11 | G44: 0.6376812 | J44: =ROUND(F44*G44,2) -> 21.11
B46: PRÓPRIA | C46: CPU 007 | D46: PORTAO DE ABRIR / GIRO, EM GRADIL DE METALON QUADRADO DE 40X40MM VERTICAL, COM REQUADRO, ACABAMENTO NATURAL - COMPLETO | E46: M2 | J46: =SUM(J47:J51) -> 661.73
B47: SINAPI - MATERIAL | C47: 4948 | D47: PORTAO DE ABRIR / GIRO, EM GRADIL DE METALON REDONDO DE 3/4" VERTICAL, COM REQUADRO, ACABAMENTO NATURAL - COMPLETO | E47: M2 | F47: 501.59 | G47: 1.01 | J47: =ROUND(F47*G47,2) -> 506.61
B48: SINAPI - MÃO DE OBRA | C48: 6110 | D48: SERRALHEIRO (HORISTA) | E48: H | F48: 25.86 | G48: 0.05 | J48: =ROUND(F48*G48,2) -> 1.29
B49: SINAPI - MÃO DE OBRA | C49: 252 | D49: AJUDANTE DE SERRALHEIRO (HORISTA) | E49: H | F49: 20 | G49: 0.05 | J49: =ROUND(F49*G49,2) -> 1
B50: SINAPI - MATERIAL | C50: 11480 | D50: FECHADURA AUXILIAR DE SEGURANCA PARA PORTA EXTERNA, EM ACO INOX, BROCA DE 45 A 55 MM, LINGUETA COM 3 AVANCOS, INCLUINDO 2 CHAVES TIPO CILINDRO | E50: CJ | F50: 124.75 | G50: 1 | J50: =ROUND(F50*G50,2) -> 124.75
B51: SEINFRA | C51: MATED-21604 | D51: DOBRADIÇA DE FERRO PARA PORTÃO (TIPO: GONZO N°2|DIÂMETRO DO PINO: 3/4"|LARGURA DA ABA: 1"|ACABAMENTO: BICROMATIZADO) | E51: un | F51: 14.04 | G51: 2 | J51: =ROUND(F51*G51,2) -> 28.08
B53: PRÓPRIA | C53: CPU 008 | D53: PORTÃO DE FERRO, ABERTURA ESTILO PORTA CAMARÃO, COM ARMAÇÃO DE METALON, DETALHES EM CHAPA DE AÇO GALVANIZADO E BARRAS CHATA, COMPLETO, COM FECHADURA E DOBRADIÇAS | E53: M2 | J53: =SUM(J54:J59) -> 697.92
B54: SINAPI - MATERIAL | C54: 4948 | D54: PORTAO DE ABRIR / GIRO, EM GRADIL DE METALON REDONDO DE 3/4" VERTICAL, COM REQUADRO, ACABAMENTO NATURAL - COMPLETO | E54: M2 | F54: 501.59 | G54: 0.25 | J54: =ROUND(F54*G54,2) -> 125.4
B55: SINAPI - MATERIAL | C55: 4930 | D55: PORTA DE ABRIR / GIRO, EM GRADIL FERRO, COM BARRA CHATA 3 CM X 1/4", COM REQUADRO E GUARNICAO - COMPLETO - ACABAMENTO NATURAL | E55: M2 | F55: 523.95 | G55: 0.25 | J55: =ROUND(F55*G55,2) -> 130.99
B56: SEINFRA | C56: ED-50933 | D56: ASSENTAMENTO DE GRADIL OU PORTÃO METÁLICO DE AÇO OU FERRO, EXCLUSIVE FORNECIMENTO | E56: m2 | F56: 146.22 | G56: 1 | J56: =ROUND(F56*G56,2) -> 146.22
B57: SEINFRA | C57: ED-50979 | D57: PORTA EM PERFIL E CHAPA METÁLICA, EXCLUSIVE FERRAGENS E PINTURA | E57: m2 | F57: 431.62 | G57: 0.2 | J57: =ROUND(F57*G57,2) -> 86.32
B58: SINAPI - MATERIAL | C58: 11480 | D58: FECHADURA AUXILIAR DE SEGURANCA PARA PORTA EXTERNA, EM ACO INOX, BROCA DE 45 A 55 MM, LINGUETA COM 3 AVANCOS, INCLUINDO 2 CHAVES TIPO CILINDRO | E58: CJ | F58: 124.75 | G58: 1 | J58: =ROUND(F58*G58,2) -> 124.75
B59: SEINFRA | C59: MATED-21604 | D59: DOBRADIÇA DE FERRO PARA PORTÃO (TIPO: GONZO N°2|DIÂMETRO DO PINO: 3/4"|LARGURA DA ABA: 1"|ACABAMENTO: BICROMATIZADO) | E59: un | F59: 14.04 | G59: 6 | J59: =ROUND(F59*G59,2) -> 84.24
B61: PRÓPRIA | C61: CPU 009 | D61: PORTA METÁLICA PARA SANITÁRIO EM CHAPA GALVANIZADA, ESP. 1,25MM (GSG-18), DIMENSÃO 0,90 X 2,0 M, TIPO DE ABRIR, UMA (1) FOLHA, INCLUSIVE BATENTE, ESTRUTURA EM METALON (20X30)MM, DOBRADIÇA, PIXADOR E TRANQUETA, EXCLUSIVE PINTURA | E61: M2 | J61: =SUM(J62:J64) -> 663.91
B62: SEINFRA | C62: ED-50977 | D62: PORTA METÁLICA PARA SANITÁRIO EM CHAPA GALVANIZADA, ESP. 1,25MM (GSG-18), DIMENSÃO (80X150)CM, TIPO DE ABRIR, UMA (1) FOLHA, INCLUSIVE BATENTE, ESTRUTURA EM METALON (20X30)MM, DOBRADIÇA E TRANQUETA, EXCLUSIVE PINTURA | E62: un | F62: 427.32 | G62: 1.5 | J62: =ROUND(F62*G62,2) -> 640.98
B63: SINAPI - MÃO DE OBRA | C63: 6110 | D63: SERRALHEIRO (HORISTA) | E63: H | F63: 25.86 | G63: 0.5 | J63: =ROUND(F63*G63,2) -> 12.93
B64: SINAPI - MÃO DE OBRA | C64: 252 | D64: AJUDANTE DE SERRALHEIRO (HORISTA) | E64: H | F64: 20 | G64: 0.5 | J64: =ROUND(F64*G64,2) -> 10
B66: PRÓPRIA | C66: CPU 010 | D66: PORTA METÁLICA PARA SANITÁRIO EM CHAPA GALVANIZADA, ESP. 1,25MM (GSG-18), DIMENSÃO 0,70 X 2,0 M, TIPO DE ABRIR, UMA (1) FOLHA, INCLUSIVE BATENTE, ESTRUTURA EM METALON (20X30)MM, DOBRADIÇA, PUXADOR E TRANQUETA, EXCLUSIVE PINTURA | E66: M2 | J66: =SUM(J67:J69) -> 521.47
B67: SEINFRA | C67: ED-50977 | D67: PORTA METÁLICA PARA SANITÁRIO EM CHAPA GALVANIZADA, ESP. 1,25MM (GSG-18), DIMENSÃO (80X150)CM, TIPO DE ABRIR, UMA (1) FOLHA, INCLUSIVE BATENTE, ESTRUTURA EM METALON (20X30)MM, DOBRADIÇA E TRANQUETA, EXCLUSIVE PINTURA | E67: un | F67: 427.32 | G67: 1.1666667 | J67: =ROUND(F67*G67,2) -> 498.54
B68: SINAPI - MÃO DE OBRA | C68: 6110 | D68: SERRALHEIRO (HORISTA) | E68: H | F68: 25.86 | G68: 0.5 | J68: =ROUND(F68*G68,2) -> 12.93
B69: SINAPI - MÃO DE OBRA | C69: 252 | D69: AJUDANTE DE SERRALHEIRO (HORISTA) | E69: H | F69: 20 | G69: 0.5 | J69: =ROUND(F69*G69,2) -> 10
B71: PRÓPRIA | C71: CPU 011 | D71: PORTA METÁLICA, TIPO DE ABRIR, COM UMA (1) FOLHA, EM CHAPA GALVANIZADA LAMBRIL, MODELO QUADRADO, INCLUSIVE PINTURA ANTICORROSIVA A BASE DE ÓXIDO DE FERRO (ZARCÃO), UMA (1) DEMÃO, FORNECIMENTO E ASSENTAMENTO, FECHADURA E DOBRADIÇA COM ESTRUTURA EM TUBO DE AÇO GALVANIZADO TUBULAR 100 X 30MM, E=2,0 MM. | E71: M2 | J71: =SUM(J72:J74) -> 609.68
B72: SEINFRA | C72: ED-23034 | D72: PORTA METÁLICA, TIPO DE ABRIR, COM UMA (1) FOLHA, EM CHAPA GALVANIZADA LAMBRIL, MODELO QUADRADO, INCLUSIVE PINTURA ANTICORROSIVA A BASE DE ÓXIDO DE FERRO (ZARCÃO), UMA (1) DEMÃO, FORNECIMENTO E ASSENTAMENTO, EXCLUSIVE FECHADURA E DOBRADIÇA | E72: m2 | F72: 419.23 | G72: 1.05 | J72: =ROUND(F72*G72,2) -> 440.19
B73: SEINFRA | C73: MATED-21604 | D73: DOBRADIÇA DE FERRO PARA PORTÃO (TIPO: GONZO N°2|DIÂMETRO DO PINO: 3/4"|LARGURA DA ABA: 1"|ACABAMENTO: BICROMATIZADO) | E73: un | F73: 14.04 | G73: 2 | J73: =ROUND(F73*G73,2) -> 28.08
B74: SINAPI - MATERIAL | C74: 38152 | D74: FECHADURA ROSETA REDONDA PARA PORTA EXTERNA, EM ACO INOX (MAQUINA, TESTA E CONTRA-TESTA) E EM ZAMAC (MACANETA, LINGUETA E TRINCOS) COM ACABAMENTO CROMADO, MAQUINA DE 55 MM, INCLUINDO CHAVE TIPO CILINDRO | E74: CJ | F74: 141.41 | G74: 1 | J74: =ROUND(F74*G74,2) -> 141.41
B76: PRÓPRIA | C76: CPU 012 | D76: PORTA METÁLICA, TIPO DE CORRER, COM UMA (1) FOLHA, EM CHAPA GALVANIZADA LAMBRIL, MODELO QUADRADO, INCLUSIVE PINTURA ANTICORROSIVA A BASE DE ÓXIDO DE FERRO (ZARCÃO), UMA (1) DEMÃO, FORNECIMENTO E ASSENTAMENTO, FECHADURA E DOBRADIÇA COM ESTRUTURA EM TUBO DE AÇO GALVANIZADO TUBULAR 100 X 30MM, E=2,0 MM. | E76: M2 | J76: =SUM(J77:J81) -> 694.91
B77: SEINFRA | C77: ED-23034 | D77: PORTA METÁLICA, TIPO DE ABRIR, COM UMA (1) FOLHA, EM CHAPA GALVANIZADA LAMBRIL, MODELO QUADRADO, INCLUSIVE PINTURA ANTICORROSIVA A BASE DE ÓXIDO DE FERRO (ZARCÃO), UMA (1) DEMÃO, FORNECIMENTO E ASSENTAMENTO, EXCLUSIVE FECHADURA E DOBRADIÇA | E77: m2 | F77: 419.23 | G77: 1.03 | J77: =ROUND(F77*G77,2) -> 431.81
B78: SEINFRA | C78: MATED-21604 | D78: DOBRADIÇA DE FERRO PARA PORTÃO (TIPO: GONZO N°2|DIÂMETRO DO PINO: 3/4"|LARGURA DA ABA: 1"|ACABAMENTO: BICROMATIZADO) | E78: un | F78: 14.04 | G78: 2 | J78: =ROUND(F78*G78,2) -> 28.08
B79: SINAPI - MATERIAL | C79: 38152 | D79: FECHADURA ROSETA REDONDA PARA PORTA EXTERNA, EM ACO INOX (MAQUINA, TESTA E CONTRA-TESTA) E EM ZAMAC (MACANETA, LINGUETA E TRINCOS) COM ACABAMENTO CROMADO, MAQUINA DE 55 MM, INCLUINDO CHAVE TIPO CILINDRO | E79: CJ | F79: 141.41 | G79: 1 | J79: =ROUND(F79*G79,2) -> 141.41
B80: SINAPI - MATERIAL | C80: 43605 | D80: TRILHO PANTOGRAFICO RETO, EM ALUMINIO, TIPO U, COM DIMENSOES DE *38 X 38* MM PARA PORTA DE CORRER | E80: M | F80: 44.54 | G80: 1 | J80: =ROUND(F80*G80,2) -> 44.54
B81: SINAPI - MATERIAL | C81: 38179 | D81: ROLDANA CONCAVA DUPLA, 4 RODAS, PARA PORTA DE CORRER, EM ZAMAC COM CHAPA DE ACO, ROLAMENTO INTERNO BLINDADO DE ACO REVESTIDO EM NYLON | E81: UN | F81: 49.07 | G81: 1 | J81: =ROUND(F81*G81,2) -> 49.07
B83: PRÓPRIA | C83: CPU 013 | D83: ESTRUTURA METÁLICA PARA SUPORTE DE VIDRO TEMPERADO | E83: M | J83: =SUM(J84:J87) -> 102.19
B84: CDHU | C84: 15.03.150 | D84: Fornecimento e montagem de estrutura metálica em perfil metalon, sem pintura | E84: KG | F84: 17.34 | G84: 4 | J84: =ROUND(F84*G84,2) -> 69.36
B85: SINAPI - MÃO DE OBRA | C85: 6110 | D85: SERRALHEIRO (HORISTA) | E85: H | F85: 25.86 | G85: 0.5 | J85: =ROUND(F85*G85,2) -> 12.93
B86: SINAPI - MÃO DE OBRA | C86: 252 | D86: AJUDANTE DE SERRALHEIRO (HORISTA) | E86: H | F86: 20 | G86: 0.5 | J86: =ROUND(F86*G86,2) -> 10
B87: SINAPI | C87: 91192 | D87: CHUMBAMENTO PONTUAL EM PASSAGEM DE TUBO COM DIÂMETRO MAIOR QUE 75 MM E MENORES OU IGUAIS A 150 MM. AF_09/2023 | E87: UN | F87: 24.74 | G87: 0.4 | J87: =ROUND(F87*G87,2) -> 9.9
B89: PRÓPRIA | C89: CPU 014 | D89: TELHA TRAPEZOIDAL EM GALVALUME TIPO SANDUÍCHE, NÚCLEO EM PIR 30MM, UMA FACE PINTADA ACABAMENTO RAL 9003, ACABAMENTO INFERIOR EM FORRO EM AÇO GALVALUME ACABAMENTO AMADEIRADO, COM TODOS OS ACESSÓRIOS DE INSTALAÇÃO E MÃO DE OBRA | E89: M2 | J89: =SUM(J90:J95) -> 230.07
B90: ORSE | C90: 09824/ORSE | D90: Massa 3M p/calafetação | E90: KG | F90: 32.66 | G90: 0.004 | J90: =ROUND(F90*G90,2) -> 0.13
B91: ORSE | C91: 14539/ORSE | D91: Telha trapezoidal em galvalume tipo sanduíche, núcleo em PIR 30mm, uma face pintada acabamento RAL 9003, acabamento inferior em forro em aço galvalume acabamento amadeirado, Kingspan-Isoeste ou similar | E91: M² | F91: 199.73 | G91: 1.06 | J91: =ROUND(F91*G91,2) -> 211.71
B92: SEINFRA | C92: ED-50371 | D92: CARPINTEIRO DE ESQUADRIA COM ENCARGOS COMPLEMENTARES | E92: hora | F92: 34.74 | G92: 0.22 | J92: =ROUND(F92*G92,2) -> 7.64
B93: SINAPI - MATERIAL | C93: 4299 | D93: PARAFUSO ZINCADO ROSCA SOBERBA, CABECA SEXTAVADA, 5/16" X 110 MM, PARA FIXACAO DE TELHA EM MADEIRA | E93: UN | F93: 1.3 | G93: 1 | J93: =ROUND(F93*G93,2) -> 1.3
B94: SINAPI - MÃO DE OBRA | C94: 6111 | D94: SERVENTE DE OBRAS (HORISTA) | E94: H | F94: 17.36 | G94: 0.22 | J94: =ROUND(F94*G94,2) -> 3.82
B95: SEINFRA | C95: ED-50361 | D95: AJUDANTE DE CARPINTEIRO COM ENCARGOS COMPLEMENTARES | E95: hora | F95: 24.86 | G95: 0.22 | J95: =ROUND(F95*G95,2) -> 5.47
D102: Mateus Pedro da Silva | F102: Leonardo Mesquita Reis Belico
D103: Engenheiro Civil | F103: Arquiteto e Urbanista

Sheet P.O.
B1: PREFEITURA MUNICIPAL DE CAMBUÍ ESTADO DE MINAS GERAIS GESTÃO 2025 / 2028
B2: PLANILHA ORÇAMENTÁRIA
B3: OBRA: | E3: FORNECIMENTO DE INSUMOS E MÃO-DE-OBRA ESPECIALIZADA PARA EXECUÇÃO DE UMA EDIFICAÇÃO COM SANITÁRIOS, DEPÓSITO E LANCHONETE.
B4: LOCAL: | E4: ESTÁDIO EDMUNDO PACEAU, RUA FELIPE DOS SANTOS, CENTRO, CAMBUÍ, MG
B5: ÁREA CONSTRUÍDA COBERTA:* | E5: 115,47 m² - ÁREA DA EDIFICAÇÃO
B6: SINAPI | D6: 46023 | F6: CONSTRUÇÃO DE EDIFÍCIOS | J6: BDI 1 | K6: 0.2342
B7: SICRO | D7: 45931 | K7: =K6+1 -> 1.2342
B8: SEINFRA | D8: 45931 | F8: NÃO SE APLICA | J8: BDI 2 | K8: 0
B9: CDHU | D9: 45992 | K9: =K8+1 -> 1
B10: ORSE | D10: 01/2026 - 1 | F10: VALOR TOTAL DA OBRA: | J10: =ROUND((SUM(L:L)),2) -> 646717.3
B11: Preços sem desoneração
B12: ITEM | C12: FONTE | D12: CÓDIGO | E12: DESCRIÇÃO DO ITEM | F12: UNIDADE | G12: PREÇO REFERÊNCIA | H12: QUANTIDADE | I12: BDI | J12: PREÇO UNITÁRIO | K12: PREÇO TOTAL | L12: Subtotais dos Eventos:
A14: E | B14: 1 | E14: SERVIÇOS PRELIMINARES | L14: =ROUND(SUM(K15:K19),2) -> 6478.56
A15: S | B15: 1.1 | C15: SINAPI | D15: 103689 | E15: FORNECIMENTO E INSTALAÇÃO DE PLACA DE OBRA COM CHAPA GALVANIZADA E ESTRUTURA DE MADEIRA. AF_03/2022_PS | F15: M2 | G15: 427.4 | H15: 4.5 | I15: =$K$6 -> 0.2342 | J15: =ROUND((G15*$K$7),2) -> 527.5 | K15: =ROUND((H15*J15),2) -> 2373.75
A16: S | B16: 1.2 | C16: SINAPI | D16: 103694 | E16: FORNECIMENTO E INSTALAÇÃO DE SUPORTE DE MADEIRA PARA PLACAS DE SINALIZAÇÃO, EM SOLO, COM H= DE 2,5 M E SEÇÃO DE 7,5 X 7,5 CM. AF_03/2022 | F16: UN | G16: 116.47 | H16: 2 | I16: =$K$6 -> 0.2342 | J16: =ROUND((G16*$K$7),2) -> 143.75 | K16: =ROUND((H16*J16),2) -> 287.5
A17: S | B17: 1.3 | C17: SEINFRA | D17: ED-50151 | E17: LIGAÇÃO PROVISÓRIA COM ENTRADA DE ENERGIA AÉREA, PADRÃO CEMIG, CARGA INSTALADA DE 15,1KVA ATÉ 30KVA, TRIFÁSICO, COM SAÍDA SUBTERRÂNEA, INCLUSIVE POSTE, CAIXA PARA MEDIDOR, DISJUNTOR, BARRAMENTO, ATERRAMENTO E ACESSÓRIOS | F17: un | G17: 830.96 | H17: 1 | I17: =$K$6 -> 0.2342 | J17: =ROUND((G17*$K$7),2) -> 1025.57 | K17: =ROUND((H17*J17),2) -> 1025.57
A18: S | B18: 1.4 | C18: SEINFRA | D18: ED-50150 | E18: LIGAÇÃO DE ÁGUA PROVISÓRIA PARA CANTEIRO, INCLUSIVE HIDRÔMETRO E CAVALETE PARA MEDIÇÃO DE ÁGUA - ENTRADA PRINCIPAL, EM AÇO GALVANIZADO DN 20MM (1/2") - PADRÃO CONCESSIONÁRIA | F18: un | G18: 593.02 | H18: 1 | I18: =$K$6 -> 0.2342 | J18: =ROUND((G18*$K$7),2) -> 731.91 | K18: =ROUND((H18*J18),2) -> 731.91
A19: S | B19: 1.5 | C19: SEINFRA | D19: ED-50137 | E19: MOBILIZAÇÃO E DESMOBILIZAÇÃO DE CONTAINER, INCLUSIVE CARGA, DESCARGA E TRANSPORTE EM CAMINHÃO CARROCERIA COM GUINDAUTO (MUNCK), EXCLUSIVE LOCAÇÃO DO CONTAINER | F19: un | G19: 1668.96 | H19: 1 | I19: =$K$6 -> 0.2342 | J19: =ROUND((G19*$K$7),2) -> 2059.83 | K19: =ROUND((H19*J19),2) -> 2059.83
A21: E | B21: 2 | E21: ISOLAMENTO DA OBRA | L21: =ROUND(SUM(K22:K23),2) -> 16975.76
A22: S | B22: 2.1 | C22: SEINFRA | D22: ED-29823 | E22: TAPUME FIXO DE PROTEÇÃO PARA FECHAMENTO DE OBRA EM TELHA METÁLICA GALVANIZADA, TIPO TRAPEZOIDAL, ESP. 0,5MM, COM MÓDULO NA DIMENSÃO DE (300X220)CM, COM REAPROVEITAMENTO, EXCLUSIVE PINTURA ESMALTE, INCLUSIVE PONTALETE E FIXAÇÃO | F22: m2 | G22: 67.23 | H22: 170.04 | I22: =$K$6 -> 0.2342 | J22: =ROUND((G22*$K$7),2) -> 82.98 | K22: =ROUND((H22*J22),2) -> 14109.92
A23: S | B23: 2.2 | C23: SEINFRA | D23: ED-14457 | E23: PORTÃO PARA TAPUME FIXO DE PROTEÇÃO COM FECHAMENTO DE OBRA EM TELHA METÁLICA GALVANIZADA, TIPO TRAPEZOIDAL ESP. 0,5MM, COM MÓDULO NA DIMENSÃO DE (300X220)CM, EXCLUSIVE PINTURA ESMALTE | F23: m2 | G23: 193.5 | H23: 12 | I23: =$K$6 -> 0.2342 | J23: =ROUND((G23*$K$7),2) -> 238.82 | K23: =ROUND((H23*J23),2) -> 2865.84
A25: E | B25: 3 | E25: LOCAÇÕES DE EQUIPAMENTOS | L25: =ROUND(SUM(K26:K27),2) -> 31776.78
A26: S | B26: 3.1 | C26: SEINFRA | D26: ED-50155 | E26: LOCAÇÃO DE BANHEIRO QUÍMICO, DIMENSÃO (110X120X230)CM, LINHA PADRÃO, CONTENDO UMA (1) PIA/HIGIENIZADOR DE MÃOS, INCLUSIVE MANUTENÇÃO E MOBILIZAÇÃO/DESMOBILIZAÇÃO | F26: mês | G26: 1050 | H26: 14 | I26: =$K$6 -> 0.2342 | J26: =ROUND((G26*$K$7),2) -> 1295.91 | K26: =ROUND((H26*J26),2) -> 18142.74
A27: S | B27: 3.2 | C27: SINAPI - EQUIPAMENTO (LOCAÇÃO) | D27: 10776 | E27: LOCACAO DE CONTAINER 2,30 X 6,00 M, ALT. 2,50 M, PARA ESCRITORIO, SEM DIVISORIAS INTERNAS E SEM SANITARIO (NAO INCLUI MOBILIZACAO/DESMOBILIZACAO) | F27: MES | G27: 789.06 | H27: 14 | I27: =$K$6 -> 0.2342 | J27: =ROUND((G27*$K$7),2) -> 973.86 | K27: =ROUND((H27*J27),2) -> 13634.04
A29: E | B29: 4 | E29: LOCAÇÃO DE OBRAS | L29: =ROUND(SUM(K30:K31),2) -> 8597.07
A30: S | B30: 4.1 | C30: SINAPI | D30: 99059 | E30: LOCAÇÃO CONVENCIONAL DE OBRA, UTILIZANDO GABARITO DE TÁBUAS CORRIDAS PONTALETADAS A CADA 2,00M - 2 UTILIZAÇÕES. AF_03/2024 | F30: M | G30: 74.82 | H30: 59.77 | I30: =$K$6 -> 0.2342 | J30: =ROUND((G30*$K$7),2) -> 92.34 | K30: =ROUND((H30*J30),2) -> 5519.16
A31: S | B31: 4.2 | C31: SEINFRA | D31: ED-50275 | E31: LOCAÇÃO TOPOGRÁFICA DE VINTE UM (21) ATÉ CINQUENTA (50) PONTOS REFERENCIAIS, INCLUSIVE ESTACA (PIQUETE) DE MARCAÇÃO | F31: un | G31: 75.57 | H31: 33 | I31: =$K$6 -> 0.2342 | J31: =ROUND((G31*$K$7),2) -> 93.27 | K31: =ROUND((H31*J31),2) -> 3077.91
A33: E | B33: 5 | E33: ADMINISTRAÇÃO LOCAL | L33: =ROUND(SUM(K34),2) -> 51960.44
A34: S | B34: 5.1 | C34: PRÓPRIA | D34: CPU 001 | E34: ADMINISTRAÇÃO LOCAL | F34: MÊS | G34: 3007.18 | H34: 14 | I34: =$K$6 -> 0.2342 | J34: =ROUND((G34*$K$7),2) -> 3711.46 | K34: =ROUND((H34*J34),2) -> 51960.44
A36: E | B36: 6 | E36: FUNDAÇÃO - ESTACAS | L36: =ROUND(SUM(K37:K43),2) -> 22965.33
A37: S | B37: 6.1 | C37: PRÓPRIA | D37: CPU 005 | E37: EXECUÇÃO DE ESTACA TIPO HÉLICE CONTÍNUA, DIÂMETRO 25CM, INCLUSIVE AFASTAMENTO LATERAL, EXCLUSIVE ARMAÇÃO, CONCRETO ESTRUTURAL, TRANSPORTE E RETIRADA DO MATERIAL ESCAVADO | F37: m | G37: 44.86 | H37: 165 | I37: =$K$6 -> 0.2342 | J37: =ROUND((G37*$K$7),2) -> 55.37 | K37: =ROUND((H37*J37),2) -> 9136.05
A38: S | B38: 6.2 | C38: SEINFRA | D38: ED-29550 | E38: CORTE, DOBRA E MONTAGEM DE AÇO CA-50, DIÂMETRO 8MM, INCLUSIVE ESPAÇADOR | F38: Kg | G38: 13.94 | H38: 195.3 | I38: =$K$6 -> 0.2342 | J38: =ROUND((G38*$K$7),2) -> 17.2 | K38: =ROUND((H38*J38),2) -> 3359.16
A39: S | B39: 6.3 | C39: SEINFRA | D39: ED-29548 | E39: CORTE, DOBRA E MONTAGEM DE AÇO CA-60, DIÂMETRO 5MM, INCLUSIVE ESPAÇADOR | F39: Kg | G39: 14.28 | H39: 42.4 | I39: =$K$6 -> 0.2342 | J39: =ROUND((G39*$K$7),2) -> 17.62 | K39: =ROUND((H39*J39),2) -> 747.09
A40: S | B40: 6.4 | C40: SEINFRA | D40: ED-32124 | E40: FORNECIMENTO DE CONCRETO ESTRUTURAL, USINADO BOMBEADO, COM FCK 30MPA, CONSUMO MÍNIMO DE CIMENTO DE 400KG/M3, INCLUSIVE LANÇAMENTO, ADENSAMENTO E ACABAMENTO (FUNDAÇÃO) | F40: m3 | G40: 731.98 | H40: 10.23 | I40: =$K$6 -> 0.2342 | J40: =ROUND((G40*$K$7),2) -> 903.41 | K40: =ROUND((H40*J40),2) -> 9241.88
A41: S | B41: 6.5 | C41: SICRO | D41: 2306247 | E41: Arrasamento de estacas de concreto com seção de até 900 cm² | F41: m³ | G41: 268.43 | H41: 0.65 | I41: =$K$6 -> 0.2342 | J41: =ROUND((G41*$K$7),2) -> 331.3 | K41: =ROUND((H41*J41),2) -> 215.35
A42: S | B42: 6.6 | C42: SINAPI | D42: 100981 | E42: CARGA, MANOBRA E DESCARGA DE ENTULHO EM CAMINHÃO BASCULANTE 6 M³ - CARGA COM ESCAVADEIRA HIDRÁULICA (CAÇAMBA DE 0,80 M³ / 111 HP) E DESCARGA LIVRE (UNIDADE: M3). AF_07/2020 | F42: M3 | G42: 9.75 | H42: 10.88 | I42: =$K$6 -> 0.2342 | J42: =ROUND((G42*$K$7),2) -> 12.03 | K42: =ROUND((H42*J42),2) -> 130.89
A43: S | B43: 6.7 | C43: SEINFRA | D43: ED-29232 | E43: TRANSPORTE DE MATERIAL DE QUALQUER NATUREZA EM CAMINHÃO, DISTÂNCIA MAIOR QUE 5KM E MENOR OU IGUAL A 10KM, DENTRO DO PERÍMETRO URBANO, EXCLUSIVE CARGA, INCLUSIVE DESCARGA | F43: M3xKM | G43: 2.01 | H43: 54.4 | I43: =$K$6 -> 0.2342 | J43: =ROUND((G43*$K$7),2) -> 2.48 | K43: =ROUND((H43*J43),2) -> 134.91
A45: E | B45: 7 | E45: BLOCOS DE COROAMENTO, VIGAS BALDRAMES E ARRANQUES DE PILARES - PAV. TÉRREO | L45: =ROUND(SUM(K46:K54),2) -> 26748.35
A46: S | B46: 7.1 | C46: SEINFRA | D46: ED-29552 | E46: CORTE, DOBRA E MONTAGEM DE AÇO CA-50, DIÂMETRO 12,5MM, INCLUSIVE ESPAÇADOR | F46: Kg | G46: 12.99 | H46: 28.3 | I46: 0.2312 | J46: =ROUND((G46*$K$7),2) -> 16.03 | K46: =ROUND((H46*J46),2) -> 453.65
A47: S | B47: 7.2 | C47: SEINFRA | D47: ED-29551 | E47: CORTE, DOBRA E MONTAGEM DE AÇO CA-50, DIÂMETRO 10MM, INCLUSIVE ESPAÇADOR | F47: Kg | G47: 13.52 | H47: 123.1 | I47: 0.2312 | J47: =ROUND((G47*$K$7),2) -> 16.69 | K47: =ROUND((H47*J47),2) -> 2054.54
A48: S | B48: 7.3 | C48: SEINFRA | D48: ED-29550 | E48: CORTE, DOBRA E MONTAGEM DE AÇO CA-50, DIÂMETRO 8MM, INCLUSIVE ESPAÇADOR | F48: Kg | G48: 13.94 | H48: 115.7 | I48: 0.2312 | J48: =ROUND((G48*$K$7),2) -> 17.2 | K48: =ROUND((H48*J48),2) -> 1990.04
A49: S | B49: 7.4 | C49: SEINFRA | D49: ED-29548 | E49: CORTE, DOBRA E MONTAGEM DE AÇO CA-60, DIÂMETRO 5MM, INCLUSIVE ESPAÇADOR | F49: Kg | G49: 14.28 | H49: 120.2 | I49: 0.2312 | J49: =ROUND((G49*$K$7),2) -> 17.62 | K49: =ROUND((H49*J49),2) -> 2117.92
A50: S | B50: 7.5 | C50: SINAPI | D50: 96622 | E50: LASTRO COM MATERIAL GRANULAR, APLICADO EM PISOS OU LAJES SOBRE SOLO, ESPESSURA DE *5 CM*. AF_01/2024 | F50: M3 | G50: 263.4 | H50: 0.87 | I50: 0.2312 | J50: =ROUND((G50*$K$7),2) -> 325.09 | K50: =ROUND((H50*J50),2) -> 282.83
A51: S | B51: 7.6 | C51: SINAPI | D51: 96523 | E51: ESCAVAÇÃO MANUAL PARA BLOCO DE COROAMENTO OU SAPATA (INCLUINDO ESCAVAÇÃO PARA COLOCAÇÃO DE FÔRMAS). AF_01/2024 | F51: M3 | G51: 104.3 | H51: 8.4 | I51: 0.2312 | J51: =ROUND((G51*$K$7),2) -> 128.73 | K51: =ROUND((H51*J51),2) -> 1081.33
A52: S | B52: 7.7 | C52: SINAPI | D52: 96531 | E52: FABRICAÇÃO, MONTAGEM E DESMONTAGEM DE FÔRMA PARA BLOCO DE COROAMENTO, EM MADEIRA SERRADA, E=25 MM, 2 UTILIZAÇÕES. AF_01/2024 | F52: M2 | G52: 108.81 | H52: 86.16 | I52: 0.2312 | J52: =ROUND((G52*$K$7),2) -> 134.29 | K52: =ROUND((H52*J52),2) -> 11570.43
A53: S | B53: 7.8 | C53: SEINFRA | D53: ED-49806 | E53: FORNECIMENTO DE CONCRETO ESTRUTURAL, USINADO BOMBEADO, COM FCK 30MPA, INCLUSIVE LANÇAMENTO, ADENSAMENTO E ACABAMENTO (FUNDAÇÃO) | F53: m3 | G53: 701.24 | H53: 7.53 | I53: 0.2312 | J53: =ROUND((G53*$K$7),2) -> 865.47 | K53: =ROUND((H53*J53),2) -> 6516.99
A54: S | B54: 7.9 | C54: SEINFRA | D54: ED-50174 | E54: IMPERMEABILIZAÇÃO COM EMULSÃO ASFÁLTICA, DUAS (2) DEMÃOS | F54: m2 | G54: 33.34 | H54: 16.54 | I54: 0.2312 | J54: =ROUND((G54*$K$7),2) -> 41.15 | K54: =ROUND((H54*J54),2) -> 680.62
A56: E | B56: 8 | E56: PILARES DO PAV. COBERTURA | L56: =ROUND(SUM(K57:K61),2) -> 14700.28
A57: S | B57: 8.1 | C57: SEINFRA | D57: ED-29552 | E57: CORTE, DOBRA E MONTAGEM DE AÇO CA-50, DIÂMETRO 12,5MM, INCLUSIVE ESPAÇADOR | F57: Kg | G57: 12.99 | H57: 75.9 | I57: =$K$6 -> 0.2342 | J57: =ROUND((G57*$K$7),2) -> 16.03 | K57: =ROUND((H57*J57),2) -> 1216.68
A58: S | B58: 8.2 | C58: SEINFRA | D58: ED-29551 | E58: CORTE, DOBRA E MONTAGEM DE AÇO CA-50, DIÂMETRO 10MM, INCLUSIVE ESPAÇADOR | F58: Kg | G58: 13.52 | H58: 143.4 | I58: =$K$6 -> 0.2342 | J58: =ROUND((G58*$K$7),2) -> 16.69 | K58: =ROUND((H58*J58),2) -> 2393.35
A59: S | B59: 8.3 | C59: SEINFRA | D59: ED-29548 | E59: CORTE, DOBRA E MONTAGEM DE AÇO CA-60, DIÂMETRO 5MM, INCLUSIVE ESPAÇADOR | F59: Kg | G59: 14.28 | H59: 70.8 | I59: =$K$6 -> 0.2342 | J59: =ROUND((G59*$K$7),2) -> 17.62 | K59: =ROUND((H59*J59),2) -> 1247.5
A60: S | B60: 8.4 | C60: SEINFRA | D60: ED-31566 | E60: FÔRMA E DESFORMA PARA PILAR COM CHAPA DE COMPENSADO RESINADO, ESP. 14MM, REAPROVEITAMENTO (3X), EXCLUSIVE ESCORAMENTO | F60: m2 | G60: 94.86 | H60: 58.66 | I60: =$K$6 -> 0.2342 | J60: =ROUND((G60*$K$7),2) -> 117.08 | K60: =ROUND((H60*J60),2) -> 6867.91
A61: S | B61: 8.5 | C61: SEINFRA | D61: ED-49619 | E61: FORNECIMENTO DE CONCRETO ESTRUTURAL, PREPARADO EM OBRA, COM FCK 25MPA, INCLUSIVE LANÇAMENTO, ADENSAMENTO E ACABAMENTO | F61: m3 | G61: 839.84 | H61: 2.87 | I61: =$K$6 -> 0.2342 | J61: =ROUND((G61*$K$7),2) -> 1036.53 | K61: =ROUND((H61*J61),2) -> 2974.84
A63: E | B63: 9 | E63: VIGAS E LAJES DO PAV. COBERTURA | L63: =ROUND(SUM(K64:K71),2) -> 37372.43
A64: S | B64: 9.1 | C64: SEINFRA | D64: ED-29551 | E64: CORTE, DOBRA E MONTAGEM DE AÇO CA-50, DIÂMETRO 10MM, INCLUSIVE ESPAÇADOR | F64: Kg | G64: 13.52 | H64: 159.2 | I64: =$K$6 -> 0.2342 | J64: =ROUND((G64*$K$7),2) -> 16.69 | K64: =ROUND((H64*J64),2) -> 2657.05
A65: S | B65: 9.2 | C65: SEINFRA | D65: ED-29550 | E65: CORTE, DOBRA E MONTAGEM DE AÇO CA-50, DIÂMETRO 8MM, INCLUSIVE ESPAÇADOR | F65: Kg | G65: 13.94 | H65: 45.1 | I65: =$K$6 -> 0.2342 | J65: =ROUND((G65*$K$7),2) -> 17.2 | K65: =ROUND((H65*J65),2) -> 775.72
A66: S | B66: 9.3 | C66: SEINFRA | D66: ED-29548 | E66: CORTE, DOBRA E MONTAGEM DE AÇO CA-60, DIÂMETRO 5MM, INCLUSIVE ESPAÇADOR | F66: Kg | G66: 14.28 | H66: 63.8 | I66: =$K$6 -> 0.2342 | J66: =ROUND((G66*$K$7),2) -> 17.62 | K66: =ROUND((H66*J66),2) -> 1124.16
A67: S | B67: 9.4 | C67: SINAPI | D67: 92452 | E67: MONTAGEM E DESMONTAGEM DE FÔRMA DE VIGA, ESCORAMENTO METÁLICO, PÉ-DIREITO SIMPLES, EM CHAPA DE MADEIRA RESINADA, 2 UTILIZAÇÕES. AF_09/2020 | F67: M2 | G67: 187.84 | H67: 55.35 | I67: =$K$6 -> 0.2342 | J67: =ROUND((G67*$K$7),2) -> 231.83 | K67: =ROUND((H67*J67),2) -> 12831.79
A68: S | B68: 9.5 | C68: SEINFRA | D68: ED-49638 | E68: FORNECIMENTO DE CONCRETO ESTRUTURAL, USINADO BOMBEADO, COM FCK 25MPA, INCLUSIVE LANÇAMENTO, ADENSAMENTO E ACABAMENTO | F68: m3 | G68: 697.36 | H68: 4.04 | I68: =$K$6 -> 0.2342 | J68: =ROUND((G68*$K$7),2) -> 860.68 | K68: =ROUND((H68*J68),2) -> 3477.15
A69: S | B69: 9.6 | C69: CDHU - SERVIÇOS | D69: 13.01.130 | E69: Laje pré-fabricada mista vigota treliçada/lajota cerâmica - LT 12 (8+4) e capa com concreto de 25 MPa | F69: M2 | G69: 153.71 | H69: 65.95 | I69: =$K$6 -> 0.2342 | J69: =ROUND((G69*$K$7),2) -> 189.71 | K69: =ROUND((H69*J69),2) -> 12511.37
A70: S | B70: 9.7 | C70: CDHU - SERVIÇOS | D70: 13.01.150 | E70: Laje pré-fabricada mista vigota treliçada/lajota cerâmica - LT 16 (12+4) e capa com concreto de 25 MPa | F70: M2 | G70: 164.62 | H70: 8.98 | I70: =$K$6 -> 0.2342 | J70: =ROUND((G70*$K$7),2) -> 203.17 | K70: =ROUND((H70*J70),2) -> 1824.47
A71: S | B71: 9.8 | C71: SEINFRA | D71: ED-19637 | E71: CIMBRAMENTO PARA LAJE PRÉ-MOLDADA COM ESCORAMENTO METÁLICO, TIPO "A", ALTURA DE (200 ATÉ 310)CM, INCLUSIVE DESCARGA, MONTAGEM, DESMONTAGEM E CARGA | F71: m2xmês | G71: 23.47 | H71: 74.93 | I71: =$K$6 -> 0.2342 | J71: =ROUND((G71*$K$7),2) -> 28.97 | K71: =ROUND((H71*J71),2) -> 2170.72
A73: E | B73: 10 | E73: PILARES DO RESPALDO (CAIXA D'ÁGUA) | L73: =ROUND(SUM(K74:K77),2) -> 2083.93
A74: S | B74: 10.1 | C74: SEINFRA | D74: ED-29551 | E74: CORTE, DOBRA E MONTAGEM DE AÇO CA-50, DIÂMETRO 10MM, INCLUSIVE ESPAÇADOR | F74: Kg | G74: 13.52 | H74: 25.4 | I74: =$K$6 -> 0.2342 | J74: =ROUND((G74*$K$7),2) -> 16.69 | K74: =ROUND((H74*J74),2) -> 423.93
A75: S | B75: 10.2 | C75: SEINFRA | D75: ED-29548 | E75: CORTE, DOBRA E MONTAGEM DE AÇO CA-60, DIÂMETRO 5MM, INCLUSIVE ESPAÇADOR | F75: Kg | G75: 14.28 | H75: 10.1 | I75: =$K$6 -> 0.2342 | J75: =ROUND((G75*$K$7),2) -> 17.62 | K75: =ROUND((H75*J75),2) -> 177.96
A76: S | B76: 10.3 | C76: SEINFRA | D76: ED-31566 | E76: FÔRMA E DESFORMA PARA PILAR COM CHAPA DE COMPENSADO RESINADO, ESP. 14MM, REAPROVEITAMENTO (3X), EXCLUSIVE ESCORAMENTO | F76: m2 | G76: 94.86 | H76: 8.94 | I76: =$K$6 -> 0.2342 | J76: =ROUND((G76*$K$7),2) -> 117.08 | K76: =ROUND((H76*J76),2) -> 1046.7
A77: S | B77: 10.4 | C77: SEINFRA | D77: ED-49619 | E77: FORNECIMENTO DE CONCRETO ESTRUTURAL, PREPARADO EM OBRA, COM FCK 25MPA, INCLUSIVE LANÇAMENTO, ADENSAMENTO E ACABAMENTO | F77: m3 | G77: 839.84 | H77: 0.42 | I77: =$K$6 -> 0.2342 | J77: =ROUND((G77*$K$7),2) -> 1036.53 | K77: =ROUND((H77*J77),2) -> 435.34
A79: E | B79: 11 | E79: VIGAS DO RESPALDO (CAIXA D'ÁGUA) | L79: =ROUND(SUM(K80:K83),2) -> 3094.84
A80: S | B80: 11.1 | C80: SEINFRA | D80: ED-29550 | E80: CORTE, DOBRA E MONTAGEM DE AÇO CA-50, DIÂMETRO 8MM, INCLUSIVE ESPAÇADOR | F80: Kg | G80: 13.94 | H80: 29 | I80: =$K$6 -> 0.2342 | J80: =ROUND((G80*$K$7),2) -> 17.2 | K80: =ROUND((H80*J80),2) -> 498.8
A81: S | B81: 11.2 | C81: SEINFRA | D81: ED-29548 | E81: CORTE, DOBRA E MONTAGEM DE AÇO CA-60, DIÂMETRO 5MM, INCLUSIVE ESPAÇADOR | F81: Kg | G81: 14.28 | H81: 16.6 | I81: =$K$6 -> 0.2342 | J81: =ROUND((G81*$K$7),2) -> 17.62 | K81: =ROUND((H81*J81),2) -> 292.49
A82: S | B82: 11.3 | C82: SINAPI | D82: 92452 | E82: MONTAGEM E DESMONTAGEM DE FÔRMA DE VIGA, ESCORAMENTO METÁLICO, PÉ-DIREITO SIMPLES, EM CHAPA DE MADEIRA RESINADA, 2 UTILIZAÇÕES. AF_09/2020 | F82: M2 | G82: 187.84 | H82: 8.34 | I82: =$K$6 -> 0.2342 | J82: =ROUND((G82*$K$7),2) -> 231.83 | K82: =ROUND((H82*J82),2) -> 1933.46
A83: S | B83: 11.4 | C83: SEINFRA | D83: ED-49638 | E83: FORNECIMENTO DE CONCRETO ESTRUTURAL, USINADO BOMBEADO, COM FCK 25MPA, INCLUSIVE LANÇAMENTO, ADENSAMENTO E ACABAMENTO | F83: m3 | G83: 697.36 | H83: 0.43 | I83: =$K$6 -> 0.2342 | J83: =ROUND((G83*$K$7),2) -> 860.68 | K83: =ROUND((H83*J83),2) -> 370.09
A85: E | B85: 12 | E85: ESTRUTURA DOS MUROS DE DIVISA - ESTACAS | L85: =ROUND(SUM(K86:K89),2) -> 1414.58
A86: S | B86: 12.1 | C86: SEINFRA | D86: ED-29801 | E86: PERFURAÇÃO MANUAL DE ESTACA TIPO BROCA A TRADO, INCLUSIVE AFASTAMENTO, EXCLUSIVE ARMAÇÃO, CONCRETO ESTRUTURAL, TRANSPORTE E RETIRADA DO MATERIAL ESCAVADO | F86: m3 | G86: 251.88 | H86: 0.75 | I86: =$K$6 -> 0.2342 | J86: =ROUND((G86*$K$7),2) -> 310.87 | K86: =ROUND((H86*J86),2) -> 233.15
A87: S | B87: 12.2 | C87: SEINFRA | D87: ED-29550 | E87: CORTE, DOBRA E MONTAGEM DE AÇO CA-50, DIÂMETRO 8MM, INCLUSIVE ESPAÇADOR | F87: Kg | G87: 13.94 | H87: 19.7 | I87: =$K$6 -> 0.2342 | J87: =ROUND((G87*$K$7),2) -> 17.2 | K87: =ROUND((H87*J87),2) -> 338.84
A88: S | B88: 12.3 | C88: SEINFRA | D88: ED-29548 | E88: CORTE, DOBRA E MONTAGEM DE AÇO CA-60, DIÂMETRO 5MM, INCLUSIVE ESPAÇADOR | F88: Kg | G88: 14.28 | H88: 3.7 | I88: =$K$6 -> 0.2342 | J88: =ROUND((G88*$K$7),2) -> 17.62 | K88: =ROUND((H88*J88),2) -> 65.19
A89: S | B89: 12.4 | C89: SEINFRA | D89: ED-49619 | E89: FORNECIMENTO DE CONCRETO ESTRUTURAL, PREPARADO EM OBRA, COM FCK 25MPA, INCLUSIVE LANÇAMENTO, ADENSAMENTO E ACABAMENTO | F89: m3 | G89: 839.84 | H89: 0.75 | I89: =$K$6 -> 0.2342 | J89: =ROUND((G89*$K$7),2) -> 1036.53 | K89: =ROUND((H89*J89),2) -> 777.4
A91: E | B91: 13 | E91: ESTRUTURA DOS MUROS DE DIVISA - BLOCOS, VIGAS E ARRANQUES | L91: =ROUND(SUM(K92:K96),2) -> 3997.48
A92: S | B92: 13.1 | C92: SINAPI | D92: 96523 | E92: ESCAVAÇÃO MANUAL PARA BLOCO DE COROAMENTO OU SAPATA (INCLUINDO ESCAVAÇÃO PARA COLOCAÇÃO DE FÔRMAS). AF_01/2024 | F92: M3 | G92: 104.3 | H92: 1.35 | I92: =$K$6 -> 0.2342 | J92: =ROUND((G92*$K$7),2) -> 128.73 | K92: =ROUND((H92*J92),2) -> 173.79
A93: S | B93: 13.2 | C93: SEINFRA | D93: ED-29550 | E93: CORTE, DOBRA E MONTAGEM DE AÇO CA-50, DIÂMETRO 8MM, INCLUSIVE ESPAÇADOR | F93: Kg | G93: 13.94 | H93: 19.6 | I93: =$K$6 -> 0.2342 | J93: =ROUND((G93*$K$7),2) -> 17.2 | K93: =ROUND((H93*J93),2) -> 337.12
A94: S | B94: 13.3 | C94: SEINFRA | D94: ED-29548 | E94: CORTE, DOBRA E MONTAGEM DE AÇO CA-60, DIÂMETRO 5MM, INCLUSIVE ESPAÇADOR | F94: Kg | G94: 14.28 | H94: 20.6 | I94: =$K$6 -> 0.2342 | J94: =ROUND((G94*$K$7),2) -> 17.62 | K94: =ROUND((H94*J94),2) -> 362.97
A95: S | B95: 13.4 | C95: SEINFRA | D95: ED-49619 | E95: FORNECIMENTO DE CONCRETO ESTRUTURAL, PREPARADO EM OBRA, COM FCK 25MPA, INCLUSIVE LANÇAMENTO, ADENSAMENTO E ACABAMENTO | F95: m3 | G95: 839.84 | H95: 1.35 | I95: =$K$6 -> 0.2342 | J95: =ROUND((G95*$K$7),2) -> 1036.53 | K95: =ROUND((H95*J95),2) -> 1399.32
A96: S | B96: 13.5 | C96: SINAPI | D96: 96531 | E96: FABRICAÇÃO, MONTAGEM E DESMONTAGEM DE FÔRMA PARA BLOCO DE COROAMENTO, EM MADEIRA SERRADA, E=25 MM, 2 UTILIZAÇÕES. AF_01/2024 | F96: M2 | G96: 108.81 | H96: 12.84 | I96: =$K$6 -> 0.2342 | J96: =ROUND((G96*$K$7),2) -> 134.29 | K96: =ROUND((H96*J96),2) -> 1724.28
A98: E | B98: 14 | E98: ESTRUTURA DOS MUROS DE DIVISA - PILARES E VIGAS | L98: =ROUND(SUM(K99:K103),2) -> 3447.16
A99: S | B99: 14.1 | C99: SEINFRA | D99: ED-31566 | E99: FÔRMA E DESFORMA PARA PILAR COM CHAPA DE COMPENSADO RESINADO, ESP. 14MM, REAPROVEITAMENTO (3X), EXCLUSIVE ESCORAMENTO | F99: m2 | G99: 94.86 | H99: 10.3 | I99: =$K$6 -> 0.2342 | J99: =ROUND((G99*$K$7),2) -> 117.08 | K99: =ROUND((H99*J99),2) -> 1205.92
A100: S | B100: 14.2 | C100: SINAPI | D100: 92452 | E100: MONTAGEM E DESMONTAGEM DE FÔRMA DE VIGA, ESCORAMENTO METÁLICO, PÉ-DIREITO SIMPLES, EM CHAPA DE MADEIRA RESINADA, 2 UTILIZAÇÕES. AF_09/2020 | F100: M2 | G100: 187.84 | H100: 2.97 | I100: =$K$6 -> 0.2342 | J100: =ROUND((G100*$K$7),2) -> 231.83 | K100: =ROUND((H100*J100),2) -> 688.54
A101: S | B101: 14.3 | C101: SEINFRA | D101: ED-29550 | E101: CORTE, DOBRA E MONTAGEM DE AÇO CA-50, DIÂMETRO 8MM, INCLUSIVE ESPAÇADOR | F101: Kg | G101: 13.94 | H101: 32 | I101: =$K$6 -> 0.2342 | J101: =ROUND((G101*$K$7),2) -> 17.2 | K101: =ROUND((H101*J101),2) -> 550.4
A102: S | B102: 14.4 | C102: SEINFRA | D102: ED-29548 | E102: CORTE, DOBRA E MONTAGEM DE AÇO CA-60, DIÂMETRO 5MM, INCLUSIVE ESPAÇADOR | F102: Kg | G102: 14.28 | H102: 21 | I102: =$K$6 -> 0.2342 | J102: =ROUND((G102*$K$7),2) -> 17.62 | K102: =ROUND((H102*J102),2) -> 370.02
A103: S | B103: 14.5 | C103: SEINFRA | D103: ED-49619 | E103: FORNECIMENTO DE CONCRETO ESTRUTURAL, PREPARADO EM OBRA, COM FCK 25MPA, INCLUSIVE LANÇAMENTO, ADENSAMENTO E ACABAMENTO | F103: m3 | G103: 839.84 | H103: 0.61 | I103: =$K$6 -> 0.2342 | J103: =ROUND((G103*$K$7),2) -> 1036.53 | K103: =ROUND((H103*J103),2) -> 632.28
A105: E | B105: 15 | E105: COMPACTAÇÃO DE SOLO | L105: =ROUND(SUM(K106),2) -> 1304.24
A106: S | B106: 15.1 | C106: SEINFRA | D106: ED-51123 | E106: REGULARIZAÇÃO MANUAL E COMPACTAÇÃO MECANIZADA DE TERRENO COM PLACA VIBRATÓRIA, EXCLUSIVE DESMATAMENTO, DESTOCAMENTO, LIMPEZA/ROÇADA DO TERRENO | F106: m2 | G106: 5.77 | H106: 183.18 | I106: =$K$6 -> 0.2342 | J106: =ROUND((G106*$K$7),2) -> 7.12 | K106: =ROUND((H106*J106),2) -> 1304.24
A108: E | B108: 16 | E108: ALVENARIA EDIFICAÇÃO ATÉ ALTURA DE 1,50M | L108: =ROUND(SUM(K109),2) -> 12257.33
A109: S | B109: 16.1 | C109: SINAPI | D109: 103318 | E109: ALVENARIA DE VEDAÇÃO DE BLOCOS VAZADOS DE CONCRETO DE 14X19X39 CM (ESPESSURA 14 CM) E ARGAMASSA DE ASSENTAMENTO COM PREPARO EM BETONEIRA. AF_12/2021 | F109: M2 | G109: 109.96 | H109: 90.32 | I109: =$K$6 -> 0.2342 | J109: =ROUND((G109*$K$7),2) -> 135.71 | K109: =ROUND((H109*J109),2) -> 12257.33
A111: E | B111: 17 | E111: ALVENARIA EDIFICAÇÃO FINAL | L111: =ROUND(SUM(K112),2) -> 21626.75
A112: S | B112: 17.1 | C112: SINAPI | D112: 103318 | E112: ALVENARIA DE VEDAÇÃO DE BLOCOS VAZADOS DE CONCRETO DE 14X19X39 CM (ESPESSURA 14 CM) E ARGAMASSA DE ASSENTAMENTO COM PREPARO EM BETONEIRA. AF_12/2021 | F112: M2 | G112: 109.96 | H112: 159.36 | I112: =$K$6 -> 0.2342 | J112: =ROUND((G112*$K$7),2) -> 135.71 | K112: =ROUND((H112*J112),2) -> 21626.75
A114: E | B114: 18 | E114: ALVENARIA BANCO ORNAMENTAL | L114: =K115+K116 -> 2046.55
A115: S | B115: 18.1 | C115: SINAPI | D115: 101159 | E115: ALVENARIA DE VEDAÇÃO DE BLOCOS CERÂMICOS MACIÇOS DE 5X10X20CM (ESPESSURA 10CM) E ARGAMASSA DE ASSENTAMENTO COM PREPARO EM BETONEIRA. AF_05/2020 | F115: M2 | G115: 146.45 | H115: 5.57 | I115: =$K$6 -> 0.2342 | J115: =ROUND((G115*$K$7),2) -> 180.75 | K115: =ROUND((H115*J115),2) -> 1006.78
A116: S | B116: 18.2 | C116: SEINFRA | D116: ED-48214 | E116: ALVENARIA DE BLOCO DE CONCRETO CHEIO COM ARMAÇÃO, EM CONCRETO COM FCK 15MPA , ESP. 19CM, PARA REVESTIMENTO, INCLUSIVE ARGAMASSA PARA ASSENTAMENTO (DETALHE D - CADERNO SEDS) | F116: m2 | G116: 280.82 | H116: 3 | I116: =$K$6 -> 0.2342 | J116: =ROUND((G116*$K$7),2) -> 346.59 | K116: =ROUND((H116*J116),2) -> 1039.77
A118: E | B118: 19 | E118: ALVENARIA PALCO | L118: =K119 -> 356.08
A119: S | B119: 19.1 | C119: SINAPI | D119: 101159 | E119: ALVENARIA DE VEDAÇÃO DE BLOCOS CERÂMICOS MACIÇOS DE 5X10X20CM (ESPESSURA 10CM) E ARGAMASSA DE ASSENTAMENTO COM PREPARO EM BETONEIRA. AF_05/2020 | F119: M2 | G119: 146.45 | H119: 1.97 | I119: =$K$6 -> 0.2342 | J119: =ROUND((G119*$K$7),2) -> 180.75 | K119: =ROUND((H119*J119),2) -> 356.08
...

Sheet RESUMO DOS EVENTOS
B1: PREFEITURA MUNICIPAL DE CAMBUÍ ESTADO DE MINAS GERAIS GESTÃO 2025 / 2028
B2: RESUMO DOS EVENTOS
B3: OBRA: | E3: FORNECIMENTO DE INSUMOS E MÃO-DE-OBRA ESPECIALIZADA PARA EXECUÇÃO DE UMA EDIFICAÇÃO COM SANITÁRIOS, DEPÓSITO E LANCHONETE.
B4: LOCAL: | E4: ESTÁDIO EDMUNDO PACEAU, RUA FELIPE DOS SANTOS, CENTRO, CAMBUÍ, MG
B5: ÁREA CONSTRUÍDA COBERTA:* | E5: 115,47 m² - ÁREA DA EDIFICAÇÃO
B6: SINAPI | D6: 45962 | F6: CONSTRUÇÃO DE EDIFÍCIOS | J6: BDI 1 | K6: 0.2312
B7: SICRO | D7: 45931 | K7: =K6+1 -> 1.2312
B8: SEINFRA | D8: 45931 | F8: NÃO SE APLICA | J8: BDI 2 | K8: 0
B9: CDHU | D9: 45870 | K9: =K8+1 -> 1
B10: ORSE | D10: 10/2025 - 1 | F10: VALOR TOTAL DA OBRA: | J10: =P.O.!J10 -> 646717.3
B11: Preços sem desoneração
B12: ITEM | C12: FONTE | D12: CÓDIGO | E12: DESCRIÇÃO DO ITEM | F12: UNIDADE | G12: PREÇO REFERÊNCIA | H12: QUANTIDADE | I12: BDI | J12: PREÇO UNITÁRIO | K12: PREÇO TOTAL | L12: Subtotais dos Eventos:
A13: =P.O.!A14 -> E | B13: =P.O.!B14 -> 1 | C13: =P.O.!C14 -> 0 | D13: =P.O.!D14 -> 0 | E13: =P.O.!E14 -> SERVIÇOS PRELIMINARES | F13: =P.O.!F14 -> 0 | G13: =P.O.!G14 -> 0 | H13: =P.O.!H14 -> 0 | ... L13: =P.O.!L14 -> 6478.56
A14: =P.O.!A15 -> S | B14: =P.O.!B15 -> 1.1 | C14: =P.O.!C15 -> SINAPI | D14: =P.O.!D15 -> 103689 | E14: =P.O.!E15 -> FORNECIMENTO E INSTALAÇÃO DE PLACA DE OBRA COM CHAPA GALVANIZADA E ESTRUTURA DE MADEIRA. AF_03/2022_PS | F14: =P.O.!F15 -> M2 | G14: =P.O.!G15 -> 427.4 | H14: =P.O.!H15 -> 4.5 | ... L14: =P.O.!L15 -> 0
A15: =P.O.!A16 -> S | B15: =P.O.!B16 -> 1.2 | C15: =P.O.!C16 -> SINAPI | D15: =P.O.!D16 -> 103694 | E15: =P.O.!E16 -> FORNECIMENTO E INSTALAÇÃO DE SUPORTE DE MADEIRA PARA PLACAS DE SINALIZAÇÃO, EM SOLO, COM H= DE 2,5 M E SEÇÃO DE 7,5 X 7,5 CM. AF_03/2022 | F15: =P.O.!F16 -> UN | G15: =P.O.!G16 -> 116.47 | H15: =P.O.!H16 -> 2 | ... L15: =P.O.!L16 -> 0
A16: =P.O.!A17 -> S | B16: =P.O.!B17 -> 1.3 | C16: =P.O.!C17 -> SEINFRA | D16: =P.O.!D17 -> ED-50151 | E16: =P.O.!E17 -> LIGAÇÃO PROVISÓRIA COM ENTRADA DE ENERGIA AÉREA, PADRÃO CEMIG, CARGA INSTALADA DE 15,1KVA ATÉ 30KVA, TRIFÁSICO, COM SAÍDA SUBTERRÂNEA, INCLUSIVE POSTE, CAIXA PARA MEDIDOR, DISJUNTOR, BARRAMENTO, ATERRAMENTO E ACESSÓRIOS | F16: =P.O.!F17 -> un | G16: =P.O.!G17 -> 830.96 | H16: =P.O.!H17 -> 1 | ... L16: =P.O.!L17 -> 0
A17: =P.O.!A18 -> S | B17: =P.O.!B18 -> 1.4 | C17: =P.O.!C18 -> SEINFRA | D17: =P.O.!D18 -> ED-50150 | E17: =P.O.!E18 -> LIGAÇÃO DE ÁGUA PROVISÓRIA PARA CANTEIRO, INCLUSIVE HIDRÔMETRO E CAVALETE PARA MEDIÇÃO DE ÁGUA - ENTRADA PRINCIPAL, EM AÇO GALVANIZADO DN 20MM (1/2") - PADRÃO CONCESSIONÁRIA | F17: =P.O.!F18 -> un | G17: =P.O.!G18 -> 593.02 | H17: =P.O.!H18 -> 1 | ... L17: =P.O.!L18 -> 0
A18: =P.O.!A19 -> S | B18: =P.O.!B19 -> 1.5 | C18: =P.O.!C19 -> SEINFRA | D18: =P.O.!D19 -> ED-50137 | E18: =P.O.!E19 -> MOBILIZAÇÃO E DESMOBILIZAÇÃO DE CONTAINER, INCLUSIVE CARGA, DESCARGA E TRANSPORTE EM CAMINHÃO CARROCERIA COM GUINDAUTO (MUNCK), EXCLUSIVE LOCAÇÃO DO CONTAINER | F18: =P.O.!F19 -> un | G18: =P.O.!G19 -> 1668.96 | H18: =P.O.!H19 -> 1 | ... L18: =P.O.!L19 -> 0
A19: =P.O.!A20 -> 0 | B19: =P.O.!B20 -> 0 | C19: =P.O.!C20 -> 0 | D19: =P.O.!D20 -> 0 | E19: =P.O.!E20 -> 0 | F19: =P.O.!F20 -> 0 | G19: =P.O.!G20 -> 0 | H19: =P.O.!H20 -> 0 | ... L19: =P.O.!L20 -> 0
A20: =P.O.!A21 -> E | B20: =P.O.!B21 -> 2 | C20: =P.O.!C21 -> 0 | D20: =P.O.!D21 -> 0 | E20: =P.O.!E21 -> ISOLAMENTO DA OBRA | F20: =P.O.!F21 -> 0 | G20: =P.O.!G21 -> 0 | H20: =P.O.!H21 -> 0 | ... L20: =P.O.!L21 -> 16975.76
A21: =P.O.!A22 -> S | B21: =P.O.!B22 -> 2.1 | C21: =P.O.!C22 -> SEINFRA | D21: =P.O.!D22 -> ED-29823 | E21: =P.O.!E22 -> TAPUME FIXO DE PROTEÇÃO PARA FECHAMENTO DE OBRA EM TELHA METÁLICA GALVANIZADA, TIPO TRAPEZOIDAL, ESP. 0,5MM, COM MÓDULO NA DIMENSÃO DE (300X220)CM, COM REAPROVEITAMENTO, EXCLUSIVE PINTURA ESMALTE, INCLUSIVE PONTALETE E FIXAÇÃO | F21: =P.O.!F22 -> m2 | G21: =P.O.!G22 -> 67.23 | H21: =P.O.!H22 -> 170.04 | ... L21: =P.O.!L22 -> 0
A22: =P.O.!A23 -> S | B22: =P.O.!B23 -> 2.2 | C22: =P.O.!C23 -> SEINFRA | D22: =P.O.!D23 -> ED-14457 | E22: =P.O.!E23 -> PORTÃO PARA TAPUME FIXO DE PROTEÇÃO COM FECHAMENTO DE OBRA EM TELHA METÁLICA GALVANIZADA, TIPO TRAPEZOIDAL ESP. 0,5MM, COM MÓDULO NA DIMENSÃO DE (300X220)CM, EXCLUSIVE PINTURA ESMALTE | F22: =P.O.!F23 -> m2 | G22: =P.O.!G23 -> 193.5 | H22: =P.O.!H23 -> 12 | ... L22: =P.O.!L23 -> 0
A23: =P.O.!A24 -> 0 | B23: =P.O.!B24 -> 0 | C23: =P.O.!C24 -> 0 | D23: =P.O.!D24 -> 0 | E23: =P.O.!E24 -> 0 | F23: =P.O.!F24 -> 0 | G23: =P.O.!G24 -> 0 | H23: =P.O.!H24 -> 0 | ... L23: =P.O.!L24 -> 0
A24: =P.O.!A25 -> E | B24: =P.O.!B25 -> 3 | C24: =P.O.!C25 -> 0 | D24: =P.O.!D25 -> 0 | E24: =P.O.!E25 -> LOCAÇÕES DE EQUIPAMENTOS | F24: =P.O.!F25 -> 0 | G24: =P.O.!G25 -> 0 | H24: =P.O.!H25 -> 0 | ... L24: =P.O.!L25 -> 31776.78
... A251: =P.O.!A252 -> S | B251: =P.O.!B252 -> 28.3 | C251: =P.O.!C252 -> SINAPI - MATERIAL | D251: =P.O.!D252 -> 3521 | E251: =P.O.!E252 -> JOELHO PVC, SOLDAVEL COM ROSCA, 90 GRAUS, 20 MM X 1/2", COR MARROM, PARA AGUA FRIA PREDIAL | F251: =P.O.!F252 -> UN | G251: =P.O.!G252 -> 2.06 | H251: =P.O.!H252 -> 1 | ... L251: =P.O.!L252 -> 0
A252: =#REF! -> #REF! | B252: =#REF! -> #REF! | C252: =#REF! -> #REF! | D252: =#REF! -> #REF! | E252: =#REF! -> #REF! | F252: =#REF! -> #REF! | G252: =#REF! -> #REF! | H252: =#REF! -> #REF! | ... L252: =#REF! -> #REF!
A253: =P.O.!A253 -> S | B253: =P.O.!B253 -> 28.4 | C253: =P.O.!C253 -> SINAPI | D253: =P.O.!D253 -> 94783 | E253: =P.O.!E253 -> ADAPTADOR COM FLANGE E ANEL DE VEDAÇÃO, PVC, SOLDÁVEL, DN 20 MM X 1/2", INSTALADO EM RESERVAÇÃO PREDIAL DE ÁGUA - FORNECIMENTO E INSTALAÇÃO. AF_04/2024 | F253: =P.O.!F253 -> UN | G253: =P.O.!G253 -> 19.64 | H253: =P.O.!H253 -> 1 | ... L253: =P.O.!L253 -> 0
A254: =P.O.!A254 -> S | B254: =P.O.!B254 -> 28.5 | C254: =P.O.!C254 -> SINAPI | D254: =P.O.!D254 -> 89376 | E254: =P.O.!E254 -> ADAPTADOR CURTO COM BOLSA E ROSCA PARA REGISTRO, PVC, SOLDÁVEL, DN 20MM X 1/2, INSTALADO EM RAMAL OU SUB-RAMAL DE ÁGUA - FORNECIMENTO E INSTALAÇÃO. AF_06/2022 | F254: =P.O.!F254 -> UN | G254: =P.O.!G254 -> 6.32 | H254: =P.O.!H254 -> 1 | ... L254: =P.O.!L254 -> 0
A255: =P.O.!A255 -> S | B255: =P.O.!B255 -> 28.6 | C255: =P.O.!C255 -> SINAPI | D255: =P.O.!D255 -> 89360 | E255: =P.O.!E255 -> CURVA 90 GRAUS, PVC, SOLDÁVEL, DN 20MM, INSTALADO EM RAMAL OU SUB-RAMAL DE ÁGUA - FORNECIMENTO E INSTALAÇÃO. AF_06/2022 | F255: =P.O.!F255 -> UN | G255: =P.O.!G255 -> 10.54 | H255: =P.O.!H255 -> 10 | ... L255: =P.O.!L255 -> 0
A256: =P.O.!A256 -> S | B256: =P.O.!B256 -> 28.7 | C256: =P.O.!C256 -> SINAPI | D256: =P.O.!D256 -> 89371 | E256: =P.O.!E256 -> LUVA, PVC, SOLDÁVEL, DN 20MM, INSTALADO EM RAMAL OU SUB-RAMAL DE ÁGUA - FORNECIMENTO E INSTALAÇÃO. AF_06/2022 | F256: =P.O.!F256 -> UN | G256: =P.O.!G256 -> 6.67 | H256: =P.O.!H256 -> 1 | ... L256: =P.O.!L256 -> 0
A257: =P.O.!A257 -> S | B257: =P.O.!B257 -> 28.8 | C257: =P.O.!C257 -> SINAPI | D257: =P.O.!D257 -> 94795 | E257: =P.O.!E257 -> TORNEIRA DE BOIA PARA CAIXA D'ÁGUA, ROSCÁVEL, 1/2" - FORNECIMENTO E INSTALAÇÃO. AF_08/2021 | F257: =P.O.!F257 -> UN | G257: =P.O.!G257 -> 32.45 | H257: =P.O.!H257 -> 1 | ... L257: =P.O.!L257 -> 0
A258: =P.O.!A258 -> S | B258: =P.O.!B258 -> 28.9 | C258: =P.O.!C258 -> SINAPI | D258: =P.O.!D258 -> 89401 | E258: =P.O.!E258 -> TUBO, PVC, SOLDÁVEL, DE 20MM, INSTALADO EM RAMAL DE DISTRIBUIÇÃO DE ÁGUA - FORNECIMENTO E INSTALAÇÃO. AF_06/2022 | F258: =P.O.!F258 -> M | G258: =P.O.!G258 -> 11.83 | H258: =P.O.!H258 -> 15.9 | ... L258: =P.O.!L258 -> 0
A259: =P.O.!A259 -> S | B259: =P.O.!B259 -> 28.10 | C259: =P.O.!C259 -> SINAPI | D259: =P.O.!D259 -> 95676 | E259: =P.O.!E259 -> CAIXA EM CONCRETO PRÉ-MOLDADO PARA ABRIGO DE HIDRÔMETRO COM DN 20 MM - FORNECIMENTO E INSTALAÇÃO. AF_03/2024 | F259: =P.O.!F259 -> UN | G259: =P.O.!G259 -> 135.34 | H259: =P.O.!H259 -> 1 | ... L259: =P.O.!L259 -> 0
A260: =P.O.!A260 -> S | B260: =P.O.!B260 -> 28.11 | C260: =P.O.!C260 -> SINAPI | D260: =P.O.!D260 -> 95674 | E260: =P.O.!E260 -> HIDRÔMETRO DN 1/2", 3,0 M3/H - FORNECIMENTO E INSTALAÇÃO. AF_03/2024 | F260: =P.O.!F260 -> UN | G260: =P.O.!G260 -> 171.84 | H260: =P.O.!H260 -> 1 | ... L260: =P.O.!L260 -> 0
A261: =P.O.!A261 -> S | B261: =P.O.!B261 -> 28.12 | C261: =P.O.!C261 -> SINAPI | D261: =P.O.!D261 -> 93358 | E261: =P.O.!E261 -> ESCAVAÇÃO MANUAL DE VALA. AF_09/2024 | F261: =P.O.!F261 -> M3 | G261: =P.O.!G261 -> 93.27 | H261: =P.O.!H261 -> 0.16 | ... L261: =P.O.!L261 -> 0
A262: =P.O.!A262 -> S | B262: =P.O.!B262 -> 28.13 | C262: =P.O.!C262 -> SEINFRA | D262: =P.O.!D262 -> ED-51121 | E262: =P.O.!E262 -> REATERRO MANUAL DE VALA, INCLUSIVE ESPALHAMENTO E COMPACTAÇÃO MECANIZADA COM PLACA VIBRATÓRIA | F262: =P.O.!F262 -> m3 | G262: =P.O.!G262 -> 48.41 | H262: =P.O.!H262 -> 0.21 | ... L262: =P.O.!L262 -> 0
A263: =P.O.!A263 -> 0 | B263: =P.O.!B263 -> 0 | C263: =P.O.!C263 -> 0 | D263: =P.O.!D263 -> 0 | E263: =P.O.!E263 -> 0 | F263: =P.O.!F263 -> 0 | G263: =P.O.!G263 -> 0 | H263: =P.O.!H263 -> 0 | ... L263: =P.O.!L263 -> 0
A264: =P.O.!A264 -> E | B264: =P.O.!B264 -> 29 | C264: =P.O.!C264 -> 0 | D264: =P.O.!D264 -> 0 | E264: =P.O.!E264 -> INSTALAÇÕES HIDRÁULICAS - ÁGUA FRIA | F264: =P.O.!F264 -> 0 | G264: =P.O.!G264 -> 0 | H264: =P.O.!H264 -> 0 | ... L264: =P.O.!L264 -> 16424.11
... A323: =P.O.!A323 -> S | B323: =P.O.!B323 -> 31.6 | C323: =P.O.!C323 -> SEINFRA | D323: =P.O.!D323 -> ED-50667 | E323: =P.O.!E323 -> CHAPIM EM CHAPA GALVANIZADA, COM PINGADEIRA, ESP. 0,65MM (GSG-24), COM DESENVOLVIMENTO DE 35CM, INCLUSIVE IÇAMENTO MANUAL VERTICAL | F323: =P.O.!F323 -> m | G323: =P.O.!G323 -> 48.37 | H323: =P.O.!H323 -> 25.12 | ... L323: =P.O.!L323 -> 0
A324: =P.O.!A325 -> E | B324: =P.O.!B325 -> 32 | C324: =P.O.!C325 -> 0 | D324: =P.O.!D325 -> 0 | E324: =P.O.!E325 -> ARGAMASSA DE REVESTIMENTO DE PAREDES EXTERNAS DA EDIFICAÇÃO | F324: =P.O.!F325 -> 0 | G324: =P.O.!G325 -> 0 | H324: =P.O.!H325 -> 0 | ... L324: =P.O.!L325 -> 10411.37
A325: =P.O.!A326 -> S | B325: =P.O.!B326 -> 32.1 | C325: =P.O.!C326 -> SINAPI | D325: =P.O.!D326 -> 87905 | E325: =P.O.!E326 -> CHAPISCO APLICADO EM ALVENARIA (COM PRESENÇA DE VÃOS) E ESTRUTURAS DE CONCRETO DE FACHADA, COM COLHER DE PEDREIRO. ARGAMASSA TRAÇO 1:3 COM PREPARO EM BETONEIRA 400L. AF_10/2022 | F325: =P.O.!F326 -> M2 | G325: =P.O.!G326 -> 9.09 | H325: =P.O.!H326 -> 152.92 | ... L325: =P.O.!L326 -> 0
A326: =P.O.!A327 -> S | B326: =P.O.!B327 -> 32.2 | C326: =P.O.!C327 -> SEINFRA | D326: =P.O.!D327 -> ED-6282 | E326: =P.O.!E327 -> REBOCO COM ARGAMASSA, TRAÇO 1:2:8 (CIMENTO, CAL E AREIA), ESP. 25MM, APLICAÇÃO MANUAL, INCLUSIVE ARGAMASSA COM PREPARO MECANIZADO | F326: =P.O.!F327 -> m2 | G326: =P.O.!G327 -> 45.36 | H326: =P.O.!H327 -> 152.92 | ... L326: =P.O.!L327 -> 0
A327: =P.O.!A328 -> S | B327: =P.O.!B328 -> 32.3 | C327: =P.O.!C328 -> SINAPI - MATERIAL | D327: =P.O.!D328 -> 123 | E327: =P.O.!E328 -> ADITIVO IMPERMEABILIZANTE DE PEGA NORMAL PARA ARGAMASSAS E CONCRETOS SEM ARMACAO, LIQUIDO E ISENTO DE CLORETOS | F327: =P.O.!F328 -> L | G327: =P.O.!G328 -> 6.44 | H327: =P.O.!H328 -> 17 | ... L327: =P.O.!L328 -> 0
A328: =P.O.!A329 -> 0 | B328: =P.O.!B329 -> 0 | C328: =P.O.!C329 -> 0 | D328: =P.O.!D329 -> 0 | E328: =P.O.!E329 -> 0 | F328: =P.O.!F329 -> 0 | G328: =P.O.!G329 -> 0 | H328: =P.O.!H329 -> 0 | ... L328: =P.O.!L329 -> 0
A329: =P.O.!A330 -> E | B329: =P.O.!B330 -> 33 | C329: =P.O.!C330 -> 0 | D329: =P.O.!D330 -> 0 | E329: =P.O.!E330 -> ARGAMASSA DE REVESTIMENTO DE PAREDES INTERNAS DA EDIFICAÇÃO | F329: =P.O.!F330 -> 0 | G329: =P.O.!G330 -> 0 | H329: =P.O.!H330 -> 0 | ... L329: =P.O.!L330 -> 23634.05
A330: =P.O.!A331 -> S | B330: =P.O.!B331 -> 33.1 | C330: =P.O.!C331 -> SINAPI | D330: =P.O.!D331 -> 87905 | E330: =P.O.!E331 -> CHAPISCO APLICADO EM ALVENARIA (COM PRESENÇA DE VÃOS) E ESTRUTURAS DE CONCRETO DE FACHADA, COM COLHER DE PEDREIRO. ARGAMASSA TRAÇO 1:3 COM PREPARO EM BETONEIRA 400L. AF_10/2022 | F330: =P.O.!F331 -> M2 | G330: =P.O.!G331 -> 9.09 | H330: =P.O.!H331 -> 347.32 | ... L330: =P.O.!L331 -> 0
A331: =P.O.!A332 -> S | B331: =P.O.!B332 -> 33.2 | C331: =P.O.!C332 -> SEINFRA | D331: =P.O.!D332 -> ED-6282 | E331: =P.O.!E332 -> REBOCO COM ARGAMASSA, TRAÇO 1:2:8 (CIMENTO, CAL E AREIA), ESP. 25MM, APLICAÇÃO MANUAL, INCLUSIVE ARGAMASSA COM PREPARO MECANIZADO | F331: =P.O.!F332 -> m2 | G331: =P.O.!G332 -> 45.36 | H331: =P.O.!H332 -> 347.32 | ... L331: =P.O.!L332 -> 0
A332: =P.O.!A333 -> S | B332: =P.O.!B333 -> 33.3 | C332: =P.O.!C333 -> SINAPI - MATERIAL | D332: =P.O.!D333 -> 123 | E332: =P.O.!E333 -> ADITIVO IMPERMEABILIZANTE DE PEGA NORMAL PARA ARGAMASSAS E CONCRETOS SEM ARMACAO, LIQUIDO E ISENTO DE CLORETOS | F332: =P.O.!F333 -> L | G332: =P.O.!G333 -> 6.44 | H332: =P.O.!H333 -> 37 | ... L332: =P.O.!L333 -> 0
A333: =P.O.!A334 -> 0 | B333: =P.O.!B334 -> 0 | C333: =P.O.!C334 -> 0 | D333: =P.O.!D334 -> 0 | E333: =P.O.!E334 -> 0 | F333: =P.O.!F334 -> 0 | G333: =P.O.!G334 -> 0 | H333: =P.O.!H334 -> 0 | ... L333: =P.O.!L334 -> 0
A334: =P.O.!A335 -> E | B334: =P.O.!B335 -> 34 | C334: =P.O.!C335 -> 0 | D334: =P.O.!D335 -> 0 | E334: =P.O.!E335 -> ARGAMASSA DE REVESTIMENTO DE PAREDES CASA DE GÁS | F334: =P.O.!F335 -> 0 | G334: =P.O.!G335 -> 0 | H334: =P.O.!H335 -> 0 | ... L334: =P.O.!L335 -> 1778.44
A335: =P.O.!A336 -> S | B335: =P.O.!B336 -> 34.1 | C335: =P.O.!C336 -> SINAPI | D335: =P.O.!D336 -> 87905 | E335: =P.O.!E336 -> CHAPISCO APLICADO EM ALVENARIA (COM PRESENÇA DE VÃOS) E ESTRUTURAS DE CONCRETO DE FACHADA, COM COLHER DE PEDREIRO. ARGAMASSA TRAÇO 1:3 COM PREPARO EM BETONEIRA 400L. AF_10/2022 | F335: =P.O.!F336 -> M2 | G335: =P.O.!G336 -> 9.09 | H335: =P.O.!H336 -> 26.11 | ... L335: =P.O.!L336 -> 0
... A391: =P.O.!A392 -> S | B391: =P.O.!B392 -> 43.13 | C391: =P.O.!C392 -> SINAPI | D391: =P.O.!D392 -> 86914 | E391: =P.O.!E392 -> TORNEIRA CROMADA 1/2" OU 3/4" PARA TANQUE, PADRÃO MÉDIO - FORNECIMENTO E INSTALAÇÃO. AF_01/2020 | F391: =P.O.!F392 -> UN | G391: =P.O.!G392 -> 100.34 | H391: =P.O.!H392 -> 1 | ... L391: =P.O.!L392 -> 0
A392: =P.O.!A394 -> E | B392: =P.O.!B394 -> 44 | C392: =P.O.!C394 -> 0 | D392: =P.O.!D394 -> 0 | E392: =P.O.!E394 -> PORTAS | F392: =P.O.!F394 -> 0 | G392: =P.O.!G394 -> 0 | H392: =P.O.!H394 -> 0 | ... L392: =P.O.!L394 -> 34393.13
A393: =#REF! -> #REF! | B393: =#REF! -> #REF! | C393: =#REF! -> #REF! | D393: =#REF! -> #REF! | E393: =#REF! -> #REF! | F393: =#REF! -> #REF! | G393: =#REF! -> #REF! | H393: =#REF! -> #REF! | ... L393: =#REF! -> #REF!
A394: =P.O.!A395 -> S | B394: =P.O.!B395 -> 44.1 | C394: =P.O.!C395 -> SEINFRA | D394: =P.O.!D395 -> ED-14674 | E394: =P.O.!E395 -> PORTA AÇO DE ENROLAR, TIPO LÂMINA RAIADA, COM ABERTURA MANUAL, COMPLETA, INCLUSIVE FORNECIMENTO, EIXO, MOLA, SOLEIRA, ETIQUETA, CAVALETE, GUIAS E FITAS, EXCLUSIVE FECHADURAS LATERAIS | F394: =P.O.!F395 -> m2 | G394: =P.O.!G395 -> 318.97 | H394: =P.O.!H395 -> 3.9 | ... L394: =P.O.!L395 -> 0
A395: =P.O.!A396 -> S | B395: =P.O.!B396 -> 44.2 | C395: =P.O.!C396 -> PRÓPRIA | D395: =P.O.!D396 -> CPU 007 | E395: =P.O.!E396 -> PORTAO DE ABRIR / GIRO, EM GRADIL DE METALON QUADRADO DE 40X40MM VERTICAL, COM REQUADRO, ACABAMENTO NATURAL - COMPLETO | F395: =P.O.!F396 -> M2 | G395: =P.O.!G396 -> 661.73 | H395: =P.O.!H396 -> 4 | ... L395: =P.O.!L396 -> 0
A396: =P.O.!A397 -> S | B396: =P.O.!B397 -> 44.3 | C396: =P.O.!C397 -> PRÓPRIA | D396: =P.O.!D397 -> CPU 008 | E396: =P.O.!E397 -> PORTÃO DE FERRO, ABERTURA ESTILO PORTA CAMARÃO, COM ARMAÇÃO DE METALON, DETALHES EM CHAPA DE AÇO GALVANIZADO E BARRAS CHATA, COMPLETO, COM FECHADURA E DOBRADIÇAS | F396: =P.O.!F397 -> M2 | G396: =P.O.!G397 -> 697.92 | H396: =P.O.!H397 -> 9.98 | ... L396: =P.O.!L397 -> 0
A397: =P.O.!A398 -> S | B397: =P.O.!B398 -> 44.4 | C397: =P.O.!C398 -> PRÓPRIA | D397: =P.O.!D398 -> CPU 009 | E397: =P.O.!E398 -> PORTA METÁLICA PARA SANITÁRIO EM CHAPA GALVANIZADA, ESP. 1,25MM (GSG-18), DIMENSÃO 0,90 X 2,0 M, TIPO DE ABRIR, UMA (1) FOLHA, INCLUSIVE BATENTE, ESTRUTURA EM METALON (20X30)MM, DOBRADIÇA E TRANQUETA, EXCLUSIVE PINTURA | F397: =P.O.!F398 -> M2 | G397: =P.O.!G398 -> 663.91 | H397: =P.O.!H398 -> 3.6 | ... L397: =P.O.!L398 -> 0
A398: =P.O.!A399 -> S | B398: =P.O.!B399 -> 44.5 | C398: =P.O.!C399 -> PRÓPRIA | D398: =P.O.!D399 -> CPU 010 | E398: =P.O.!E399 -> PORTA METÁLICA PARA SANITÁRIO EM CHAPA GALVANIZADA, ESP. 1,25MM (GSG-18), DIMENSÃO 0,70 X 2,0 M, TIPO DE ABRIR, UMA (1) FOLHA, INCLUSIVE BATENTE, ESTRUTURA EM METALON (20X30)MM, DOBRADIÇA E TRANQUETA, EXCLUSIVE PINTURA | F398: =P.O.!F399 -> M2 | G398: =P.O.!G399 -> 521.47 | H398: =P.O.!H399 -> 5.6 | ... L398: =P.O.!L399 -> 0
A399: =P.O.!A400 -> S | B399: =P.O.!B400 -> 44.6 | C399: =P.O.!C400 -> PRÓPRIA | D399: =P.O.!D400 -> CPU 011 | E399: =P.O.!E400 -> PORTA METÁLICA, TIPO DE ABRIR, COM UMA (1) FOLHA, EM CHAPA GALVANIZADA LAMBRIL, MODELO QUADRADO, INCLUSIVE PINTURA ANTICORROSIVA A BASE DE ÓXIDO DE FERRO (ZARCÃO), UMA (1) DEMÃO, FORNECIMENTO E ASSENTAMENTO, FECHADURA E DOBRADIÇA COM ESTRUTURA EM TUBO DE AÇO GALVANIZADO TUBULAR 100 X 30MM, E=2,0 MM. | F399: =P.O.!F400 -> M2 | G399: =P.O.!G400 -> 609.68 | H399: =P.O.!H400 -> 16.55 | ... L399: =P.O.!L400 -> 0
A400: =P.O.!A401 -> S | B400: =P.O.!B401 -> 44.7 | C400: =P.O.!C401 -> PRÓPRIA | D400: =P.O.!D401 -> CPU 012 | E400: =P.O.!E401 -> PORTA METÁLICA, TIPO DE CORRER, COM UMA (1) FOLHA, EM CHAPA GALVANIZADA LAMBRIL, MODELO QUADRADO, INCLUSIVE PINTURA ANTICORROSIVA A BASE DE ÓXIDO DE FERRO (ZARCÃO), UMA (1) DEMÃO, FORNECIMENTO E ASSENTAMENTO, FECHADURA E DOBRADIÇA COM ESTRUTURA EM TUBO DE AÇO GALVANIZADO TUBULAR 100 X 30MM, E=2,0 MM. | F400: =P.O.!F401 -> M2 | G400: =P.O.!G401 -> 694.91 | H400: =P.O.!H401 -> 2.1 | ... L400: =P.O.!L401 -> 0
A401: =P.O.!A402 -> S | B401: =P.O.!B402 -> 44.8 | C401: =P.O.!C402 -> SINAPI - MATERIAL | D401: =P.O.!D402 -> 3106 | E401: =P.O.!E402 -> FERROLHO COM FECHO CHATO E PORTA CADEADO, EM ACO GALVANIZADO / ZINCADO, DE SOBREPOR, COM COMPRIMENTO DE 6", CHAPA COM ESPESSURA MINIMA DE 1,70 MM E LARGURA /MINIMA DE 5,00 CM (FECHO REFORCADO) (INCLUI PARAFUSOS) | F401: =P.O.!F402 -> UN | G401: =P.O.!G402 -> 16.5 | H401: =P.O.!H402 -> 4 | ... L401: =P.O.!L402 -> 0
A402: =P.O.!A405 -> E | B402: =P.O.!B405 -> 45 | C402: =P.O.!C405 -> 0 | D402: =P.O.!D405 -> 0 | E402: =P.O.!E405 -> COBERTURA DE VIDRO COM ESTRUTURA METÁLICA | F402: =P.O.!F405 -> 0 | G402: =P.O.!G405 -> 0 | H402: =P.O.!H405 -> 0 | ... L402: =P.O.!L405 -> 5878.59
A403: =P.O.!A406 -> S | B403: =P.O.!B406 -> 45.1 | C403: =P.O.!C406 -> PRÓPRIA | D403: =P.O.!D406 -> CPU 013 | E403: =P.O.!E406 -> ESTRUTURA METÁLICA PARA SUPORTE DE VIDRO TEMPERADO | F403: =P.O.!F406 -> M | G403: =P.O.!G406 -> 102.19 | H403: =P.O.!H406 -> 20.08 | ... L403: =P.O.!L406 -> 0
A404: =P.O.!A407 -> S | B404: =P.O.!B407 -> 45.2 | C404: =P.O.!C407 -> SEINFRA | D404: =P.O.!D407 -> ED-51160 | E404: =P.O.!E407 -> VIDRO TEMPERADO TRANSPARENTE INCOLOR, ESP. 10MM, INCLUSIVE FIXAÇÃO E VEDAÇÃO COM GUARNIÇÃO/GAXETA DE BORRACHA NEOPRENE, FORNECIMENTO E INSTALAÇÃO, EXCLUSIVE CAIXILHO/PERFIL | F404: =P.O.!F407 -> m2 | G404: =P.O.!G407 -> 335.12 | H404: =P.O.!H407 -> 8.09 | ... L404: =P.O.!L407 -> 0
A405: =P.O.!A408 -> 0 | B405: =P.O.!B408 -> 0 | C405: =P.O.!C408 -> 0 | D405: =P.O.!D408 -> 0 | E405: =P.O.!E408 -> 0 | F405: =P.O.!F408 -> 0 | G405: =P.O.!G408 -> 0 | H405: =P.O.!H408 -> 0 | ... L405: =P.O.!L408 -> 0
A406: =P.O.!A409 -> E | B406: =P.O.!B409 -> 46 | C406: =P.O.!C409 -> 0 | D406: =P.O.!D409 -> 0 | E406: =P.O.!E409 -> PINTURA | F406: =P.O.!F409 -> 0 | G406: =P.O.!G409 -> 0 | H406: =P.O.!H409 -> 0 | ... L406: =P.O.!L409 -> 21141.82
A407: =P.O.!A410 -> S | B407: =P.O.!B410 -> 46.1 | C407: =P.O.!C410 -> SEINFRA | D407: =P.O.!D410 -> ED-50514 | E407: =P.O.!E410 -> PREPARAÇÃO PARA EMASSAMENTO OU PINTURA (LÁTEX/ACRÍLICA) EM PAREDE, INCLUSIVE UMA (1) DEMÃO DE SELADOR ACRÍLICO | F407: =P.O.!F410 -> m2 | G407: =P.O.!G410 -> 7.71 | H407: =P.O.!H410 -> 375.08 | ... L407: =P.O.!L410 -> 0
A408: =P.O.!A411 -> S | B408: =P.O.!B411 -> 46.2 | C408: =P.O.!C411 -> SEINFRA | D408: =P.O.!D411 -> ED-50515 | E408: =P.O.!E411 -> PREPARAÇÃO PARA EMASSAMENTO OU PINTURA (LÁTEX/ACRÍLICA) EM TETO, INCLUSIVE UMA (1) DEMÃO DE SELADOR ACRÍLICO | F408: =P.O.!F411 -> m2 | G408: =P.O.!G411 -> 9.7 | H408: =P.O.!H411 -> 63 | ... L408: =P.O.!L411 -> 0
A409: =P.O.!A412 -> S | B409: =P.O.!B412 -> 46.3 | C409: =P.O.!C412 -> SEINFRA | D409: =P.O.!D412 -> ED-50451 | E409: =P.O.!E412 -> PINTURA ACRÍLICA EM PAREDE, DUAS (2) DEMÃOS, COM APLICAÇÃO MANUAL, EXCLUSIVE SELADOR ACRÍLICO E MASSA ACRÍLICA/CORRIDA (PVA) | F409: =P.O.!F412 -> m2 | G409: =P.O.!G412 -> 16.57 | H409: =P.O.!H412 -> 375.08 | ... L409: =P.O.!L412 -> 0
A410: =P.O.!A413 -> S | B410: =P.O.!B413 -> 46.4 | C410: =P.O.!C413 -> SEINFRA | D410: =P.O.!D413 -> ED-50452 | E410: =P.O.!E413 -> PINTURA ACRÍLICA EM TETO, DUAS (2) DEMÃOS, COM APLICAÇÃO MANUAL, EXCLUSIVE SELADOR ACRÍLICO E MASSA ACRÍLICA/CORRIDA (PVA) | F410: =P.O.!F413 -> m2 | G410: =P.O.!G413 -> 20.87 | H410: =P.O.!H413 -> 63 | ... L410: =P.O.!L413 -> 0
A411: =P.O.!A414 -> S | B411: =P.O.!B414 -> 46.5 | C411: =P.O.!C414 -> SINAPI | D411: =P.O.!D414 -> 102213 | E411: =P.O.!E414 -> PINTURA VERNIZ (INCOLOR) ALQUÍDICO EM MADEIRA, USO INTERNO E EXTERNO, 2 DEMÃOS. AF_01/2021 | F411: =P.O.!F414 -> M2 | G411: =P.O.!G414 -> 23.75 | H411: =P.O.!H414 -> 28.09 | ... L411: =P.O.!L414 -> 0
A412: =P.O.!A415 -> S | B412: =P.O.!B415 -> 46.6 | C412: =P.O.!C415 -> SINAPI | D412: =P.O.!D415 -> 100758 | E412: =P.O.!E415 -> PINTURA COM TINTA ALQUÍDICA DE ACABAMENTO (ESMALTE SINTÉTICO ACETINADO) APLICADA A ROLO OU PINCEL SOBRE SUPERFÍCIES METÁLICAS (EXCETO PERFIL) EXECUTADO EM OBRA (02 DEMÃOS). AF_01/2020 | F412: =P.O.!F415 -> M2 | G412: =P.O.!G415 -> 59.36 | H412: =P.O.!H415 -> 91.46 | ... L412: =P.O.!L415 -> 0
A413: =P.O.!A416 -> 0 | B413: =P.O.!B416 -> 0 | C413: =P.O.!C416 -> 0 | D413: =P.O.!D416 -> 0 | E413: =P.O.!E416 -> 0 | F413: =P.O.!F416 -> 0 | G413: =P.O.!G416 -> 0 | H413: =P.O.!H416 -> 0 | ... L413: =P.O.!L416 -> 0
... A415: =P.O.!A418 -> S | B415: =P.O.!B418 -> 47.1 | C415: =P.O.!C418 -> SEINFRA | D415: =P.O.!D418 -> ED-50266 | E415: =P.O.!E418 -> LIMPEZA FINAL PARA ENTREGA DA OBRA | F415: =P.O.!F418 -> m2 | G415: =P.O.!G418 -> 8.32 | H415: =P.O.!H418 -> 115.47 | ... L415: =P.O.!L418 -> 0
E420: Mateus Pedro da Silva | H420: Leonardo Mesquita Reis Belico
E421: Engenheiro Civil | H421: Arquiteto e Urbanista

Sheet CRON.LEV. EVENTOS
B1: PREFEITURA MUNICIPAL DE CAMBUÍ ESTADO DE MINAS GERAIS GESTÃO 2025 / 2028
B2: CRONOGRAMA POR LEVANTAMENTO POR EVENTOS
B3: OBRA: | E3: FORNECIMENTO DE INSUMOS E MÃO-DE-OBRA ESPECIALIZADA PARA EXECUÇÃO DE UMA EDIFICAÇÃO COM SANITÁRIOS, DEPÓSITO E LANCHONETE.
B4: LOCAL: | E4: ESTÁDIO EDMUNDO PACEAU, RUA FELIPE DOS SANTOS, CENTRO, CAMBUÍ, MG
B5: ÁREA CONSTRUÍDA COBERTA:* | E5: 115,47 m² - ÁREA DA EDIFICAÇÃO
G7: CONSTRUÇÃO DE EDIFÍCIOS | K7: BDI 1 | L7: 0.2312
L8: =L7+1 -> 1.2312
G9: NÃO SE APLICA | K9: BDI 2 | L9: 0
L10: =L9+1 -> 1
G11: VALOR TOTAL DA OBRA: | K11: =P.O.!J10 -> 646717.3
E13: FRENTES DA OBRA | F13: EDIFICAÇÃO
E14: Nº DA FRENTE | F14: 1
A15: Nº DO EVENTO | B15: TÍTULO DO EVENTO | F15: MÊS 01 | G15: MÊS 02 | H15: MÊS 03 | I15: MÊS 04 | J15: MÊS 05 | K15: MÊS 06 | L15: MÊS 07 | M15: MÊS 08 | N15: MÊS 09 | O15: MÊS 10 | P15: MÊS 11 | Q15: MÊS 12 | R15: MÊS 13 | S15: MÊS 14
A16: 1 | B16: SERVIÇOS PRELIMINARES | F16: 1 | T16: 6882.69 | U16: 1
A17: 2 | B17: ISOLAMENTO DA OBRA | F17: 1 | T17: 16975.76 | U17: 2
A18: 3 | B18: LOCAÇÕES DE EQUIPAMENTOS | F18: 1 | G18: 2 | H18: 3 | I18: 4 | J18: 5 | K18: 6 | L18: 7 | M18: 8 | N18: 9 | O18: 10 | P18: 11 | Q18: 12 | R18: 13 | S18: 14 | T18: 31776.78 | U18: 3
A19: 4 | B19: LOCAÇÃO DE OBRAS | F19: 1 | T19: 8499.05 | U19: 4
A20: 5 | B20: ADMINISTRAÇÃO LOCAL | F20: 1 | G20: 2 | H20: 3 | I20: 4 | J20: 5 | K20: 6 | L20: 7 | M20: 8 | N20: 9 | O20: 10 | P20: 11 | Q20: 12 | R20: 13 | S20: 14 | T20: 51603.16 | U20: 5
A21: 6 | B21: FUNDAÇÃO - ESTACAS | F21: 1 | T21: 22965.54 | U21: 6
A22: 7 | B22: BLOCOS DE COROAMENTO, VIGAS BALDRAMES E ARRANQUES DE PILARES - PAV. TÉRREO | G22: 2 | T22: 26662.03 | U22: 7
A23: 8 | B23: PILARES DO PAV. COBERTURA | H23: 3 | T23: 14700.28 | U23: 8
A24: 9 | B24: VIGAS E LAJES DO PAV. COBERTURA | I24: 4 | T24: 37775.89 | U24: 9
A25: 10 | B25: PILARES DO RESPALDO (CAIXA D'ÁGUA) | J25: 5 | T25: 2083.93 | U25: 10
A26: 11 | B26: VIGAS DO RESPALDO (CAIXA D'ÁGUA) | J26: 5 | T26: 3095.51 | U26: 11
A27: 12 | B27: ESTRUTURA DOS MUROS DE DIVISA - ESTACAS | G27: 2 | T27: 1414.58 | U27: 12
A28: 13 | B28: ESTRUTURA DOS MUROS DE DIVISA - BLOCOS, VIGAS E ARRANQUES | G28: 2 | T28: 3985.66 | U28: 13
A29: 14 | B29: ESTRUTURA DOS MUROS DE DIVISA - PILARES E VIGAS | H29: 3 | T29: 3447.39 | U29: 14
A30: 15 | B30: COMPACTAÇÃO DE SOLO | J30: 5 | T30: 1304.24 | U30: 15
A31: 16 | B31: ALVENARIA EDIFICAÇÃO ATÉ ALTURA DE 1,50M | G31: 2 | T31: 12145.33 | U31: 16
A32: 17 | B32: ALVENARIA EDIFICAÇÃO FINAL | H32: 3 | T32: 21429.14 | U32: 17
A33: 18 | B33: ALVENARIA BANCO ORNAMENTAL | I33: 4 | T33: 2918.31 | U33: 18
A34: 19 | B34: ALVENARIA PALCO | I34: 4 | T34: 351.11 | U34: 19
A35: 20 | B35: ALVENARIA CASA DE GÁS | I35: 4 | T35: 2500.16 | U35: 20
A36: 21 | B36: ALVENARIA MURO DE FECHAMENTO | H36: 3 | T36: 2076.22 | U36: 21
A37: 22 | B37: INSTALAÇÕES SANITÁRIAS - ESGOTO | K37: 6 | T37: 17659.84 | U37: 22
A38: 23 | B38: INSTALAÇÕES SANITÁRIAS - VENTILAÇÃO DE ESGOTO | K38: 6 | T38: 2012.53 | U38: 23
A39: 24 | B39: INSTALAÇÕES PLUVIAIS | K39: 6 | T39: 654.17 | U39: 24
A40: 25 | B40: INSTALAÇÕES DE GÁS | K40: 6 | T40: 3269.87 | U40: 25
A41: 26 | B41: INSTALAÇÕES ELÉTRICAS | R41: 13 | T41: 19695.03 | U41: 26
A42: 27 | B42: CABEAMENTO | R42: 13 | T42: 992.66 | U42: 27
A43: 28 | B43: INSTALAÇÕES HIDRÁULICAS - ALIMENTAÇÃO | P43: 11 | T43: 2657.94 | U43: 28
A44: 29 | B44: INSTALAÇÕES HIDRÁULICAS - ÁGUA FRIA | P44: 11 | T44: 16589.42 | U44: 29
A45: 30 | B45: PISOS DE CONCRETO | L45: 7 | T45: 26374.45 | U45: 30
A46: 31 | B46: COBERTURA | M46: 8 | T46: 55689.89 | U46: 31
A47: 32 | B47: ARGAMASSA DE REVESTIMENTO DE PAREDES EXTERNAS DA EDIFICAÇÃO | O47: 10 | T47: 10385.38 | U47: 32
A48: 33 | B48: ARGAMASSA DE REVESTIMENTO DE PAREDES INTERNAS DA EDIFICAÇÃO | N48: 9 | T48: 23370.77 | U48: 33
A49: 34 | B49: ARGAMASSA DE REVESTIMENTO DE PAREDES CASA DE GÁS | N49: 9 | T49: 1757.45 | U49: 34
A50: 35 | B50: ARGAMASSA DE REVESTIMENTO DO BANCO ORNAMENTAL | N50: 9 | T50: 708.26 | U50: 35
A51: 36 | B51: IMPERMEABILIZAÇÃODAS FACES INTERNAS BANCO ORNAMENTAL | L51: 7 | T51: 532.29 | U51: 36
A52: 37 | B52: ATERRAMENTO E CONCRETAGEM DA PARTE SUPERIOS DO BANCO ORNAMENTAL | L52: 7 | T52: 942.29 | U52: 37
A53: 38 | B53: CONTRAPISOS E REVESTIMENTOS DE PISOS (ACABAMENTOS) | Q53: 12 | T53: 45819.44 | U53: 38
A54: 39 | B54: REVESTIMENTOS CERÂMICOS DE PAREDES | Q54: 12 | T54: 13374.42 | U54: 39
A55: 40 | B55: ITENS EM GRANITO - DIVISÓRIAS E BANCADAS PARA PIAS | R55: 13 | T55: 26832.42 | U55: 40
A56: 41 | B56: ELEMENTOS ORNAMENTAIS DE FECHAMENTO | O56: 10 | T56: 24480.93 | U56: 41
A57: 42 | B57: REVESTIMENTOS DE TETO | P57: 11 | T57: 2802.59 | U57: 42
A58: 43 | B58: LOUÇAS E METAIS | S58: 14 | T58: 19073.77 | U58: 43
A59: 44 | B59: PORTAS | R59: 13 | T59: 34581.48 | U59: 44
A60: 45 | B60: COBERTURA DE VIDRO COM ESTRUTURA METÁLICA | S60: 14 | T60: 8978.9 | U60: 45
A61: 46 | B61: PINTURA | S61: 14 | T61: 17991.11 | U61: 46
A62: 47 | B62: LIMPEZA FINAL DE OBRA | S62: 14 | T62: 1185.88 | U62: 47
B64: TOTAL POR PERÍODO | F64: 2269.77 | G64: 2269.77 | H64: 2269.77 | I64: 2269.77 | J64: 2269.77 | K64: 2269.77 | L64: 2269.77 | M64: 2269.77 | N64: 2269.77 | O64: 2269.77 | P64: 2269.77 | Q64: 2269.77 | R64: 2269.77 | S64: 2269.77
F65: 3711.46 | G65: 3711.46 | H65: 3711.46 | I65: 3711.46 | J65: 3711.46 | K65: 3711.46 | L65: 3711.46 | M65: 3711.46 | N65: 3711.46 | O65: 3711.46 | P65: 3711.46 | Q65: 3711.46 | R65: 3711.46 | S65: 3711.46
F66: 6478.56 | G66: 26748.35 | H66: 14700.28 | I66: 37372.43 | J66: 2083.93 | K66: 17568.78 | L66: 26736.34 | M66: 57613.73 | N66: 23634.05 | O66: 10411.37 | P66: 928.14 | Q66: 45821.89 | R66: 19760.79 | S66: 19021.36
F67: 16975.76 | G67: 1414.58 | H67: 3447.16 | I67: 2046.55 | J67: 3094.84 | K67: 2004.52 | L67: 283.62 | N67: 1778.44 | O67: 18750.97 | P67: 16424.11 | Q67: 13384.65 | R67: 1000.2 | S67: 5878.59
F68: 8597.07 | G68: 3997.48 | H68: 21626.75 | I68: 356.08 | J68: 1304.24 | K68: 650.87 | L68: 926.05 | N68: 715.57 | P68: 2636.02 | R68: 26964.56 | S68: 21141.82
F69: 22965.33 | G69: 12257.33 | H69: 2095.36 | I69: 2500.16 | K69: 3302.39 | R69: 34393.13 | S69: 1185.88
F73: =SUM(F64:F72) -> 60997.95 | G73: =SUM(G64:G72) -> 50398.97 | H73: =SUM(H64:H72) -> 47850.78 | I73: =SUM(I64:I72) -> 48256.45 | J73: =SUM(J64:J72) -> 12464.24 | K73: =SUM(K64:K72) -> 29507.79 | L73: =SUM(L64:L72) -> 33927.24 | M73: =SUM(M64:M72) -> 63594.96 | ... S73: =SUM(S64:S72) -> 53208.88
F74: =F73/$K$11 -> 0.094319342 | G74: =G73/$K$11 -> 0.07793045 | H74: =H73/$K$11 -> 0.073990258 | I74: =I73/$K$11 -> 0.074617534 | J74: =J73/$K$11 -> 0.019273089 | K74: =K73/$K$11 -> 0.045627031 | L74: =L73/$K$11 -> 0.052460697 | M74: =M73/$K$11 -> 0.098335022 | ... S74: =S73/$K$11 -> 0.082275331
B75: ACUMULADO | F75: =F73 -> 60997.95 | G75: =ROUND(F75+G73,2) -> 111396.92 | H75: =ROUND(G75+H73,2) -> 159247.7 | I75: =ROUND(H75+I73,2) -> 207504.15 | J75: =ROUND(I75+J73,2) -> 219968.39 | K75: =ROUND(J75+K73,2) -> 249476.18 | L75: =ROUND(K75+L73,2) -> 283403.42 | M75: =ROUND(L75+M73,2) -> 346998.38 | N75: =ROUND(M75+N73,2) -> 379107.67 | ... S75: =ROUND(R75+S73,2) -> 646717.3
F76: =F75/$K$11 -> 0.094319342 | G76: =G75/$K$11 -> 0.17224979 | H76: =H75/$K$11 -> 0.24624005 | I76: =I75/$K$11 -> 0.32085758 | J76: =J75/$K$11 -> 0.34013067 | K76: =K75/$K$11 -> 0.3857577 | L76: =L75/$K$11 -> 0.4382184 | M76: =M75/$K$11 -> 0.53655342 | ... S76: =S75/$K$11 -> 1
G82: Mateus Pedro da Silva | M82: Leonardo Mesquita Reis Belico
G83: Engenheiro Civil | M83: Arquiteto e Urbanista

Sheet ABC
B1: PREFEITURA MUNICIPAL DE CAMBUÍ ESTADO DE MINAS GERAIS GESTÃO 2025 / 2028
B2: RELAÇÃO DE ITENS CURVA ABC
B4: OBRA: | E4: FORNECIMENTO DE INSUMOS E MÃO-DE-OBRA ESPECIALIZADA PARA EXECUÇÃO DE UMA EDIFICAÇÃO COM SANITÁRIOS, DEPÓSITO E LANCHONETE.
B5: LOCAL: | E5: =P.O.!E4 -> ESTÁDIO EDMUNDO PACEAU, RUA FELIPE DOS SANTOS, CENTRO, CAMBUÍ, MG
B6: ÁREA CONSTRUÍDA COBERTA:* | E6: =P.O.!E5 -> 115,47 m² - ÁREA DA EDIFICAÇÃO
F8: CONSTRUÇÃO DE EDIFÍCIOS | J8: BDI 1 | K8: 0.2312
K9: =K8+1 -> 1.2312
B10: FAIXAS DA CURVA ABC: | F10: NÃO SE APLICA | J10: BDI 2 | K10: 0
B11: A | C11: 0.8 | D11: Itens cujo % acumulado representam até 80% do valor global. | K11: =K10+1 -> 1
B12: B | C12: 0.95 | D12: Itens cujo % acumulado representam até 15% do valor global.
B13: C | C13: 1 | D13: Itens cujo % acumulado representam até 5% do valor global. | F13: VALOR TOTAL DA OBRA: | J13: =P.O.!J10 -> 646717.3
B15: FONTE | C15: CÓDIGO | D15: DESCRIÇÃO DO ITEM | E15: QTD | F15: UND | G15: VALOR UNITÁRIO | H15: PREÇO TOTAL | I15: VALOR TOTAL | J15: % ITEM | K15: % ACUMUL | L15: ABC
A16: =P.O.!A34 -> S | B16: =P.O.!C34 -> PRÓPRIA | C16: =P.O.!D34 -> CPU 001 | D16: =P.O.!E34 -> ADMINISTRAÇÃO LOCAL | E16: =P.O.!H34 -> 14 | F16: =P.O.!F34 -> MÊS | G16: =P.O.!J34 -> 3711.46 | I16: =P.O.!K34 -> 51960.44 | J16: =I16/$J$13 -> 0.080344905 | K16: =J16 -> 0.080344905 | L16: =IF(K16<$C$11,$B$11,IF(K16<$C$12,$B$12,$B$13)) -> A
A17: =P.O.!A319 -> S | B17: =P.O.!C319 -> PRÓPRIA | C17: =P.O.!D319 -> CPU 014 | D17: =P.O.!E319 -> TELHA TRAPEZOIDAL EM GALVALUME TIPO SANDUÍCHE, NÚCLEO EM PIR 30MM, UMA FACE PINTADA ACABAMENTO RAL 9003, ACABAMENTO INFERIOR EM FORRO EM AÇO GALVALUME ACABAMENTO AMADEIRADO, COM TODOS OS ACESSÓRIOS DE INSTALAÇÃO E MÃO DE OBRA | E17: =P.O.!H319 -> 137.37 | F17: =P.O.!F319 -> M2 | G17: =P.O.!J319 -> 283.95 | I17: =P.O.!K319 -> 39006.21 | J17: =I17/$J$13 -> 0.060314159 | K17: =J17+K16 -> 0.14065906 | L17: =IF(K17<$C$11,$B$11,IF(K17<$C$12,$B$12,$B$13)) -> A
A18: =P.O.!A356 -> S | B18: =P.O.!C356 -> PRÓPRIA | C18: =P.O.!D356 -> CPU 006 | D18: =P.O.!E356 -> REVESTIMENTO COM LADRILHO HIDRÁULICO APLICADO EM PISO COM JUNTA SECA, NA COR NATURAL, TIPO MILANO ASSENTAMENTO COM ARGAMASSA INDUSTRIALIZADA | E18: =P.O.!H356 -> 136.19 | F18: =P.O.!F356 -> M2 | G18: =P.O.!J356 -> 178.39 | I18: =P.O.!K356 -> 24294.93 | J18: =I18/$J$13 -> 0.037566538 | K18: =J18+K17 -> 0.1782256 | L18: =IF(K18<$C$11,$B$11,IF(K18<$C$12,$B$12,$B$13)) -> A
A19: =P.O.!A112 -> S | B19: =P.O.!C112 -> SINAPI | C19: =P.O.!D112 -> 103318 | D19: =P.O.!E112 -> ALVENARIA DE VEDAÇÃO DE BLOCOS VAZADOS DE CONCRETO DE 14X19X39 CM (ESPESSURA 14 CM) E ARGAMASSA DE ASSENTAMENTO COM PREPARO EM BETONEIRA. AF_12/2021 | E19: =P.O.!H112 -> 159.36 | F19: =P.O.!F112 -> M2 | G19: =P.O.!J112 -> 135.71 | I19: =P.O.!K112 -> 21626.75 | J19: =I19/$J$13 -> 0.033440809 | K19: =J19+K18 -> 0.21166641 | L19: =IF(K19<$C$11,$B$11,IF(K19<$C$12,$B$12,$B$13)) -> A
A20: =P.O.!A312 -> S | B20: =P.O.!C312 -> SINAPI | C20: =P.O.!D312 -> 94992 | D20: =P.O.!E312 -> EXECUÇÃO DE PASSEIO (CALÇADA) OU PISO DE CONCRETO COM CONCRETO MOLDADO IN LOCO, FEITO EM OBRA, ACABAMENTO CONVENCIONAL, ESPESSURA 6 CM, ARMADO. AF_08/2022 | E20: =P.O.!H312 -> 205.18 | F20: =P.O.!F312 -> M2 | G20: =P.O.!J312 -> 104.82 | I20: =P.O.!K312 -> 21506.97 | J20: =I20/$J$13 -> 0.033255597 | K20: =J20+K19 -> 0.24492201 | L20: =IF(K20<$C$11,$B$11,IF(K20<$C$12,$B$12,$B$13)) -> A
A21: =P.O.!A332 -> S | B21: =P.O.!C332 -> SEINFRA | C21: =P.O.!D332 -> ED-6282 | D21: =P.O.!E332 -> REBOCO COM ARGAMASSA, TRAÇO 1:2:8 (CIMENTO, CAL E AREIA), ESP. 25MM, APLICAÇÃO MANUAL, INCLUSIVE ARGAMASSA COM PREPARO MECANIZADO | E21: =P.O.!H332 -> 347.32 | F21: =P.O.!F332 -> m2 | G21: =P.O.!J332 -> 55.98 | I21: =P.O.!K332 -> 19442.97 | J21: =I21/$J$13 -> 0.030064094 | K21: =J21+K20 -> 0.2749861 | L21: =IF(K21<$C$11,$B$11,IF(K21<$C$12,$B$12,$B$13)) -> A
A22: =P.O.!A26 -> S | B22: =P.O.!C26 -> SEINFRA | C22: =P.O.!D26 -> ED-50155 | D22: =P.O.!E26 -> LOCAÇÃO DE BANHEIRO QUÍMICO, DIMENSÃO (110X120X230)CM, LINHA PADRÃO, CONTENDO UMA (1) PIA/HIGIENIZADOR DE MÃOS, INCLUSIVE MANUTENÇÃO E MOBILIZAÇÃO/DESMOBILIZAÇÃO | E22: =P.O.!H26 -> 14 | F22: =P.O.!F26 -> mês | G22: =P.O.!J26 -> 1295.91 | I22: =P.O.!K26 -> 18142.74 | J22: =I22/$J$13 -> 0.028053587 | K22: =J22+K21 -> 0.30303969 | L22: =IF(K22<$C$11,$B$11,IF(K22<$C$12,$B$12,$B$13)) -> A
A23: =P.O.!A373 -> S | B23: =P.O.!C373 -> SEINFRA | C23: =P.O.!D373 -> ED-48235 | D23: =P.O.!E373 -> ALVENARIA DE ELEMENTO VAZADO DE VIDRO, BLOCO DE VIDRO (10X20)CM, ESP. 10CM, TIPO CAPELA, INCLUSIVE ARGAMASSA PARA ASSENTAMENTO E REJUNTAMENTO | E23: =P.O.!H373 -> 6.95 | F23: =P.O.!F373 -> m2 | G23: =P.O.!J373 -> 2422.31 | I23: =P.O.!K373 -> 16835.05 | J23: =I23/$J$13 -> 0.026031544 | K23: =J23+K22 -> 0.32907123 | L23: =IF(K23<$C$11,$B$11,IF(K23<$C$12,$B$12,$B$13)) -> A
A24: =P.O.!A364 -> S | B24: =P.O.!C364 -> SEINFRA | C24: =P.O.!D364 -> ED-48533 | D24: =P.O.!E364 -> DIVISÓRIA EM GRANITO CINZA ANDORINHA, ESP. 3CM, INCLUSIVE INSTALAÇÃO, FERRAGENS EM LATÃO CROMADO E ACESSÓRIOS | E24: =P.O.!H364 -> 17.01 | F24: =P.O.!F364 -> m2 | G24: =P.O.!J364 -> 854.28 | I24: =P.O.!K364 -> 14531.3 | J24: =I24/$J$13 -> 0.022469323 | K24: =J24+K23 -> 0.35154056 | L24: =IF(K24<$C$11,$B$11,IF(K24<$C$12,$B$12,$B$13)) -> A
A25: =P.O.!A22 -> S | B25: =P.O.!C22 -> SEINFRA | C25: =P.O.!D22 -> ED-29823 | D25: =P.O.!E22 -> TAPUME FIXO DE PROTEÇÃO PARA FECHAMENTO DE OBRA EM TELHA METÁLICA GALVANIZADA, TIPO TRAPEZOIDAL, ESP. 0,5MM, COM MÓDULO NA DIMENSÃO DE (300X220)CM, COM REAPROVEITAMENTO, EXCLUSIVE PINTURA ESMALTE, INCLUSIVE PONTALETE E FIXAÇÃO | E25: =P.O.!H22 -> 170.04 | F25: =P.O.!F22 -> m2 | G25: =P.O.!J22 -> 82.98 | I25: =P.O.!K22 -> 14109.92 | J25: =I25/$J$13 -> 0.021817756 | K25: =J25+K24 -> 0.37335831 | L25: =IF(K25<$C$11,$B$11,IF(K25<$C$12,$B$12,$B$13)) -> A
A26: =P.O.!A27 -> S | B26: =P.O.!C27 -> SINAPI - EQUIPAMENTO (LOCAÇÃO) | C26: =P.O.!D27 -> 10776 | D26: =P.O.!E27 -> LOCACAO DE CONTAINER 2,30 X 6,00 M, ALT. 2,50 M, PARA ESCRITORIO, SEM DIVISORIAS INTERNAS E SEM SANITARIO (NAO INCLUI MOBILIZACAO/DESMOBILIZACAO) | E26: =P.O.!H27 -> 14 | F26: =P.O.!F27 -> MES | G26: =P.O.!J27 -> 973.86 | I26: =P.O.!K27 -> 13634.04 | J26: =I26/$J$13 -> 0.021081916 | K26: =J26+K25 -> 0.39444023 | L26: =IF(K26<$C$11,$B$11,IF(K26<$C$12,$B$12,$B$13)) -> A
A27: =P.O.!A67 -> S | B27: =P.O.!C67 -> SINAPI | C27: =P.O.!D67 -> 92452 | D27: =P.O.!E67 -> MONTAGEM E DESMONTAGEM DE FÔRMA DE VIGA, ESCORAMENTO METÁLICO, PÉ-DIREITO SIMPLES, EM CHAPA DE MADEIRA RESINADA, 2 UTILIZAÇÕES. AF_09/2020 | E27: =P.O.!H67 -> 55.35 | F27: =P.O.!F67 -> M2 | G27: =P.O.!J67 -> 231.83 | I27: =P.O.!K67 -> 12831.79 | J27: =I27/$J$13 -> 0.019841421 | K27: =J27+K26 -> 0.41428165 | L27: =IF(K27<$C$11,$B$11,IF(K27<$C$12,$B$12,$B$13)) -> A
A28: =P.O.!A69 -> S | B28: =P.O.!C69 -> CDHU - SERVIÇOS | C28: =P.O.!D69 -> 13.01.130 | D28: =P.O.!E69 -> Laje pré-fabricada mista vigota treliçada/lajota cerâmica - LT 12 (8+4) e capa com concreto de 25 MPa | E28: =P.O.!H69 -> 65.95 | F28: =P.O.!F69 -> M2 | G28: =P.O.!J69 -> 189.71 | I28: =P.O.!K69 -> 12511.37 | J28: =I28/$J$13 -> 0.019345965 | K28: =J28+K27 -> 0.43362761 | L28: =IF(K28<$C$11,$B$11,IF(K28<$C$12,$B$12,$B$13)) -> A
A29: =P.O.!A400 -> S | B29: =P.O.!C400 -> PRÓPRIA | C29: =P.O.!D400 -> CPU 011 | D29: =P.O.!E400 -> PORTA METÁLICA, TIPO DE ABRIR, COM UMA (1) FOLHA, EM CHAPA GALVANIZADA LAMBRIL, MODELO QUADRADO, INCLUSIVE PINTURA ANTICORROSIVA A BASE DE ÓXIDO DE FERRO (ZARCÃO), UMA (1) DEMÃO, FORNECIMENTO E ASSENTAMENTO, FECHADURA E DOBRADIÇA COM ESTRUTURA EM TUBO DE AÇO GALVANIZADO TUBULAR 100 X 30MM, E=2,0 MM. | E29: =P.O.!H400 -> 16.55 | F29: =P.O.!F400 -> M2 | G29: =P.O.!J400 -> 752.47 | I29: =P.O.!K400 -> 12453.38 | J29: =I29/$J$13 -> 0.019256296 | K29: =J29+K28 -> 0.45288391 | L29: =IF(K29<$C$11,$B$11,IF(K29<$C$12,$B$12,$B$13)) -> A
A30: =P.O.!A109 -> S | B30: =P.O.!C109 -> SINAPI | C30: =P.O.!D109 -> 103318 | D30: =P.O.!E109 -> ALVENARIA DE VEDAÇÃO DE BLOCOS VAZADOS DE CONCRETO DE 14X19X39 CM (ESPESSURA 14 CM) E ARGAMASSA DE ASSENTAMENTO COM PREPARO EM BETONEIRA. AF_12/2021 | E30: =P.O.!H109 -> 90.32 | F30: =P.O.!F109 -> M2 | G30: =P.O.!J109 -> 135.71 | I30: =P.O.!K109 -> 12257.33 | J30: =I30/$J$13 -> 0.01895315 | K30: =J30+K29 -> 0.47183706 | L30: =IF(K30<$C$11,$B$11,IF(K30<$C$12,$B$12,$B$13)) -> A
A31: =P.O.!A360 -> S | B31: =P.O.!C360 -> SEINFRA | C31: =P.O.!D360 -> ED-9081 | D31: =P.O.!E360 -> REVESTIMENTO COM CERÂMICA APLICADO EM PAREDE, ACABAMENTO ESMALTADO, AMBIENTE INTERNO/EXTERNO, PADRÃO EXTRA, DIMENSÃO DA PEÇA ATÉ 2025 CM2, PEI III, ASSENTAMENTO COM ARGAMASSA INDUSTRIALIZADA, INCLUSIVE REJUNTAMENTO | E31: =P.O.!H360 -> 125.16 | F31: =P.O.!F360 -> m2 | G31: =P.O.!J360 -> 97.59 | I31: =P.O.!K360 -> 12214.36 | J31: =I31/$J$13 -> 0.018886707 | K31: =J31+K30 -> 0.49072377 | L31: =IF(K31<$C$11,$B$11,IF(K31<$C$12,$B$12,$B$13)) -> A
A32: =P.O.!A353 -> S | B32: =P.O.!C353 -> SEINFRA | C32: =P.O.!D353 -> ED-50568 | D32: =P.O.!E353 -> CONTRAPISO DESEMPENADO COM ARGAMASSA, TRAÇO 1:3 (CIMENTO E AREIA), ESP. 30MM, INCLUSIVE ARGAMASSA COM PREPARO MECANIZADO | E32: =P.O.!H353 -> 205.18 | F32: =P.O.!F353 -> m2 | G32: =P.O.!J353 -> 58.56 | I32: =P.O.!K353 -> 12015.34 | J32: =I32/$J$13 -> 0.018578968 | K32: =J32+K31 -> 0.50930274 | L32: =IF(K32<$C$11,$B$11,IF(K32<$C$12,$B$12,$B$13)) -> A
A33: =P.O.!A52 -> S | B33: =P.O.!C52 -> SINAPI | C33: =P.O.!D52 -> 96531 | D33: =P.O.!E52 -> FABRICAÇÃO, MONTAGEM E DESMONTAGEM DE FÔRMA PARA BLOCO DE COROAMENTO, EM MADEIRA SERRADA, E=25 MM, 2 UTILIZAÇÕES. AF_01/2024 | E33: =P.O.!H52 -> 86.16 | F33: =P.O.!F52 -> M2 | G33: =P.O.!J52 -> 134.29 | I33: =P.O.!K52 -> 11570.43 | J33: =I33/$J$13 -> 0.017891017 | K33: =J33+K32 -> 0.52719375 | L33: =IF(K33<$C$11,$B$11,IF(K33<$C$12,$B$12,$B$13)) -> A
A34: =P.O.!A318 -> S | B34: =P.O.!C318 -> PRÓPRIA | C34: =P.O.!D318 -> CPU 002 | D34: =P.O.!E318 -> TRAMA DE MADEIRA COMPOSTA POR TERÇAS PARA TELHADOS DE ATÉ 2 ÁGUAS PARA TELHA ONDULADA DE FIBROCIMENTO, METÁLICA, PLÁSTICA OU TERMOACÚSTICA, INCLUSO TRANSPORTE VERTICAL. | E34: =P.O.!H318 -> 137.37 | F34: =P.O.!F318 -> M2 | G34: =P.O.!J318 -> 84.18 | I34: =P.O.!K318 -> 11563.81 | J34: =I34/$J$13 -> 0.01788078 | K34: =J34+K33 -> 0.54507453 | L34: =IF(K34<$C$11,$B$11,IF(K34<$C$12,$B$12,$B$13)) -> A
A35: =P.O.!A40 -> S | B35: =P.O.!C40 -> SEINFRA | C35: =P.O.!D40 -> ED-32124 | D35: =P.O.!E40 -> FORNECIMENTO DE CONCRETO ESTRUTURAL, USINADO BOMBEADO, COM FCK 30MPA, CONSUMO MÍNIMO DE CIMENTO DE 400KG/M3, INCLUSIVE LANÇAMENTO, ADENSAMENTO E ACABAMENTO (FUNDAÇÃO) | E35: =P.O.!H40 -> 10.23 | F35: =P.O.!F40 -> m3 | G35: =P.O.!J40 -> 903.41 | I35: =P.O.!K40 -> 9241.88 | J35: =I35/$J$13 -> 0.014290448 | K35: =J35+K34 -> 0.55936498 | L35: =IF(K35<$C$11,$B$11,IF(K35<$C$12,$B$12,$B$13)) -> A
A36: =P.O.!A37 -> S | B36: =P.O.!C37 -> PRÓPRIA | C36: =P.O.!D37 -> CPU 005 | D36: =P.O.!E37 -> EXECUÇÃO DE ESTACA TIPO HÉLICE CONTÍNUA, DIÂMETRO 25CM, INCLUSIVE AFASTAMENTO LATERAL, EXCLUSIVE ARMAÇÃO, CONCRETO ESTRUTURAL, TRANSPORTE E RETIRADA DO MATERIAL ESCAVADO | E36: =P.O.!H37 -> 165 | F36: =P.O.!F37 -> m | G36: =P.O.!J37 -> 55.37 | I36: =P.O.!K37 -> 9136.05 | J36: =I36/$J$13 -> 0.014126806 | K36: =J36+K35 -> 0.57349179 | L36: =IF(K36<$C$11,$B$11,IF(K36<$C$12,$B$12,$B$13)) -> A
A37: =P.O.!A354 -> S | B37: =P.O.!C354 -> SEINFRA | C37: =P.O.!D354 -> ED-50754 | D37: =P.O.!E354 -> REVESTIMENTO COM PORCELANATO APLICADO EM PISO, ACABAMENTO POLÍDO, AMBIENTE INTERNO, PADRÃO EXTRA, BORDA RETIFICADA, DIMENSÃO DA PEÇA (60X60)CM, ASSENTAMENTO COM ARGAMASSA INDUSTRIALIZADA, INCLUSIVE REJUNTAMENTO | E37: =P.O.!H354 -> 70.4 | F37: =P.O.!F354 -> m2 | G37: =P.O.!J354 -> 129.04 | I37: =P.O.!K354 -> 9084.42 | J37: =I37/$J$13 -> 0.014046972 | K37: =J37+K36 -> 0.58753876 | L37: =IF(K37<$C$11,$B$11,IF(K37<$C$12,$B$12,$B$13)) -> A
A38: =P.O.!A397 -> S | B38: =P.O.!C397 -> PRÓPRIA | C38: =P.O.!D397 -> CPU 008 | D38: =P.O.!E397 -> PORTÃO DE FERRO, ABERTURA ESTILO PORTA CAMARÃO, COM ARMAÇÃO DE METALON, DETALHES EM CHAPA DE AÇO GALVANIZADO E BARRAS CHATA, COMPLETO, COM FECHADURA E DOBRADIÇAS | E38: =P.O.!H397 -> 9.98 | F38: =P.O.!F397 -> M2 | G38: =P.O.!J397 -> 861.37 | I38: =P.O.!K397 -> 8596.47 | J38: =I38/$J$13 -> 0.01329247 | K38: =J38+K37 -> 0.60083123 | L38: =IF(K38<$C$11,$B$11,IF(K38<$C$12,$B$12,$B$13)) -> A
A39: =P.O.!A327 -> S | B39: =P.O.!C327 -> SEINFRA | C39: =P.O.!D327 -> ED-6282 | D39: =P.O.!E327 -> REBOCO COM ARGAMASSA, TRAÇO 1:2:8 (CIMENTO, CAL E AREIA), ESP. 25MM, APLICAÇÃO MANUAL, INCLUSIVE ARGAMASSA COM PREPARO MECANIZADO | E39: =P.O.!H327 -> 152.92 | F39: =P.O.!F327 -> m2 | G39: =P.O.!J327 -> 55.98 | I39: =P.O.!K327 -> 8560.46 | J39: =I39/$J$13 -> 0.013236788 | K39: =J39+K38 -> 0.61406802 | L39: =IF(K39<$C$11,$B$11,IF(K39<$C$12,$B$12,$B$13)) -> A
A40: =P.O.!A412 -> S | B40: =P.O.!C412 -> SEINFRA | C40: =P.O.!D412 -> ED-50451 | D40: =P.O.!E412 -> PINTURA ACRÍLICA EM PAREDE, DUAS (2) DEMÃOS, COM APLICAÇÃO MANUAL, EXCLUSIVE SELADOR ACRÍLICO E MASSA ACRÍLICA/CORRIDA (PVA) | E40: =P.O.!H412 -> 375.08 | F40: =P.O.!F412 -> m2 | G40: =P.O.!J412 -> 20.45 | I40: =P.O.!K412 -> 7670.39 | J40: =I40/$J$13 -> 0.011860499 | K40: =J40+K39 -> 0.62592852 | L40: =IF(K40<$C$11,$B$11,IF(K40<$C$12,$B$12,$B$13)) -> A
A41: =P.O.!A60 -> S | B41: =P.O.!C60 -> SEINFRA | C41: =P.O.!D60 -> ED-31566 | D41: =P.O.!E60 -> FÔRMA E DESFORMA PARA PILAR COM CHAPA DE COMPENSADO RESINADO, ESP. 14MM, REAPROVEITAMENTO (3X), EXCLUSIVE ESCORAMENTO | E41: =P.O.!H60 -> 58.66 | F41: =P.O.!F60 -> m2 | G41: =P.O.!J60 -> 117.08 | I41: =P.O.!K60 -> 6867.91 | J41: =I41/$J$13 -> 0.010619648 | K41: =J41+K40 -> 0.63654816 | L41: =IF(K41<$C$11,$B$11,IF(K41<$C$12,$B$12,$B$13)) -> A
A42: =P.O.!A415 -> S | B42: =P.O.!C415 -> SINAPI | C42: =P.O.!D415 -> 100758 | D42: =P.O.!E415 -> PINTURA COM TINTA ALQUÍDICA DE ACABAMENTO (ESMALTE SINTÉTICO ACETINADO) APLICADA A ROLO OU PINCEL SOBRE SUPERFÍCIES METÁLICAS (EXCETO PERFIL) EXECUTADO EM OBRA (02 DEMÃOS). AF_01/2020 | E42: =P.O.!H415 -> 91.46 | F42: =P.O.!F415 -> M2 | G42: =P.O.!J415 -> 73.26 | I42: =P.O.!K415 -> 6700.36 | J42: =I42/$J$13 -> 0.01036057 | K42: =J42+K41 -> 0.64690873 | L42: =IF(K42<$C$11,$B$11,IF(K42<$C$12,$B$12,$B$13)) -> A
A43: =P.O.!A53 -> S | B43: =P.O.!C53 -> SEINFRA | C43: =P.O.!D53 -> ED-49806 | D43: =P.O.!E53 -> FORNECIMENTO DE CONCRETO ESTRUTURAL, USINADO BOMBEADO, COM FCK 30MPA, INCLUSIVE LANÇAMENTO, ADENSAMENTO E ACABAMENTO (FUNDAÇÃO) | E43: =P.O.!H53 -> 7.53 | F43: =P.O.!F53 -> m3 | G43: =P.O.!J53 -> 865.47 | I43: =P.O.!K53 -> 6516.99 | J43: =I43/$J$13 -> 0.010077031 | K43: =J43+K42 -> 0.65698576 | L43: =IF(K43<$C$11,$B$11,IF(K43<$C$12,$B$12,$B$13)) -> A
A44: =P.O.!A30 -> S | B44: =P.O.!C30 -> SINAPI | C44: =P.O.!D30 -> 99059 | D44: =P.O.!E30 -> LOCAÇÃO CONVENCIONAL DE OBRA, UTILIZANDO GABARITO DE TÁBUAS CORRIDAS PONTALETADAS A CADA 2,00M - 2 UTILIZAÇÕES. AF_03/2024 | E44: =P.O.!H30 -> 59.77 | F44: =P.O.!F30 -> M | G44: =P.O.!J30 -> 92.34 | I44: =P.O.!K30 -> 5519.16 | J44: =I44/$J$13 -> 0.0085341153 | K44: =J44+K43 -> 0.66551988 | L44: =IF(K44<$C$11,$B$11,IF(K44<$C$12,$B$12,$B$13)) -> A
A45: =P.O.!A365 -> S | B45: =P.O.!C365 -> SEINFRA | C45: =P.O.!D365 -> ED-21657 | D45: =P.O.!E365 -> BANCADA EM GRANITO, COR CINZA ANDORINHA, ESP. 2CM, ACABAMENTO POLIDO, APOIADA EM ALVENARIA, EXCLUSIVE ALVENARIA, RODABANCA/FRONTÃO, TESTEIRA/FAIXA, FURO EM BANCADA, CUBA METÁLICA, VÁLVULA, SIFÃO, TORNEIRA E ENGATE FLEXÍVEL | E45: =P.O.!H365 -> 10.29 | F45: =P.O.!F365 -> m2 | G45: =P.O.!J365 -> 477.02 | I45: =P.O.!K365 -> 4908.54 | J45: =I45/$J$13 -> 0.0075899315 | K45: =J45+K44 -> 0.67310981 | L45: =IF(K45<$C$11,$B$11,IF(K45<$C$12,$B$12,$B$13)) -> A
A46: =P.O.!A380 -> S | B46: =P.O.!C380 -> SINAPI | C46: =P.O.!D380 -> 86932 | D46: =P.O.!E380 -> VASO SANITÁRIO SIFONADO COM CAIXA ACOPLADA LOUÇA BRANCA - PADRÃO MÉDIO, INCLUSO ENGATE FLEXÍVEL EM METAL CROMADO, 1/2 X 40CM - FORNECIMENTO E INSTALAÇÃO. AF_01/2020 | E46: =P.O.!H380 -> 6 | F46: =P.O.!F380 -> UN | G46: =P.O.!J380 -> 749.79 | I46: =P.O.!K380 -> 4498.74 | J46: =I46/$J$13 -> 0.0069562698 | K46: =J46+K45 -> 0.68006608 | L46: =IF(K46<$C$11,$B$11,IF(K46<$C$12,$B$12,$B$13)) -> A
A47: =P.O.!A331 -> S | B47: =P.O.!C331 -> SINAPI | C47: =P.O.!D331 -> 87905 | D47: =P.O.!E331 -> CHAPISCO APLICADO EM ALVENARIA (COM PRESENÇA DE VÃOS) E ESTRUTURAS DE CONCRETO DE FACHADA, COM COLHER DE PEDREIRO. ARGAMASSA TRAÇO 1:3 COM PREPARO EM BETONEIRA 400L. AF_10/2022 | E47: =P.O.!H331 -> 347.32 | F47: =P.O.!F331 -> M2 | G47: =P.O.!J331 -> 11.22 | I47: =P.O.!K331 -> 3896.93 | J47: =I47/$J$13 -> 0.0060257086 | K47: =J47+K46 -> 0.68609179 | L47: =IF(K47<$C$11,$B$11,IF(K47<$C$12,$B$12,$B$13)) -> A
A48: =P.O.!A399 -> S | B48: =P.O.!C399 -> PRÓPRIA | C48: =P.O.!D399 -> CPU 010 | D48: =P.O.!E399 -> PORTA METÁLICA PARA SANITÁRIO EM CHAPA GALVANIZADA, ESP. 1,25MM (GSG-18), DIMENSÃO 0,70 X 2,0 M, TIPO DE ABRIR, UMA (1) FOLHA, INCLUSIVE BATENTE, ESTRUTURA EM METALON (20X30)MM, DOBRADIÇA E TRANQUETA, EXCLUSIVE PINTURA | E48: =P.O.!H399 -> 5.6 | F48: =P.O.!F399 -> M2 | G48: =P.O.!J399 -> 643.6 | I48: =P.O.!K399 -> 3604.16 | J48: =I48/$J$13 -> 0.0055730069 | K48: =J48+K47 -> 0.6916648 | L48: =IF(K48<$C$11,$B$11,IF(K48<$C$12,$B$12,$B$13)) -> A
A49: =P.O.!A410 -> S | B49: =P.O.!C410 -> SEINFRA | C49: =P.O.!D410 -> ED-50514 | D49: =P.O.!E410 -> PREPARAÇÃO PARA EMASSAMENTO OU PINTURA (LÁTEX/ACRÍLICA) EM PAREDE, INCLUSIVE UMA (1) DEMÃO DE SELADOR ACRÍLICO | E49: =P.O.!H410 -> 375.08 | F49: =P.O.!F410 -> m2 | G49: =P.O.!J410 -> 9.52 | I49: =P.O.!K410 -> 3570.76 | J49: =I49/$J$13 -> 0.0055213615 | K49: =J49+K48 -> 0.69718616 | L49: =IF(K49<$C$11,$B$11,IF(K49<$C$12,$B$12,$B$13)) -> A
A50: =P.O.!A68 -> S | B50: =P.O.!C68 -> SEINFRA | C50: =P.O.!D68 -> ED-49638 | D50: =P.O.!E68 -> FORNECIMENTO DE CONCRETO ESTRUTURAL, USINADO BOMBEADO, COM FCK 25MPA, INCLUSIVE LANÇAMENTO, ADENSAMENTO E ACABAMENTO | E50: =P.O.!H68 -> 4.04 | F50: =P.O.!F68 -> m3 | G50: =P.O.!J68 -> 860.68 | I50: =P.O.!K68 -> 3477.15 | J50: =I50/$J$13 -> 0.0053766151 | K50: =J50+K49 -> 0.70256277 | L50: =IF(K50<$C$11,$B$11,IF(K50<$C$12,$B$12,$B$13)) -> A
A51: =P.O.!A236 -> S | B51: =P.O.!C236 -> SEINFRA | C51: =P.O.!D236 -> ED-20582 | D51: =P.O.!E236 -> ENTRADA DE ENERGIA AÉREA, TIPO C2, PADRÃO CEMIG, CARGA INSTALADA DE 15,1KVA ATÉ 23KVA, TRIFÁSICO, COM SAÍDA SUBTERRÂNEA, INCLUSIVE POSTE, CAIXA PARA MEDIDOR, DISJUNTOR, BARRAMENTO, ATERRAMENTO E ACESSÓRIOS | E51: =P.O.!H236 -> 1 | F51: =P.O.!F236 -> un | G51: =P.O.!J236 -> 3445.21 | I51: =P.O.!K236 -> 3445.21 | J51: =I51/$J$13 -> 0.0053272272 | K51: =J51+K50 -> 0.70789 | L51: =IF(K51<$C$11,$B$11,IF(K51<$C$12,$B$12,$B$13)) -> A
A52: =P.O.!A368 -> S | B52: =P.O.!C368 -> SEINFRA | C52: =P.O.!D368 -> ED-21634 | D52: =P.O.!E368 -> TESTEIRA PARA BANCADA EM GRANITO, COR CINZA ANDORINHA, ESP. 2CM, ALTURA DE 3CM, INCLUSIVE POLIMENTO, CORTE/COLAGEM EM MEIA ESQUADRIA E MASSA PLÁSTICA NA COR DA PEDRA | E52: =P.O.!H368 -> 13.45 | F52: =P.O.!F368 -> m | G52: =P.O.!J368 -> 251.74 | I52: =P.O.!K368 -> 3385.9 | J52: =I52/$J$13 -> 0.0052355179 | K52: =J52+K51 -> 0.71312552 | L52: =IF(K52<$C$11,$B$11,IF(K52<$C$12,$B$12,$B$13)) -> A
A53: =P.O.!A38 -> S | B53: =P.O.!C38 -> SEINFRA | C53: =P.O.!D38 -> ED-29550 | D53: =P.O.!E38 -> CORTE, DOBRA E MONTAGEM DE AÇO CA-50, DIÂMETRO 8MM, INCLUSIVE ESPAÇADOR | E53: =P.O.!H38 -> 195.3 | F53: =P.O.!F38 -> Kg | G53: =P.O.!J38 -> 17.2 | I53: =P.O.!K38 -> 3359.16 | J53: =I53/$J$13 -> 0.0051941706 | K53: =J53+K52 -> 0.71831969 | L53: =IF(K53<$C$11,$B$11,IF(K53<$C$12,$B$12,$B$13)) -> A
A54: =P.O.!A313 -> S | B54: =P.O.!C313 -> SINAPI | C54: =P.O.!D313 -> 96622 | D54: =P.O.!E313 -> LASTRO COM MATERIAL GRANULAR, APLICADO EM PISOS OU LAJES SOBRE SOLO, ESPESSURA DE *5 CM*. AF_01/2024 | E54: =P.O.!H313 -> 10.3 | F54: =P.O.!F313 -> M3 | G54: =P.O.!J313 -> 325.09 | I54: =P.O.!K313 -> 3348.43 | J54: =I54/$J$13 -> 0.0051775791 | K54: =J54+K53 -> 0.72349727 | L54: =IF(K54<$C$11,$B$11,IF(K54<$C$12,$B$12,$B$13)) -> A
A55: =P.O.!A407 -> S | B55: =P.O.!C407 -> SEINFRA | C55: =P.O.!D407 -> ED-51160 | D55: =P.O.!E407 -> VIDRO TEMPERADO TRANSPARENTE INCOLOR, ESP. 10MM, INCLUSIVE FIXAÇÃO E VEDAÇÃO COM GUARNIÇÃO/GAXETA DE BORRACHA NEOPRENE, FORNECIMENTO E INSTALAÇÃO, EXCLUSIVE CAIXILHO/PERFIL | E55: =P.O.!H407 -> 8.09 | F55: =P.O.!F407 -> m2 | G55: =P.O.!J407 -> 413.61 | I55: =P.O.!K407 -> 3346.1 | J55: =I55/$J$13 -> 0.0051739763 | K55: =J55+K54 -> 0.72867124 | L55: =IF(K55<$C$11,$B$11,IF(K55<$C$12,$B$12,$B$13)) -> A
A56: =P.O.!A396 -> S | B56: =P.O.!C396 -> PRÓPRIA | C56: =P.O.!D396 -> CPU 007 | D56: =P.O.!E396 -> PORTAO DE ABRIR / GIRO, EM GRADIL DE METALON QUADRADO DE 40X40MM VERTICAL, COM REQUADRO, ACABAMENTO NATURAL - COMPLETO | E56: =P.O.!H396 -> 4 | F56: =P.O.!F396 -> M2 | G56: =P.O.!J396 -> 816.71 | I56: =P.O.!K396 -> 3266.84 | J56: =I56/$J$13 -> 0.0050514189 | K56: =J56+K55 -> 0.73372266 | L56: =IF(K56<$C$11,$B$11,IF(K56<$C$12,$B$12,$B$13)) -> A
A57: =P.O.!A31 -> S | B57: =P.O.!C31 -> SEINFRA | C57: =P.O.!D31 -> ED-50275 | D57: =P.O.!E31 -> LOCAÇÃO TOPOGRÁFICA DE VINTE UM (21) ATÉ CINQUENTA (50) PONTOS REFERENCIAIS, INCLUSIVE ESTACA (PIQUETE) DE MARCAÇÃO | E57: =P.O.!H31 -> 33 | F57: =P.O.!F31 -> un | G57: =P.O.!J31 -> 93.27 | I57: =P.O.!K31 -> 3077.91 | J57: =I57/$J$13 -> 0.004759282 | K57: =J57+K56 -> 0.73848195 | L57: =IF(K57<$C$11,$B$11,IF(K57<$C$12,$B$12,$B$13)) -> A
A58: =P.O.!A61 -> S | B58: =P.O.!C61 -> SEINFRA | C58: =P.O.!D61 -> ED-49619 | D58: =P.O.!E61 -> FORNECIMENTO DE CONCRETO ESTRUTURAL, PREPARADO EM OBRA, COM FCK 25MPA, INCLUSIVE LANÇAMENTO, ADENSAMENTO E ACABAMENTO | E58: =P.O.!H61 -> 2.87 | F58: =P.O.!F61 -> m3 | G58: =P.O.!J61 -> 1036.53 | I58: =P.O.!K61 -> 2974.84 | J58: =I58/$J$13 -> 0.0045999079 | K58: =J58+K57 -> 0.74308185 | L58: =IF(K58<$C$11,$B$11,IF(K58<$C$12,$B$12,$B$13)) -> A
A59: =P.O.!A382 -> S | B59: =P.O.!C382 -> SINAPI | C59: =P.O.!D382 -> 100858 | D59: =P.O.!E382 -> MICTÓRIO SIFONADO LOUÇA BRANCA - PADRÃO MÉDIO - FORNECIMENTO E INSTALAÇÃO. AF_01/2020 | E59: =P.O.!H382 -> 3 | F59: =P.O.!F382 -> UN | G59: =P.O.!J382 -> 991.49 | I59: =P.O.!K382 -> 2974.47 | J59: =I59/$J$13 -> 0.0045993358 | K59: =J59+K58 -> 0.74768119 | L59: =IF(K59<$C$11,$B$11,IF(K59<$C$12,$B$12,$B$13)) -> A
A60: =P.O.!A398 -> S | B60: =P.O.!C398 -> PRÓPRIA | C60: =P.O.!D398 -> CPU 009 | D60: =P.O.!E398 -> PORTA METÁLICA PARA SANITÁRIO EM CHAPA GALVANIZADA, ESP. 1,25MM (GSG-18), DIMENSÃO 0,90 X 2,0 M, TIPO DE ABRIR, UMA (1) FOLHA, INCLUSIVE BATENTE, ESTRUTURA EM METALON (20X30)MM, DOBRADIÇA E TRANQUETA, EXCLUSIVE PINTURA | E60: =P.O.!H398 -> 3.6 | F60: =P.O.!F398 -> M2 | G60: =P.O.!J398 -> 819.4 | I60: =P.O.!K398 -> 2949.84 | J60: =I60/$J$13 -> 0.0045612511 | K60: =J60+K59 -> 0.75224244 | L60: =IF(K60<$C$11,$B$11,IF(K60<$C$12,$B$12,$B$13)) -> A
A61: =P.O.!A23 -> S | B61: =P.O.!C23 -> SEINFRA | C61: =P.O.!D23 -> ED-14457 | D61: =P.O.!E23 -> PORTÃO PARA TAPUME FIXO DE PROTEÇÃO COM FECHAMENTO DE OBRA EM TELHA METÁLICA GALVANIZADA, TIPO TRAPEZOIDAL ESP. 0,5MM, COM MÓDULO NA DIMENSÃO DE (300X220)CM, EXCLUSIVE PINTURA ESMALTE | E61: =P.O.!H23 -> 12 | F61: =P.O.!F23 -> m2 | G61: =P.O.!J23 -> 238.82 | I61: =P.O.!K23 -> 2865.84 | J61: =I61/$J$13 -> 0.0044313644 | K61: =J61+K60 -> 0.7566738 | L61: =IF(K61<$C$11,$B$11,IF(K61<$C$12,$B$12,$B$13)) -> A
A62: =P.O.!A132 -> S | B62: =P.O.!C132 -> SINAPI | C62: =P.O.!D132 -> 86881 | D62: =P.O.!E132 -> SIFÃO DO TIPO GARRAFA EM METAL CROMADO 1 X 1.1/2" - FORNECIMENTO E INSTALAÇÃO. AF_01/2020 | E62: =P.O.!H132 -> 10 | F62: =P.O.!F132 -> UN | G62: =P.O.!J132 -> 284.66 | I62: =P.O.!K132 -> 2846.6 | J62: =I62/$J$13 -> 0.0044016141 | K62: =J62+K61 -> 0.76107542 | L62: =IF(K62<$C$11,$B$11,IF(K62<$C$12,$B$12,$B$13)) -> A
A63: =P.O.!A64 -> S | B63: =P.O.!C64 -> SEINFRA | C63: =P.O.!D64 -> ED-29551 | D63: =P.O.!E64 -> CORTE, DOBRA E MONTAGEM DE AÇO CA-50, DIÂMETRO 10MM, INCLUSIVE ESPAÇADOR | E63: =P.O.!H64 -> 159.2 | F63: =P.O.!F64 -> Kg | G63: =P.O.!J64 -> 16.69 | I63: =P.O.!K64 -> 2657.05 | J63: =I63/$J$13 -> 0.0041085185 | K63: =J63+K62 -> 0.76518394 | L63: =IF(K63<$C$11,$B$11,IF(K63<$C$12,$B$12,$B$13)) -> A
A64: =P.O.!A406 -> S | B64: =P.O.!C406 -> PRÓPRIA | C64: =P.O.!D406 -> CPU 013 | D64: =P.O.!E406 -> ESTRUTURA METÁLICA PARA SUPORTE DE VIDRO TEMPERADO | E64: =P.O.!H406 -> 20.08 | F64: =P.O.!F406 -> M | G64: =P.O.!J406 -> 126.12 | I64: =P.O.!K406 -> 2532.49 | J64: =I64/$J$13 -> 0.003915915 | K64: =J64+K63 -> 0.76909985 | L64: =IF(K64<$C$11,$B$11,IF(K64<$C$12,$B$12,$B$13)) -> A
A65: =P.O.!A122 -> S | B65: =P.O.!C122 -> SEINFRA | C65: =P.O.!D122 -> ED-48216 | D65: =P.O.!E122 -> ALVENARIA DE BLOCO DE CONCRETO CHEIO SEM ARMAÇÃO, EM CONCRETO COM FCK 15MPA , ESP. 14CM, PARA REVESTIMENTO, INCLUSIVE ARGAMASSA PARA ASSENTAMENTO (DETALHE D - CADERNO SEDS) | E65: =P.O.!H122 -> 13.07 | F65: =P.O.!F122 -> m2 | G65: =P.O.!J122 -> 191.29 | I65: =P.O.!K122 -> 2500.16 | J65: =I65/$J$13 -> 0.0038659241 | K65: =J65+K64 -> 0.77296578 | L65: =IF(K65<$C$11,$B$11,IF(K65<$C$12,$B$12,$B$13)) -> A
A66: =P.O.!A390 -> S | B66: =P.O.!C390 -> ORSE | C66: =P.O.!D390 -> 03259/ORSE | D66: =P.O.!E390 -> Fornecimento e instalação de torneira pressmatic compact de mesa, ref. 17160606, docol ou similar | E66: =P.O.!H390 -> 9 | F66: =P.O.!F390 -> UN | G66: =P.O.!J390 -> 277.57 | I66: =P.O.!K390 -> 2498.13 | J66: =I66/$J$13 -> 0.0038627852 | K66: =J66+K65 -> 0.77682856 | L66: =IF(K66<$C$11,$B$11,IF(K66<$C$12,$B$12,$B$13)) -> A
A67: =P.O.!A322 -> S | B67: =P.O.!C322 -> PRÓPRIA | C67: =P.O.!D322 -> CPU 003 | D67: =P.O.!E322 -> LAJE DE CONCRETO ARMADO PARA COBERTURA DE ABRIGO DE GÁS | E67: =P.O.!H322 -> 5.49 | F67: =P.O.!F322 -> M2 | G67: =P.O.!J322 -> 452.36 | I67: =P.O.!K322 -> 2483.46 | J67: =I67/$J$13 -> 0.0038401014 | K67: =J67+K66 -> 0.78066866 | L67: =IF(K67<$C$11,$B$11,IF(K67<$C$12,$B$12,$B$13)) -> A
A68: =P.O.!A269 -> S | B68: =P.O.!C269 -> SINAPI | C68: =P.O.!D269 -> 103018 | D68: =P.O.!E269 -> VÁLVULA DE DESCARGA METÁLICA, BASE 1 1/4", ACABAMENTO METALICO CROMADO - FORNECIMENTO E INSTALAÇÃO. AF_08/2021 | E68: =P.O.!H269 -> 6 | F68: =P.O.!F269 -> UN | G68: =P.O.!J269 -> 412.33 | I68: =P.O.!K269 -> 2473.98 | J68: =I68/$J$13 -> 0.0038254427 | K68: =J68+K67 -> 0.78449411 | L68: =IF(K68<$C$11,$B$11,IF(K68<$C$12,$B$12,$B$13)) -> A
A69: =P.O.!A58 -> S | B69: =P.O.!C58 -> SEINFRA | C69: =P.O.!D58 -> ED-29551 | D69: =P.O.!E58 -> CORTE, DOBRA E MONTAGEM DE AÇO CA-50, DIÂMETRO 10MM, INCLUSIVE ESPAÇADOR | E69: =P.O.!H58 -> 143.4 | F69: =P.O.!F58 -> Kg | G69: =P.O.!J58 -> 16.69 | I69: =P.O.!K58 -> 2393.35 | J69: =I69/$J$13 -> 0.0037007669 | K69: =J69+K68 -> 0.78819487 | L69: =IF(K69<$C$11,$B$11,IF(K69<$C$12,$B$12,$B$13)) -> A
A70: =P.O.!A15 -> S | B70: =P.O.!C15 -> SINAPI | C70: =P.O.!D15 -> 103689 | D70: =P.O.!E15 -> FORNECIMENTO E INSTALAÇÃO DE PLACA DE OBRA COM CHAPA GALVANIZADA E ESTRUTURA DE MADEIRA. AF_03/2022_PS | E70: =P.O.!H15 -> 4.5 | F70: =P.O.!F15 -> M2 | G70: =P.O.!J15 -> 527.5 | I70: =P.O.!K15 -> 2373.75 | J70: =I70/$J$13 -> 0.00367046 | K70: =J70+K69 -> 0.79186533 | L70: =IF(K70<$C$11,$B$11,IF(K70<$C$12,$B$12,$B$13)) -> A
A71: =P.O.!A206 -> S | B71: =P.O.!C206 -> SEINFRA | C71: =P.O.!D206 -> ED-48989 | D71: =P.O.!E206 -> CABO UNIPOLAR DE COBRE FLEXÍVEL, CLASSE 5, ISOLAMENTO TIPO EPR/HEPR, NÃO HALOGENADO E ANTICHAMA, DIÂMETRO DA SEÇÃO DE 2,5MM2, TEMPERATURA DE TRABALHO 90°C, TENSÃO NOMINAL DE OPERAÇÃO 0,6/1KV | E71: =P.O.!H206 -> 361.25 | F71: =P.O.!F206 -> m | G71: =P.O.!J206 -> 6.55 | I71: =P.O.!K206 -> 2366.19 | J71: =I71/$J$13 -> 0.0036587702 | K71: =J71+K70 -> 0.7955241 | L71: =IF(K71<$C$11,$B$11,IF(K71<$C$12,$B$12,$B$13)) -> A
A72: =P.O.!A383 -> S | B72: =P.O.!C383 -> SINAPI | C72: =P.O.!D383 -> 86937 | D72: =P.O.!E383 -> CUBA DE EMBUTIR OVAL EM LOUÇA BRANCA, 35 X 50CM OU EQUIVALENTE, INCLUSO VÁLVULA EM METAL CROMADO E SIFÃO FLEXÍVEL EM PVC - FORNECIMENTO E INSTALAÇÃO. AF_01/2020 | E72: =P.O.!H383 -> 7 | F72: =P.O.!F383 -> UN | G72: =P.O.!J383 -> 311.85 | I72: =P.O.!K383 -> 2182.95 | J72: =I72/$J$13 -> 0.0033754316 | K72: =J72+K71 -> 0.79889953 | L72: =IF(K72<$C$11,$B$11,IF(K72<$C$12,$B$12,$B$13)) -> A
A73: =P.O.!A71 -> S | B73: =P.O.!C71 -> SEINFRA | C73: =P.O.!D71 -> ED-19637 | D73: =P.O.!E71 -> CIMBRAMENTO PARA LAJE PRÉ-MOLDADA COM ESCORAMENTO METÁLICO, TIPO "A", ALTURA DE (200 ATÉ 310)CM, INCLUSIVE DESCARGA, MONTAGEM, DESMONTAGEM E CARGA | E73: =P.O.!H71 -> 74.93 | F73: =P.O.!F71 -> m2xmês | G73: =P.O.!J71 -> 28.97 | I73: =P.O.!K71 -> 2170.72 | J73: =I73/$J$13 -> 0.0033565207 | K73: =J73+K72 -> 0.80225606 | L73: =IF(K73<$C$11,$B$11,IF(K73<$C$12,$B$12,$B$13)) -> B
A74: =P.O.!A49 -> S | B74: =P.O.!C49 -> SEINFRA | C74: =P.O.!D49 -> ED-29548 | D74: =P.O.!E49 -> CORTE, DOBRA E MONTAGEM DE AÇO CA-60, DIÂMETRO 5MM, INCLUSIVE ESPAÇADOR | E74: =P.O.!H49 -> 120.2 | F74: =P.O.!F49 -> Kg | G74: =P.O.!J49 -> 17.62 | I74: =P.O.!K49 -> 2117.92 | J74: =I74/$J$13 -> 0.0032748776 | K74: =J74+K73 -> 0.80553093 | L74: =IF(K74<$C$11,$B$11,IF(K74<$C$12,$B$12,$B$13)) -> B
A75: =P.O.!A376 -> S | B75: =P.O.!C376 -> SEINFRA | C75: =P.O.!D376 -> ED-9066 | D75: =P.O.!E376 -> REVESTIMENTO DE GESSO EM TETO, ESP. 5MM, APLICAÇÃO MANUAL, INCLUSIVE ACABAMENTO SARRAFEADO | E75: =P.O.!H376 -> 63 | F75: =P.O.!F376 -> m2 | G75: =P.O.!J376 -> 33.42 | I75: =P.O.!K376 -> 2105.46 | J75: =I75/$J$13 -> 0.0032556111 | K75: =J75+K74 -> 0.80878654 | L75: =IF(K75<$C$11,$B$11,IF(K75<$C$12,$B$12,$B$13)) -> B
A76: =P.O.!A125 -> S | B76: =P.O.!C125 -> SINAPI | C76: =P.O.!D125 -> 103318 | D76: =P.O.!E125 -> ALVENARIA DE VEDAÇÃO DE BLOCOS VAZADOS DE CONCRETO DE 14X19X39 CM (ESPESSURA 14 CM) E ARGAMASSA DE ASSENTAMENTO COM PREPARO EM BETONEIRA. AF_12/2021 | E76: =P.O.!H125 -> 15.44 | F76: =P.O.!F125 -> M2 | G76: =P.O.!J125 -> 135.71 | I76: =P.O.!K125 -> 2095.36 | J76: =I76/$J$13 -> 0.0032399937 | K76: =J76+K75 -> 0.81202654 | L76: =IF(K76<$C$11,$B$11,IF(K76<$C$12,$B$12,$B$13)) -> B
A77: =P.O.!A19 -> S | B77: =P.O.!C19 -> SEINFRA | C77: =P.O.!D19 -> ED-50137 | D77: =P.O.!E19 -> MOBILIZAÇÃO E DESMOBILIZAÇÃO DE CONTAINER, INCLUSIVE CARGA, DESCARGA E TRANSPORTE EM CAMINHÃO CARROCERIA COM GUINDAUTO (MUNCK), EXCLUSIVE LOCAÇÃO DO CONTAINER | E77: =P.O.!H19 -> 1 | F77: =P.O.!F19 -> un | G77: =P.O.!J19 -> 2059.83 | I77: =P.O.!K19 -> 2059.83 | J77: =I77/$J$13 -> 0.0031850547 | K77: =J77+K76 -> 0.81521159 | L77: =IF(K77<$C$11,$B$11,IF(K77<$C$12,$B$12,$B$13)) -> B
A78: =P.O.!A47 -> S | B78: =P.O.!C47 -> SEINFRA | C78: =P.O.!D47 -> ED-29551 | D78: =P.O.!E47 -> CORTE, DOBRA E MONTAGEM DE AÇO CA-50, DIÂMETRO 10MM, INCLUSIVE ESPAÇADOR | E78: =P.O.!H47 -> 123.1 | F78: =P.O.!F47 -> Kg | G78: =P.O.!J47 -> 16.69 | I78: =P.O.!K47 -> 2054.54 | J78: =I78/$J$13 -> 0.003176875 | K78: =J78+K77 -> 0.81838847 | L78: =IF(K78<$C$11,$B$11,IF(K78<$C$12,$B$12,$B$13)) -> B
A79: =P.O.!A48 -> S | B79: =P.O.!C48 -> SEINFRA | C79: =P.O.!D48 -> ED-29550 | D79: =P.O.!E48 -> CORTE, DOBRA E MONTAGEM DE AÇO CA-50, DIÂMETRO 8MM, INCLUSIVE ESPAÇADOR | E79: =P.O.!H48 -> 115.7 | F79: =P.O.!F48 -> Kg | G79: =P.O.!J48 -> 17.2 | I79: =P.O.!K48 -> 1990.04 | J79: =I79/$J$13 -> 0.0030771405 | K79: =J79+K78 -> 0.82146561 | L79: =IF(K79<$C$11,$B$11,IF(K79<$C$12,$B$12,$B$13)) -> B
A80: =P.O.!A320 -> S | B80: =P.O.!C320 -> ORSE | C80: =P.O.!D320 -> 09077/ORSE | D80: =P.O.!E320 -> CUMEEIRA TERMOACÚSTICA | E80: =P.O.!H320 -> 10.36 | F80: =P.O.!F320 -> m | G80: =P.O.!J320 -> 190.3 | I80: =P.O.!K320 -> 1971.51 | J80: =I80/$J$13 -> 0.0030484881 | K80: =J80+K79 -> 0.8245141 | L80: =IF(K80<$C$11,$B$11,IF(K80<$C$12,$B$12,$B$13)) -> B
A81: =P.O.!A157 -> S | B81: =P.O.!C157 -> SINAPI | C81: =P.O.!D157 -> 89714 | D81: =P.O.!E157 -> TUBO PVC, SERIE NORMAL, ESGOTO PREDIAL, DN 100 MM, FORNECIDO E INSTALADO EM RAMAL DE DESCARGA OU RAMAL DE ESGOTO SANITÁRIO. AF_08/2022 | E81: =P.O.!H157 -> 37.1 | F81: =P.O.!F157 -> M | G81: =P.O.!J157 -> 52.12 | I81: =P.O.!K157 -> 1933.65 | J81: =I81/$J$13 -> 0.0029899463 | K81: =J81+K80 -> 0.82750404 | L81: =IF(K81<$C$11,$B$11,IF(K81<$C$12,$B$12,$B$13)) -> B
A82: =P.O.!A82 -> S | B82: =P.O.!C82 -> SINAPI | C82: =P.O.!D82 -> 92452 | D82: =P.O.!E82 -> MONTAGEM E DESMONTAGEM DE FÔRMA DE VIGA, ESCORAMENTO METÁLICO, PÉ-DIREITO SIMPLES, EM CHAPA DE MADEIRA RESINADA, 2 UTILIZAÇÕES. AF_09/2020 | E82: =P.O.!H82 -> 8.34 | F82: =P.O.!F82 -> M2 | G82: =P.O.!J82 -> 231.83 | I82: =P.O.!K82 -> 1933.46 | J82: =I82/$J$13 -> 0.0029896525 | K82: =J82+K81 -> 0.83049369 | L82: =IF(K82<$C$11,$B$11,IF(K82<$C$12,$B$12,$B$13)) -> B
A83: =P.O.!A372 -> S | B83: =P.O.!C372 -> SINAPI | C83: =P.O.!D372 -> 101162 | D83: =P.O.!E372 -> ALVENARIA DE VEDAÇÃO COM ELEMENTO VAZADO DE CERÂMICA (COBOGÓ) DE 7X20X20CM E ARGAMASSA DE ASSENTAMENTO COM PREPARO EM BETONEIRA. AF_05/2020 | E83: =P.O.!H372 -> 9.33 | F83: =P.O.!F372 -> M2 | G83: =P.O.!J372 -> 205.35 | I83: =P.O.!K372 -> 1915.92 | J83: =I83/$J$13 -> 0.0029625309 | K83: =J83+K82 -> 0.83345623 | L83: =IF(K83<$C$11,$B$11,IF(K83<$C$12,$B$12,$B$13)) -> B
A84: =P.O.!A208 -> S | B84: =P.O.!C208 -> SEINFRA | C84: =P.O.!D208 -> ED-49001 | D84: =P.O.!E208 -> CABO UNIPOLAR DE COBRE FLEXÍVEL, CLASSE 5, ISOLAMENTO TIPO EPR/HEPR, NÃO HALOGENADO E ANTICHAMA, DIÂMETRO DA SEÇÃO DE 16MM2, TEMPERATURA DE TRABALHO 90°C, TENSÃO NOMINAL DE OPERAÇÃO 0,6/1KV | E84: =P.O.!H208 -> 67 | F84: =P.O.!F208 -> m | G84: =P.O.!J208 -> 27.92 | I84: =P.O.!K208 -> 1870.64 | J84: =I84/$J$13 -> 0.0028925158 | K84: =J84+K83 -> 0.83634874 | L84: =IF(K84<$C$11,$B$11,IF(K84<$C$12,$B$12,$B$13)) -> B
A85: =P.O.!A70 -> S | B85: =P.O.!C70 -> CDHU - SERVIÇOS | C85: =P.O.!D70 -> 13.01.150 | D85: =P.O.!E70 -> Laje pré-fabricada mista vigota treliçada/lajota cerâmica - LT 16 (12+4) e capa com concreto de 25 MPa | E85: =P.O.!H70 -> 8.98 | F85: =P.O.!F70 -> M2 | G85: =P.O.!J70 -> 203.17 | I85: =P.O.!K70 -> 1824.47 | J85: =I85/$J$13 -> 0.0028211245 | K85: =J85+K84 -> 0.83916987 | L85: =IF(K85<$C$11,$B$11,IF(K85<$C$12,$B$12,$B$13)) -> B
A86: =P.O.!A401 -> S | B86: =P.O.!C401 -> PRÓPRIA | C86: =P.O.!D401 -> CPU 012 | D86: =P.O.!E401 -> PORTA METÁLICA, TIPO DE CORRER, COM UMA (1) FOLHA, EM CHAPA GALVANIZADA LAMBRIL, MODELO QUADRADO, INCLUSIVE PINTURA ANTICORROSIVA A BASE DE ÓXIDO DE FERRO (ZARCÃO), UMA (1) DEMÃO, FORNECIMENTO E ASSENTAMENTO, FECHADURA E DOBRADIÇA COM ESTRUTURA EM TUBO DE AÇO GALVANIZADO TUBULAR 100 X 30MM, E=2,0 MM. | E86: =P.O.!H401 -> 2.1 | F86: =P.O.!F401 -> M2 | G86: =P.O.!J401 -> 857.66 | I86: =P.O.!K401 -> 1801.09 | J86: =I86/$J$13 -> 0.0027849727 | K86: =J86+K85 -> 0.84195484 | L86: =IF(K86<$C$11,$B$11,IF(K86<$C$12,$B$12,$B$13)) -> B
A87: =P.O.!A96 -> S | B87: =P.O.!C96 -> SINAPI | C87: =P.O.!D96 -> 96531 | D87: =P.O.!E96 -> FABRICAÇÃO, MONTAGEM E DESMONTAGEM DE FÔRMA PARA BLOCO DE COROAMENTO, EM MADEIRA SERRADA, E=25 MM, 2 UTILIZAÇÕES. AF_01/2024 | E87: =P.O.!H96 -> 12.84 | F87: =P.O.!F96 -> M2 | G87: =P.O.!J96 -> 134.29 | I87: =P.O.!K96 -> 1724.28 | J87: =I87/$J$13 -> 0.0026662036 | K87: =J87+K86 -> 0.84462104 | L87: =IF(K87<$C$11,$B$11,IF(K87<$C$12,$B$12,$B$13)) -> B
A88: =P.O.!A326 -> S | B88: =P.O.!C326 -> SINAPI | C88: =P.O.!D326 -> 87905 | D88: =P.O.!E326 -> CHAPISCO APLICADO EM ALVENARIA (COM PRESENÇA DE VÃOS) E ESTRUTURAS DE CONCRETO DE FACHADA, COM COLHER DE PEDREIRO. ARGAMASSA TRAÇO 1:3 COM PREPARO EM BETONEIRA 400L. AF_10/2022 | E88: =P.O.!H326 -> 152.92 | F88: =P.O.!F326 -> M2 | G88: =P.O.!J326 -> 11.22 | I88: =P.O.!K326 -> 1715.76 | J88: =I88/$J$13 -> 0.0026530294 | K88: =J88+K87 -> 0.84727407 | L88: =IF(K88<$C$11,$B$11,IF(K88<$C$12,$B$12,$B$13)) -> B
A89: =P.O.!A307 -> S | B89: =P.O.!C307 -> SINAPI | C89: =P.O.!D307 -> 102609 | D89: =P.O.!E307 -> CAIXA D´ÁGUA EM POLIETILENO, 2000 LITROS - FORNECIMENTO E INSTALAÇÃO. AF_06/2021 | E89: =P.O.!H307 -> 1 | F89: =P.O.!F307 -> UN | G89: =P.O.!J307 -> 1665.01 | I89: =P.O.!K307 -> 1665.01 | J89: =I89/$J$13 -> 0.0025745561 | K89: =J89+K88 -> 0.84984863 | L89: =IF(K89<$C$11,$B$11,IF(K89<$C$12,$B$12,$B$13)) -> B
A90: =P.O.!A413 -> S | B90: =P.O.!C413 -> SEINFRA | C90: =P.O.!D413 -> ED-50452 | D90: =P.O.!E413 -> PINTURA ACRÍLICA EM TETO, DUAS (2) DEMÃOS, COM APLICAÇÃO MANUAL, EXCLUSIVE SELADOR ACRÍLICO E MASSA ACRÍLICA/CORRIDA (PVA) | E90: =P.O.!H413 -> 63 | F90: =P.O.!F413 -> m2 | G90: =P.O.!J413 -> 25.76 | I90: =P.O.!K413 -> 1622.88 | J90: =I90/$J$13 -> 0.0025094118 | K90: =J90+K89 -> 0.85235804 | L90: =IF(K90<$C$11,$B$11,IF(K90<$C$12,$B$12,$B$13)) -> B
A91: =P.O.!A369 -> S | B91: =P.O.!C369 -> SEINFRA | C91: =P.O.!D369 -> ED-50621 | D91: =P.O.!E369 -> SÓCULO COM ENCHIMENTO EM TIJOLOS MACIÇOS, ALTURA DE 10CM À 12CM, INCLUSIVE ACABAMENTO EM REVESTIMENTO DE ARGAMASSA, ESP. 20MM, COM APLICAÇÃO MANUAL | E91: =P.O.!H369 -> 8.8 | F91: =P.O.!F369 -> m2 | G91: =P.O.!J369 -> 179.24 | I91: =P.O.!K369 -> 1577.31 | J91: =I91/$J$13 -> 0.0024389482 | K91: =J91+K90 -> 0.85479699 | L91: =IF(K91<$C$11,$B$11,IF(K91<$C$12,$B$12,$B$13)) -> B
A92: =P.O.!A395 -> S | B92: =P.O.!C395 -> SEINFRA | C92: =P.O.!D395 -> ED-14674 | D92: =P.O.!E395 -> PORTA AÇO DE ENROLAR, TIPO LÂMINA RAIADA, COM ABERTURA MANUAL, COMPLETA, INCLUSIVE FORNECIMENTO, EIXO, MOLA, SOLEIRA, ETIQUETA, CAVALETE, GUIAS E FITAS, EXCLUSIVE FECHADURAS LATERAIS | E92: =P.O.!H395 -> 3.9 | F92: =P.O.!F395 -> m2 | G92: =P.O.!J395 -> 393.67 | I92: =P.O.!K395 -> 1535.31 | J92: =I92/$J$13 -> 0.0023740048 | K92: =J92+K91 -> 0.85717099 | L92: =IF(K92<$C$11,$B$11,IF(K92<$C$12,$B$12,$B$13)) -> B
A93: =P.O.!A323 -> S | B93: =P.O.!C323 -> SEINFRA | C93: =P.O.!D323 -> ED-50667 | D93: =P.O.!E323 -> CHAPIM EM CHAPA GALVANIZADA, COM PINGADEIRA, ESP. 0,65MM (GSG-24), COM DESENVOLVIMENTO DE 35CM, INCLUSIVE IÇAMENTO MANUAL VERTICAL | E93: =P.O.!H323 -> 25.12 | F93: =P.O.!F323 -> m | G93: =P.O.!J323 -> 59.7 | I93: =P.O.!K323 -> 1499.66 | J93: =I93/$J$13 -> 0.0023188803 | K93: =J93+K92 -> 0.85948987 | L93: =IF(K93<$C$11,$B$11,IF(K93<$C$12,$B$12,$B$13)) -> B
A94: =P.O.!A265 -> S | B94: =P.O.!C265 -> SEINFRA | C94: =P.O.!D265 -> ED-49995 | D94: =P.O.!E265 -> REGISTRO DE GAVETA, TIPO BASE, ROSCÁVEL 1.1/2" (PARA TUBO SOLDÁVEL OU PPR DN 50MM/CPVC DN 42MM), INCLUSIVE ACABAMENTO (PADRÃO MÉDIO) E CANOPLA CROMADOS | E94: =P.O.!H265 -> 6 | F94: =P.O.!F265 -> un | G94: =P.O.!J265 -> 243.93 | I94: =P.O.!K265 -> 1463.58 | J94: =I94/$J$13 -> 0.0022630908 | K94: =J94+K93 -> 0.86175296 | L94: =IF(K94<$C$11,$B$11,IF(K94<$C$12,$B$12,$B$13)) -> B
A95: =P.O.!A337 -> S | B95: =P.O.!C337 -> SEINFRA | C95: =P.O.!D337 -> ED-6282 | D95: =P.O.!E337 -> REBOCO COM ARGAMASSA, TRAÇO 1:2:8 (CIMENTO, CAL E AREIA), ESP. 25MM, APLICAÇÃO MANUAL, INCLUSIVE ARGAMASSA COM PREPARO MECANIZADO | E95: =P.O.!H337 -> 26.11 | F95: =P.O.!F337 -> m2 | G95: =P.O.!J337 -> 55.98 | I95: =P.O.!K337 -> 1461.64 | J95: =I95/$J$13 -> 0.0022600911 | K95: =J95+K94 -> 0.86401305 | L95: =IF(K95<$C$11,$B$11,IF(K95<$C$12,$B$12,$B$13)) -> B
A96: =P.O.!A189 -> S | B96: =P.O.!C189 -> SEINFRA | C96: =P.O.!D189 -> ED-49817 | D96: =P.O.!E189 -> CILINDRO DE AÇO COM GÁS GLP CAPACIDADE 45 KG | E96: =P.O.!H189 -> 2 | F96: =P.O.!F189 -> U | G96: =P.O.!J189 -> 712.7 | I96: =P.O.!K189 -> 1425.4 | J96: =I96/$J$13 -> 0.0022040542 | K96: =J96+K95 -> 0.86621711 | L96: =IF(K96<$C$11,$B$11,IF(K96<$C$12,$B$12,$B$13)) -> B
A97: =P.O.!A95 -> S | B97: =P.O.!C95 -> SEINFRA | C97: =P.O.!D95 -> ED-49619 | D97: =P.O.!E95 -> FORNECIMENTO DE CONCRETO ESTRUTURAL, PREPARADO EM OBRA, COM FCK 25MPA, INCLUSIVE LANÇAMENTO, ADENSAMENTO E ACABAMENTO | E97: =P.O.!H95 -> 1.35 | F97: =P.O.!F95 -> m3 | G97: =P.O.!J95 -> 1036.53 | I97: =P.O.!K95 -> 1399.32 | J97: =I97/$J$13 -> 0.0021637275 | K97: =J97+K96 -> 0.86838084 | L97: =IF(K97<$C$11,$B$11,IF(K97<$C$12,$B$12,$B$13)) -> B
A98: =P.O.!A205 -> S | B98: =P.O.!C205 -> SEINFRA | C98: =P.O.!D205 -> ED-48986 | D98: =P.O.!E205 -> CABO UNIPOLAR DE COBRE FLEXÍVEL, CLASSE 5, ISOLAMENTO TIPO EPR/HEPR, NÃO HALOGENADO E ANTICHAMA, DIÂMETRO DA SEÇÃO DE 1,5MM2, TEMPERATURA DE TRABALHO 90°C, TENSÃO NOMINAL DE OPERAÇÃO 0,6/1KV | E98: =P.O.!H205 -> 281.6 | F98: =P.O.!F205 -> m | G98: =P.O.!J205 -> 4.85 | I98: =P.O.!K205 -> 1365.76 | J98: =I98/$J$13 -> 0.0021118346 | K98: =J98+K97 -> 0.87049267 | L98: =IF(K98<$C$11,$B$11,IF(K98<$C$12,$B$12,$B$13)) -> B
A99: =P.O.!A171 -> S | B99: =P.O.!C171 -> SINAPI | C99: =P.O.!D171 -> 89712 | D99: =P.O.!E171 -> TUBO PVC, SERIE NORMAL, ESGOTO PREDIAL, DN 50 MM, FORNECIDO E INSTALADO EM RAMAL DE DESCARGA OU RAMAL DE ESGOTO SANITÁRIO. AF_08/2022 | E99: =P.O.!H171 -> 35.9 | F99: =P.O.!F171 -> M | G99: =P.O.!J171 -> 37.43 | I99: =P.O.!K171 -> 1343.74 | J99: =I99/$J$13 -> 0.0020777858 | K99: =J99+K98 -> 0.87257046 | L99: =IF(K99<$C$11,$B$11,IF(K99<$C$12,$B$12,$B$13)) -> B
A100: =P.O.!A106 -> S | B100: =P.O.!C106 -> SEINFRA | C100: =P.O.!D106 -> ED-51123 | D100: =P.O.!E106 -> REGULARIZAÇÃO MANUAL E COMPACTAÇÃO MECANIZADA DE TERRENO COM PLACA VIBRATÓRIA, EXCLUSIVE DESMATAMENTO, DESTOCAMENTO, LIMPEZA/ROÇADA DO TERRENO | E100: =P.O.!H106 -> 183.18 | F100: =P.O.!F106 -> m2 | G100: =P.O.!J106 -> 7.12 | I100: =P.O.!K106 -> 1304.24 | J100: =I100/$J$13 -> 0.0020167081 | K100: =J100+K99 -> 0.87458717 | L100: =IF(K100<$C$11,$B$11,IF(K100<$C$12,$B$12,$B$13)) -> B
A101: =P.O.!A367 -> S | B101: =P.O.!C367 -> SEINFRA | C101: =P.O.!D367 -> ED-48348 | D101: =P.O.!E367 -> RODABANCA/FRONTÃO PARA BANCADA EM GRANITO, COR CINZA ANDORINHA, ESP. 2CM, ALTURA DE 10CM, INCLUSIVE REJUNTAMENTO EM MASSA PLÁSTICA NA COR DA PEDRA | E101: =P.O.!H367 -> 19.49 | F101: =P.O.!F367 -> m | G101: =P.O.!J367 -> 66.77 | I101: =P.O.!K367 -> 1301.35 | J101: =I101/$J$13 -> 0.0020122394 | K101: =J101+K100 -> 0.8765994 | L101: =IF(K101<$C$11,$B$11,IF(K101<$C$12,$B$12,$B$13)) -> B
A102: =P.O.!A366 -> S | B102: =P.O.!C366 -> SEINFRA | C102: =P.O.!D366 -> ED-48342 | D102: =P.O.!E366 -> FURO DE BOJO EM BANCADA DE GRANITO/MÁRMORE, INCLUSIVE COLAGEM COM MASSA PLÁSTICA | E102: =P.O.!H366 -> 8 | F102: =P.O.!F366 -> un | G102: =P.O.!J366 -> 157.52 | I102: =P.O.!K366 -> 1260.16 | J102: =I102/$J$13 -> 0.0019485485 | K102: =J102+K101 -> 0.87854795 | L102: =IF(K102<$C$11,$B$11,IF(K102<$C$12,$B$12,$B$13)) -> B
A103: =P.O.!A59 -> S | B103: =P.O.!C59 -> SEINFRA | C103: =P.O.!D59 -> ED-29548 | D103: =P.O.!E59 -> CORTE, DOBRA E MONTAGEM DE AÇO CA-60, DIÂMETRO 5MM, INCLUSIVE ESPAÇADOR | E103: =P.O.!H59 -> 70.8 | F103: =P.O.!F59 -> Kg | G103: =P.O.!J59 -> 17.62 | I103: =P.O.!K59 -> 1247.5 | J103: =I103/$J$13 -> 0.0019289727 | K103: =J103+K102 -> 0.88047693 | L103: =IF(K103<$C$11,$B$11,IF(K103<$C$12,$B$12,$B$13)) -> B
...

Sheet GRÁFICO ABC
A1: PREFEITURA MUNICIPAL DE CAMBUÍ ESTADO DE MINAS GERAIS GESTÃO 2025 / 2028
A2: GRÁFICO CURVA ABC
A4: OBRA: | C4: FORNECIMENTO DE INSUMOS E MÃO-DE-OBRA ESPECIALIZADA PARA EXECUÇÃO DE UMA EDIFICAÇÃO COM SANITÁRIOS, DEPÓSITO E LANCHONETE.
A5: LOCAL: | C5: =P.O.!E4 -> ESTÁDIO EDMUNDO PACEAU, RUA FELIPE DOS SANTOS, CENTRO, CAMBUÍ, MG
A6: ÁREA CONSTRUÍDA COBERTA:* | C6: =P.O.!E5 -> 115,47 m² - ÁREA DA EDIFICAÇÃO
E8: CONSTRUÇÃO DE EDIFÍCIOS | I8: BDI 1 | J8: 0.2312
J9: =J8+1 -> 1.2312
A10: FAIXAS DA CURVA ABC: | E10: NÃO SE APLICA | I10: BDI 2 | J10: 0
A11: A | B11: 0.8 | C11: Itens cujo % acumulado representam até 80% do valor global. | J11: =J10+1 -> 1
A12: B | B12: 0.95 | C12: Itens cujo % acumulado representam até 15% do valor global.
A13: C | B13: 1 | C13: Itens cujo % acumulado representam até 5% do valor global. | E13: VALOR TOTAL DA OBRA: | I13: =P.O.!J10 -> 646717.3
C35: Mateus Pedro da Silva | F35: Leonardo Mesquita Reis Belico
C36: Engenheiro Civil | F36: Arquiteto e Urbanista

Sheet MEM. CÁLCULO
B1: PREFEITURA MUNICIPAL DE CAMBUÍ ESTADO DE MINAS GERAIS GESTÃO 2025 / 2028
B2: MEMÓRIA DE CÁLCULO
B3: OBRA: | E3: FORNECIMENTO DE INSUMOS E MÃO-DE-OBRA ESPECIALIZADA PARA EXECUÇÃO DE UMA EDIFICAÇÃO COM SANITÁRIOS, DEPÓSITO E LANCHONETE.
B4: LOCAL: | E4: ESTÁDIO EDMUNDO PACEAU, RUA FELIPE DOS SANTOS, CENTRO, CAMBUÍ, MG
B5: ÁREA CONSTRUÍDA COBERTA:* | E5: 115,47 m² - ÁREA DA EDIFICAÇÃO
F6: CONSTRUÇÃO DE EDIFÍCIOS | J6: BDI 1 | K6: 0.2312
K7: =K6+1 -> 1.2312
F8: NÃO SE APLICA | J8: BDI 2 | K8: 0
K9: =K8+1 -> 1
F10: VALOR TOTAL DA OBRA: | J10: =P.O.!J10 -> 646717.3
B12: ITEM | C12: FONTE | D12: CÓDIGO | E12: DESCRIÇÃO DO ITEM | F12: UNIDADE | G12: MEMÓRIA DE CÁLCULO | M12: CONFERÊNCIAS
A13: =P.O.!A14 -> E | B13: =P.O.!B14 -> 1 | C13: =P.O.!C14 -> 0 | D13: =P.O.!D14 -> 0 | E13: =P.O.!E14 -> SERVIÇOS PRELIMINARES | F13: =P.O.!F14 -> 0
A14: =P.O.!A15 -> S | B14: =P.O.!B15 -> 1.1 | C14: =P.O.!C15 -> SINAPI | D14: =P.O.!D15 -> 103689 | E14: =P.O.!E15 -> FORNECIMENTO E INSTALAÇÃO DE PLACA DE OBRA COM CHAPA GALVANIZADA E ESTRUTURA DE MADEIRA. AF_03/2022_PS | F14: =P.O.!F15 -> M2 | G14: 1,50*3,00 = 4,50 | M14: 4.5
A15: =P.O.!A16 -> S | B15: =P.O.!B16 -> 1.2 | C15: =P.O.!C16 -> SINAPI | D15: =P.O.!D16 -> 103694 | E15: =P.O.!E16 -> FORNECIMENTO E INSTALAÇÃO DE SUPORTE DE MADEIRA PARA PLACAS DE SINALIZAÇÃO, EM SOLO, COM H= DE 2,5 M E SEÇÃO DE 7,5 X 7,5 CM. AF_03/2022 | F15: =P.O.!F16 -> UN | G15: 2 SUPORTES | M15: 2
A16: =P.O.!A17 -> S | B16: =P.O.!B17 -> 1.3 | C16: =P.O.!C17 -> SEINFRA | D16: =P.O.!D17 -> ED-50151 | E16: =P.O.!E17 -> LIGAÇÃO PROVISÓRIA COM ENTRADA DE ENERGIA AÉREA, PADRÃO CEMIG, CARGA INSTALADA DE 15,1KVA ATÉ 30KVA, TRIFÁSICO, COM SAÍDA SUBTERRÂNEA, INCLUSIVE POSTE, CAIXA PARA MEDIDOR, DISJUNTOR, BARRAMENTO, ATERRAMENTO E ACESSÓRIOS | F16: =P.O.!F17 -> un | G16: 1 | M16: 1
A17: =P.O.!A18 -> S | B17: =P.O.!B18 -> 1.4 | C17: =P.O.!C18 -> SEINFRA | D17: =P.O.!D18 -> ED-50150 | E17: =P.O.!E18 -> LIGAÇÃO DE ÁGUA PROVISÓRIA PARA CANTEIRO, INCLUSIVE HIDRÔMETRO E CAVALETE PARA MEDIÇÃO DE ÁGUA - ENTRADA PRINCIPAL, EM AÇO GALVANIZADO DN 20MM (1/2") - PADRÃO CONCESSIONÁRIA | F17: =P.O.!F18 -> un | G17: 1 | M17: 1
A18: =P.O.!A19 -> S | B18: =P.O.!B19 -> 1.5 | C18: =P.O.!C19 -> SEINFRA | D18: =P.O.!D19 -> ED-50137 | E18: =P.O.!E19 -> MOBILIZAÇÃO E DESMOBILIZAÇÃO DE CONTAINER, INCLUSIVE CARGA, DESCARGA E TRANSPORTE EM CAMINHÃO CARROCERIA COM GUINDAUTO (MUNCK), EXCLUSIVE LOCAÇÃO DO CONTAINER | F18: =P.O.!F19 -> un | G18: 1 | M18: 1
A19: =P.O.!A20 -> 0 | B19: =P.O.!B20 -> 0 | C19: =P.O.!C20 -> 0 | D19: =P.O.!D20 -> 0 | E19: =P.O.!E20 -> 0 | F19: =P.O.!F20 -> 0
A20: =P.O.!A21 -> E | B20: =P.O.!B21 -> 2 | C20: =P.O.!C21 -> 0 | D20: =P.O.!D21 -> 0 | E20: =P.O.!E21 -> ISOLAMENTO DA OBRA | F20: =P.O.!F21 -> 0
A21: =P.O.!A22 -> S | B21: =P.O.!B22 -> 2.1 | C21: =P.O.!C22 -> SEINFRA | D21: =P.O.!D22 -> ED-29823 | E21: =P.O.!E22 -> TAPUME FIXO DE PROTEÇÃO PARA FECHAMENTO DE OBRA EM TELHA METÁLICA GALVANIZADA, TIPO TRAPEZOIDAL, ESP. 0,5MM, COM MÓDULO NA DIMENSÃO DE (300X220)CM, COM REAPROVEITAMENTO, EXCLUSIVE PINTURA ESMALTE, INCLUSIVE PONTALETE E FIXAÇÃO | F21: =P.O.!F22 -> m2 | G21: 3*(18,32+1,34+7,93+3,09+0,65+10,2+3,42+11,73) = 170,04 | M21: =3*(18.32+1.34+7.93+3.09+0.65+10.2+3.42+11.73) -> 170.04
A22: =P.O.!A23 -> S | B22: =P.O.!B23 -> 2.2 | C22: =P.O.!C23 -> SEINFRA | D22: =P.O.!D23 -> ED-14457 | E22: =P.O.!E23 -> PORTÃO PARA TAPUME FIXO DE PROTEÇÃO COM FECHAMENTO DE OBRA EM TELHA METÁLICA GALVANIZADA, TIPO TRAPEZOIDAL ESP. 0,5MM, COM MÓDULO NA DIMENSÃO DE (300X220)CM, EXCLUSIVE PINTURA ESMALTE | F22: =P.O.!F23 -> m2 | G22: 2*(2*3) = 12 | M22: =2*(2*3) -> 12
A23: =P.O.!A24 -> 0 | B23: =P.O.!B24 -> 0 | C23: =P.O.!C24 -> 0 | D23: =P.O.!D24 -> 0 | E23: =P.O.!E24 -> 0 | F23: =P.O.!F24 -> 0
A24: =P.O.!A25 -> E | B24: =P.O.!B25 -> 3 | C24: =P.O.!C25 -> 0 | D24: =P.O.!D25 -> 0 | E24: =P.O.!E25 -> LOCAÇÕES DE EQUIPAMENTOS | F24: =P.O.!F25 -> 0
A25: =P.O.!A26 -> S | B25: =P.O.!B26 -> 3.1 | C25: =P.O.!C26 -> SEINFRA | D25: =P.O.!D26 -> ED-50155 | E25: =P.O.!E26 -> LOCAÇÃO DE BANHEIRO QUÍMICO, DIMENSÃO (110X120X230)CM, LINHA PADRÃO, CONTENDO UMA (1) PIA/HIGIENIZADOR DE MÃOS, INCLUSIVE MANUTENÇÃO E MOBILIZAÇÃO/DESMOBILIZAÇÃO | F25: =P.O.!F26 -> mês | G25: 14 | M25: 14
A26: =P.O.!A27 -> S | B26: =P.O.!B27 -> 3.2 | C26: =P.O.!C27 -> SINAPI - EQUIPAMENTO (LOCAÇÃO) | D26: =P.O.!D27 -> 10776 | E26: =P.O.!E27 -> LOCACAO DE CONTAINER 2,30 X 6,00 M, ALT. 2,50 M, PARA ESCRITORIO, SEM DIVISORIAS INTERNAS E SEM SANITARIO (NAO INCLUI MOBILIZACAO/DESMOBILIZACAO) | F26: =P.O.!F27 -> MES | G26: 14 | M26: 14
A27: =P.O.!A28 -> 0 | B27: =P.O.!B28 -> 0 | C27: =P.O.!C28 -> 0 | D27: =P.O.!D28 -> 0 | E27: =P.O.!E28 -> 0 | F27: =P.O.!F28 -> 0
A28: =P.O.!A29 -> E | B28: =P.O.!B29 -> 4 | C28: =P.O.!C29 -> 0 | D28: =P.O.!D29 -> 0 | E28: =P.O.!E29 -> LOCAÇÃO DE OBRAS | F28: =P.O.!F29 -> 0
A29: =P.O.!A30 -> S | B29: =P.O.!B30 -> 4.1 | C29: =P.O.!C30 -> SINAPI | D29: =P.O.!D30 -> 99059 | E29: =P.O.!E30 -> LOCAÇÃO CONVENCIONAL DE OBRA, UTILIZANDO GABARITO DE TÁBUAS CORRIDAS PONTALETADAS A CADA 2,00M - 2 UTILIZAÇÕES. AF_03/2024 | F29: =P.O.!F30 -> M | G29: 13,02+8,94+8,34+5,54+7,08+3,74+3,74+1,08+1,08+3,71+1,7+1,8 = 59,77 | M29: =13.02+8.94+8.34+5.54+7.08+3.74+3.74+1.08+1.08+3.71+1.7+1.8 -> 59.77
A30: =P.O.!A31 -> S | B30: =P.O.!B31 -> 4.2 | C30: =P.O.!C31 -> SEINFRA | D30: =P.O.!D31 -> ED-50275 | E30: =P.O.!E31 -> LOCAÇÃO TOPOGRÁFICA DE VINTE UM (21) ATÉ CINQUENTA (50) PONTOS REFERENCIAIS, INCLUSIVE ESTACA (PIQUETE) DE MARCAÇÃO | F30: =P.O.!F31 -> un | G30: 33 PONTOS DE ESTACAS | M30: 33
A31: =P.O.!A32 -> 0 | B31: =P.O.!B32 -> 0 | C31: =P.O.!C32 -> 0 | D31: =P.O.!D32 -> 0 | E31: =P.O.!E32 -> 0 | F31: =P.O.!F32 -> 0
A32: =P.O.!A33 -> E | B32: =P.O.!B33 -> 5 | C32: =P.O.!C33 -> 0 | D32: =P.O.!D33 -> 0 | E32: =P.O.!E33 -> ADMINISTRAÇÃO LOCAL | F32: =P.O.!F33 -> 0
A33: =P.O.!A34 -> S | B33: =P.O.!B34 -> 5.1 | C33: =P.O.!C34 -> PRÓPRIA | D33: =P.O.!D34 -> CPU 001 | E33: =P.O.!E34 -> ADMINISTRAÇÃO LOCAL | F33: =P.O.!F34 -> MÊS | G33: 14 | M33: 14
A34: =P.O.!A35 -> 0 | B34: =P.O.!B35 -> 0 | C34: =P.O.!C35 -> 0 | D34: =P.O.!D35 -> 0 | E34: =P.O.!E35 -> 0 | F34: =P.O.!F35 -> 0
A35: =P.O.!A36 -> E | B35: =P.O.!B36 -> 6 | C35: =P.O.!C36 -> 0 | D35: =P.O.!D36 -> 0 | E35: =P.O.!E36 -> FUNDAÇÃO - ESTACAS | F35: =P.O.!F36 -> 0
A36: =P.O.!A37 -> S | B36: =P.O.!B37 -> 6.1 | C36: =P.O.!C37 -> PRÓPRIA | D36: =P.O.!D37 -> CPU 005 | E36: =P.O.!E37 -> EXECUÇÃO DE ESTACA TIPO HÉLICE CONTÍNUA, DIÂMETRO 25CM, INCLUSIVE AFASTAMENTO LATERAL, EXCLUSIVE ARMAÇÃO, CONCRETO ESTRUTURAL, TRANSPORTE E RETIRADA DO MATERIAL ESCAVADO | F36: =P.O.!F37 -> m | G36: 33 estacas de 5 m = 165 m | M36: 165
A37: =P.O.!A38 -> S | B37: =P.O.!B38 -> 6.2 | C37: =P.O.!C38 -> SEINFRA | D37: =P.O.!D38 -> ED-29550 | E37: =P.O.!E38 -> CORTE, DOBRA E MONTAGEM DE AÇO CA-50, DIÂMETRO 8MM, INCLUSIVE ESPAÇADOR | F37: =P.O.!F38 -> Kg | G37: Conforme projeto estrutural | M37: 195.3
A38: =P.O.!A39 -> S | B38: =P.O.!B39 -> 6.3 | C38: =P.O.!C39 -> SEINFRA | D38: =P.O.!D39 -> ED-29548 | E38: =P.O.!E39 -> CORTE, DOBRA E MONTAGEM DE AÇO CA-60, DIÂMETRO 5MM, INCLUSIVE ESPAÇADOR | F38: =P.O.!F39 -> Kg | G38: Conforme projeto estrutural | M38: 42.4
A39: =P.O.!A40 -> S | B39: =P.O.!B40 -> 6.4 | C39: =P.O.!C40 -> SEINFRA | D39: =P.O.!D40 -> ED-32124 | E39: =P.O.!E40 -> FORNECIMENTO DE CONCRETO ESTRUTURAL, USINADO BOMBEADO, COM FCK 30MPA, CONSUMO MÍNIMO DE CIMENTO DE 400KG/M3, INCLUSIVE LANÇAMENTO, ADENSAMENTO E ACABAMENTO (FUNDAÇÃO) | F39: =P.O.!F40 -> m3 | G39: Conforme projeto estrutural | M39: 10.23
A40: =P.O.!A41 -> S | B40: =P.O.!B41 -> 6.5 | C40: =P.O.!C41 -> SICRO | D40: =P.O.!D41 -> 2306247 | E40: =P.O.!E41 -> Arrasamento de estacas de concreto com seção de até 900 cm² | F40: =P.O.!F41 -> m³ | G40: 33*0,125*0,125*3,1415*0,40 = 0,65 m³ | M40: 0.65
A41: =P.O.!A42 -> S | B41: =P.O.!B42 -> 6.6 | C41: =P.O.!C42 -> SINAPI | D41: =P.O.!D42 -> 100981 | E41: =P.O.!E42 -> CARGA, MANOBRA E DESCARGA DE ENTULHO EM CAMINHÃO BASCULANTE 6 M³ - CARGA COM ESCAVADEIRA HIDRÁULICA (CAÇAMBA DE 0,80 M³ / 111 HP) E DESCARGA LIVRE (UNIDADE: M3). AF_07/2020 | F41: =P.O.!F42 -> M3 | G41: 10,23 + 0,65 = 10,88 m³ | M41: 10.88
A42: =P.O.!A43 -> S | B42: =P.O.!B43 -> 6.7 | C42: =P.O.!C43 -> SEINFRA | D42: =P.O.!D43 -> ED-29232 | E42: =P.O.!E43 -> TRANSPORTE DE MATERIAL DE QUALQUER NATUREZA EM CAMINHÃO, DISTÂNCIA MAIOR QUE 5KM E MENOR OU IGUAL A 10KM, DENTRO DO PERÍMETRO URBANO, EXCLUSIVE CARGA, INCLUSIVE DESCARGA | F42: =P.O.!F43 -> M3xKM | G42: 10,88*5 = 54,40 | M42: 54.4
A43: =P.O.!A44 -> 0 | B43: =P.O.!B44 -> 0 | C43: =P.O.!C44 -> 0 | D43: =P.O.!D44 -> 0 | E43: =P.O.!E44 -> 0 | F43: =P.O.!F44 -> 0
A44: =P.O.!A45 -> E | B44: =P.O.!B45 -> 7 | C44: =P.O.!C45 -> 0 | D44: =P.O.!D45 -> 0 | E44: =P.O.!E45 -> BLOCOS DE COROAMENTO, VIGAS BALDRAMES E ARRANQUES DE PILARES - PAV. TÉRREO | F44: =P.O.!F45 -> 0
A45: =P.O.!A46 -> S | B45: =P.O.!B46 -> 7.1 | C45: =P.O.!C46 -> SEINFRA | D45: =P.O.!D46 -> ED-29552 | E45: =P.O.!E46 -> CORTE, DOBRA E MONTAGEM DE AÇO CA-50, DIÂMETRO 12,5MM, INCLUSIVE ESPAÇADOR | F45: =P.O.!F46 -> Kg | G45: Conforme projeto estrutural | M45: 28.3
A46: =P.O.!A47 -> S | B46: =P.O.!B47 -> 7.2 | C46: =P.O.!C47 -> SEINFRA | D46: =P.O.!D47 -> ED-29551 | E46: =P.O.!E47 -> CORTE, DOBRA E MONTAGEM DE AÇO CA-50, DIÂMETRO 10MM, INCLUSIVE ESPAÇADOR | F46: =P.O.!F47 -> Kg | G46: Conforme projeto estrutural | M46: 123.1
A47: =P.O.!A48 -> S | B47: =P.O.!B48 -> 7.3 | C47: =P.O.!C48 -> SEINFRA | D47: =P.O.!D48 -> ED-29550 | E47: =P.O.!E48 -> CORTE, DOBRA E MONTAGEM DE AÇO CA-50, DIÂMETRO 8MM, INCLUSIVE ESPAÇADOR | F47: =P.O.!F48 -> Kg | G47: Conforme projeto estrutural | M47: 115.7
A48: =P.O.!A49 -> S | B48: =P.O.!B49 -> 7.4 | C48: =P.O.!C49 -> SEINFRA | D48: =P.O.!D49 -> ED-29548 | E48: =P.O.!E49 -> CORTE, DOBRA E MONTAGEM DE AÇO CA-60, DIÂMETRO 5MM, INCLUSIVE ESPAÇADOR | F48: =P.O.!F49 -> Kg | G48: Conforme projeto estrutural | M48: 120.2
A49: =P.O.!A50 -> S | B49: =P.O.!B50 -> 7.5 | C49: =P.O.!C50 -> SINAPI | D49: =P.O.!D50 -> 96622 | E49: =P.O.!E50 -> LASTRO COM MATERIAL GRANULAR, APLICADO EM PISOS OU LAJES SOBRE SOLO, ESPESSURA DE *5 CM*. AF_01/2024 | F49: =P.O.!F50 -> M3 | G49: Superfície de vigas e blocos: 17,40 m² (extraída via software) Espessura da camada = 0,05 m Volume = 17,40*0,05 = 0,87 m³ | M49: 0.87
A50: =P.O.!A51 -> S | B50: =P.O.!B51 -> 7.6 | C50: =P.O.!C51 -> SINAPI | D50: =P.O.!D51 -> 96523 | E50: =P.O.!E51 -> ESCAVAÇÃO MANUAL PARA BLOCO DE COROAMENTO OU SAPATA (INCLUINDO ESCAVAÇÃO PARA COLOCAÇÃO DE FÔRMAS). AF_01/2024 | F50: =P.O.!F51 -> M3 | G50: Volume de blocos = 4,31 m³ Volume de vigas = 3,22 m³ Volume de lastro = 0,87 m³ Volume total = 8,40 m³ | M50: 8.4
A51: =P.O.!A52 -> S | B51: =P.O.!B52 -> 7.7 | C51: =P.O.!C52 -> SINAPI | D51: =P.O.!D52 -> 96531 | E51: =P.O.!E52 -> FABRICAÇÃO, MONTAGEM E DESMONTAGEM DE FÔRMA PARA BLOCO DE COROAMENTO, EM MADEIRA SERRADA, E=25 MM, 2 UTILIZAÇÕES. AF_01/2024 | F51: =P.O.!F52 -> M2 | G51: Área de fôrmas para blocos = 29,37 m² Área de fôrmas para vigas = 56,79 m² Área total de fôrmas = 86,16 m² | M51: 86.16
A52: =P.O.!A53 -> S | B52: =P.O.!B53 -> 7.8 | C52: =P.O.!C53 -> SEINFRA | D52: =P.O.!D53 -> ED-49806 | E52: =P.O.!E53 -> FORNECIMENTO DE CONCRETO ESTRUTURAL, USINADO BOMBEADO, COM FCK 30MPA, INCLUSIVE LANÇAMENTO, ADENSAMENTO E ACABAMENTO (FUNDAÇÃO) | F52: =P.O.!F53 -> m3 | G52: Blocos = 4,31 m³ Vigas = 3,22 m³ Volume total = 7,53 m³ | M52: 7.53
A53: =P.O.!A54 -> S | B53: =P.O.!B54 -> 7.9 | C53: =P.O.!C54 -> SEINFRA | D53: =P.O.!D54 -> ED-50174 | E53: =P.O.!E54 -> IMPERMEABILIZAÇÃO COM EMULSÃO ASFÁLTICA, DUAS (2) DEMÃOS | F53: =P.O.!F54 -> m2 | G53: Área extraída via software = 16,54 m² | M53: 16.54
A54: =P.O.!A55 -> 0 | B54: =P.O.!B55 -> 0 | C54: =P.O.!C55 -> 0 | D54: =P.O.!D55 -> 0 | E54: =P.O.!E55 -> 0 | F54: =P.O.!F55 -> 0
A55: =P.O.!A56 -> E | B55: =P.O.!B56 -> 8 | C55: =P.O.!C56 -> 0 | D55: =P.O.!D56 -> 0 | E55: =P.O.!E56 -> PILARES DO PAV. COBERTURA | F55: =P.O.!F56 -> 0
A56: =P.O.!A57 -> S | B56: =P.O.!B57 -> 8.1 | C56: =P.O.!C57 -> SEINFRA | D56: =P.O.!D57 -> ED-29552 | E56: =P.O.!E57 -> CORTE, DOBRA E MONTAGEM DE AÇO CA-50, DIÂMETRO 12,5MM, INCLUSIVE ESPAÇADOR | F56: =P.O.!F57 -> Kg | G56: Conforme projeto estrutural | M56: 75.9
A57: =P.O.!A58 -> S | B57: =P.O.!B58 -> 8.2 | C57: =P.O.!C58 -> SEINFRA | D57: =P.O.!D58 -> ED-29551 | E57: =P.O.!E58 -> CORTE, DOBRA E MONTAGEM DE AÇO CA-50, DIÂMETRO 10MM, INCLUSIVE ESPAÇADOR | F57: =P.O.!F58 -> Kg | G57: Conforme projeto estrutural | M57: 143.4
A58: =P.O.!A59 -> S | B58: =P.O.!B59 -> 8.3 | C58: =P.O.!C59 -> SEINFRA | D58: =P.O.!D59 -> ED-29548 | E58: =P.O.!E59 -> CORTE, DOBRA E MONTAGEM DE AÇO CA-60, DIÂMETRO 5MM, INCLUSIVE ESPAÇADOR | F58: =P.O.!F59 -> Kg | G58: Conforme projeto estrutural | M58: 70.8
A59: =P.O.!A60 -> S | B59: =P.O.!B60 -> 8.4 | C59: =P.O.!C60 -> SEINFRA | D59: =P.O.!D60 -> ED-31566 | E59: =P.O.!E60 -> FÔRMA E DESFORMA PARA PILAR COM CHAPA DE COMPENSADO RESINADO, ESP. 14MM, REAPROVEITAMENTO (3X), EXCLUSIVE ESCORAMENTO | F59: =P.O.!F60 -> m2 | G59: Conforme projeto estrutural | M59: 58.66
A60: =P.O.!A61 -> S | B60: =P.O.!B61 -> 8.5 | C60: =P.O.!C61 -> SEINFRA | D60: =P.O.!D61 -> ED-49619 | E60: =P.O.!E61 -> FORNECIMENTO DE CONCRETO ESTRUTURAL, PREPARADO EM OBRA, COM FCK 25MPA, INCLUSIVE LANÇAMENTO, ADENSAMENTO E ACABAMENTO | F60: =P.O.!F61 -> m3 | G60: Conforme projeto estrutural | M60: 2.87
A61: =P.O.!A62 -> 0 | B61: =P.O.!B62 -> 0 | C61: =P.O.!C62 -> 0 | D61: =P.O.!D62 -> 0 | E61: =P.O.!E62 -> 0 | F61: =P.O.!F62 -> 0
A62: =P.O.!A63 -> E | B62: =P.O.!B63 -> 9 | C62: =P.O.!C63 -> 0 | D62: =P.O.!D63 -> 0 | E62: =P.O.!E63 -> VIGAS E LAJES DO PAV. COBERTURA | F62: =P.O.!F63 -> 0
A63: =P.O.!A64 -> S | B63: =P.O.!B64 -> 9.1 | C63: =P.O.!C64 -> SEINFRA | D63: =P.O.!D64 -> ED-29551 | E63: =P.O.!E64 -> CORTE, DOBRA E MONTAGEM DE AÇO CA-50, DIÂMETRO 10MM, INCLUSIVE ESPAÇADOR | F63: =P.O.!F64 -> Kg | G63: Conforme projeto estrutural | M63: 159.2
A64: =P.O.!A65 -> S | B64: =P.O.!B65 -> 9.2 | C64: =P.O.!C65 -> SEINFRA | D64: =P.O.!D65 -> ED-29550 | E64: =P.O.!E65 -> CORTE, DOBRA E MONTAGEM DE AÇO CA-50, DIÂMETRO 8MM, INCLUSIVE ESPAÇADOR | F64: =P.O.!F65 -> Kg | G64: Conforme projeto estrutural | M64: 45.1
A65: =P.O.!A66 -> S | B65: =P.O.!B66 -> 9.3 | C65: =P.O.!C66 -> SEINFRA | D65: =P.O.!D66 -> ED-29548 | E65: =P.O.!E66 -> CORTE, DOBRA E MONTAGEM DE AÇO CA-60, DIÂMETRO 5MM, INCLUSIVE ESPAÇADOR | F65: =P.O.!F66 -> Kg | G65: Conforme projeto estrutural | M65: 63.8
A66: =P.O.!A67 -> S | B66: =P.O.!B67 -> 9.4 | C66: =P.O.!C67 -> SINAPI | D66: =P.O.!D67 -> 92452 | E66: =P.O.!E67 -> MONTAGEM E DESMONTAGEM DE FÔRMA DE VIGA, ESCORAMENTO METÁLICO, PÉ-DIREITO SIMPLES, EM CHAPA DE MADEIRA RESINADA, 2 UTILIZAÇÕES. AF_09/2020 | F66: =P.O.!F67 -> M2 | G66: Conforme projeto estrutural | M66: 55.35
A67: =P.O.!A68 -> S | B67: =P.O.!B68 -> 9.5 | C67: =P.O.!C68 -> SEINFRA | D67: =P.O.!D68 -> ED-49638 | E67: =P.O.!E68 -> FORNECIMENTO DE CONCRETO ESTRUTURAL, USINADO BOMBEADO, COM FCK 25MPA, INCLUSIVE LANÇAMENTO, ADENSAMENTO E ACABAMENTO | F67: =P.O.!F68 -> m3 | G67: Conforme projeto estrutural*. Representa apenas o concreto das vigas, visto que as composições de lajes já incluem o concreto para as mesmas. | M67: 4.04
A68: =P.O.!A69 -> S | B68: =P.O.!B69 -> 9.6 | C68: =P.O.!C69 -> CDHU - SERVIÇOS | D68: =P.O.!D69 -> 13.01.130 | E68: =P.O.!E69 -> Laje pré-fabricada mista vigota treliçada/lajota cerâmica - LT 12 (8+4) e capa com concreto de 25 MPa | F68: =P.O.!F69 -> M2 | G68: Conforme projeto estrutural | M68: 65.95
A69: =P.O.!A70 -> S | B69: =P.O.!B70 -> 9.7 | C69: =P.O.!C70 -> CDHU - SERVIÇOS | D69: =P.O.!D70 -> 13.01.150 | E69: =P.O.!E70 -> Laje pré-fabricada mista vigota treliçada/lajota cerâmica - LT 16 (12+4) e capa com concreto de 25 MPa | F69: =P.O.!F70 -> M2 | G69: Conforme projeto estrutural | M69: 8.98
A70: =P.O.!A71 -> S | B70: =P.O.!B71 -> 9.8 | C70: =P.O.!C71 -> SEINFRA | D70: =P.O.!D71 -> ED-19637 | E70: =P.O.!E71 -> CIMBRAMENTO PARA LAJE PRÉ-MOLDADA COM ESCORAMENTO METÁLICO, TIPO "A", ALTURA DE (200 ATÉ 310)CM, INCLUSIVE DESCARGA, MONTAGEM, DESMONTAGEM E CARGA | F70: =P.O.!F71 -> m2xmês | G70: Soma das áreas das lajes = 65,95 + 8,98 = 74,93 m² Período de estimado = 45 dias = 1,5 mês 74,93 x 1,5 = 112,40 m² x Mês | M70: 74.93
A71: =P.O.!A72 -> 0 | B71: =P.O.!B72 -> 0 | C71: =P.O.!C72 -> 0 | D71: =P.O.!D72 -> 0 | E71: =P.O.!E72 -> 0 | F71: =P.O.!F72 -> 0
A72: =P.O.!A73 -> E | B72: =P.O.!B73 -> 10 | C72: =P.O.!C73 -> 0 | D72: =P.O.!D73 -> 0 | E72: =P.O.!E73 -> PILARES DO RESPALDO (CAIXA D'ÁGUA) | F72: =P.O.!F73 -> 0
A73: =P.O.!A74 -> S | B73: =P.O.!B74 -> 10.1 | C73: =P.O.!C74 -> SEINFRA | D73: =P.O.!D74 -> ED-29551 | E73: =P.O.!E74 -> CORTE, DOBRA E MONTAGEM DE AÇO CA-50, DIÂMETRO 10MM, INCLUSIVE ESPAÇADOR | F73: =P.O.!F74 -> Kg | G73: Conforme projeto estrutural | M73: 25.4
A74: =P.O.!A75 -> S | B74: =P.O.!B75 -> 10.2 | C74: =P.O.!C75 -> SEINFRA | D74: =P.O.!D75 -> ED-29548 | E74: =P.O.!E75 -> CORTE, DOBRA E MONTAGEM DE AÇO CA-60, DIÂMETRO 5MM, INCLUSIVE ESPAÇADOR | F74: =P.O.!F75 -> Kg | G74: Conforme projeto estrutural | M74: 10.1
A75: =P.O.!A76 -> S | B75: =P.O.!B76 -> 10.3 | C75: =P.O.!C76 -> SEINFRA | D75: =P.O.!D76 -> ED-31566 | E75: =P.O.!E76 -> FÔRMA E DESFORMA PARA PILAR COM CHAPA DE COMPENSADO RESINADO, ESP. 14MM, REAPROVEITAMENTO (3X), EXCLUSIVE ESCORAMENTO | F75: =P.O.!F76 -> m2 | G75: Conforme projeto estrutural | M75: 8.94
A76: =P.O.!A77 -> S | B76: =P.O.!B77 -> 10.4 | C76: =P.O.!C77 -> SEINFRA | D76: =P.O.!D77 -> ED-49619 | E76: =P.O.!E77 -> FORNECIMENTO DE CONCRETO ESTRUTURAL, PREPARADO EM OBRA, COM FCK 25MPA, INCLUSIVE LANÇAMENTO, ADENSAMENTO E ACABAMENTO | F76: =P.O.!F77 -> m3 | G76: Conforme projeto estrutural | M76: 0.42
A77: =P.O.!A78 -> 0 | B77: =P.O.!B78 -> 0 | C77: =P.O.!C78 -> 0 | D77: =P.O.!D78 -> 0 | E77: =P.O.!E78 -> 0 | F77: =P.O.!F78 -> 0
A78: =P.O.!A79 -> E | B78: =P.O.!B79 -> 11 | C78: =P.O.!C79 -> 0 | D78: =P.O.!D79 -> 0 | E78: =P.O.!E79 -> VIGAS DO RESPALDO (CAIXA D'ÁGUA) | F78: =P.O.!F79 -> 0
A79: =P.O.!A80 -> S | B79: =P.O.!B80 -> 11.1 | C79: =P.O.!C80 -> SEINFRA | D79: =P.O.!D80 -> ED-29550 | E79: =P.O.!E80 -> CORTE, DOBRA E MONTAGEM DE AÇO CA-50, DIÂMETRO 8MM, INCLUSIVE ESPAÇADOR | F79: =P.O.!F80 -> Kg | G79: Conforme projeto estrutural | M79: 29
A80: =P.O.!A81 -> S | B80: =P.O.!B81 -> 11.2 | C80: =P.O.!C81 -> SEINFRA | D80: =P.O.!D81 -> ED-29548 | E80: =P.O.!E81 -> CORTE, DOBRA E MONTAGEM DE AÇO CA-60, DIÂMETRO 5MM, INCLUSIVE ESPAÇADOR | F80: =P.O.!F81 -> Kg | G80: Conforme projeto estrutural | M80: 16.6
A81: =P.O.!A82 -> S | B81: =P.O.!B82 -> 11.3 | C81: =P.O.!C82 -> SINAPI | D81: =P.O.!D82 -> 92452 | E81: =P.O.!E82 -> MONTAGEM E DESMONTAGEM DE FÔRMA DE VIGA, ESCORAMENTO METÁLICO, PÉ-DIREITO SIMPLES, EM CHAPA DE MADEIRA RESINADA, 2 UTILIZAÇÕES. AF_09/2020 | F81: =P.O.!F82 -> M2 | G81: Conforme projeto estrutural | M81: 8.34
A82: =P.O.!A83 -> S | B82: =P.O.!B83 -> 11.4 | C82: =P.O.!C83 -> SEINFRA | D82: =P.O.!D83 -> ED-49638 | E82: =P.O.!E83 -> FORNECIMENTO DE CONCRETO ESTRUTURAL, USINADO BOMBEADO, COM FCK 25MPA, INCLUSIVE LANÇAMENTO, ADENSAMENTO E ACABAMENTO | F82: =P.O.!F83 -> m3 | G82: Conforme projeto estrutural | M82: 0.43
A83: =P.O.!A84 -> 0 | B83: =P.O.!B84 -> 0 | C83: =P.O.!C84 -> 0 | D83: =P.O.!D84 -> 0 | E83: =P.O.!E84 -> 0 | F83: =P.O.!F84 -> 0
A84: =P.O.!A85 -> E | B84: =P.O.!B85 -> 12 | C84: =P.O.!C85 -> 0 | D84: =P.O.!D85 -> 0 | E84: =P.O.!E85 -> ESTRUTURA DOS MUROS DE DIVISA - ESTACAS | F84: =P.O.!F85 -> 0
A85: =P.O.!A86 -> S | B85: =P.O.!B86 -> 12.1 | C85: =P.O.!C86 -> SEINFRA | D85: =P.O.!D86 -> ED-29801 | E85: =P.O.!E86 -> PERFURAÇÃO MANUAL DE ESTACA TIPO BROCA A TRADO, INCLUSIVE AFASTAMENTO, EXCLUSIVE ARMAÇÃO, CONCRETO ESTRUTURAL, TRANSPORTE E RETIRADA DO MATERIAL ESCAVADO | F85: =P.O.!F86 -> m3 | G85: Conforme projeto estrutural | M85: 0.75
A86: =P.O.!A87 -> S | B86: =P.O.!B87 -> 12.2 | C86: =P.O.!C87 -> SEINFRA | D86: =P.O.!D87 -> ED-29550 | E86: =P.O.!E87 -> CORTE, DOBRA E MONTAGEM DE AÇO CA-50, DIÂMETRO 8MM, INCLUSIVE ESPAÇADOR | F86: =P.O.!F87 -> Kg | G86: Conforme projeto estrutural | M86: 19.7
A87: =P.O.!A88 -> S | B87: =P.O.!B88 -> 12.3 | C87: =P.O.!C88 -> SEINFRA | D87: =P.O.!D88 -> ED-29548 | E87: =P.O.!E88 -> CORTE, DOBRA E MONTAGEM DE AÇO CA-60, DIÂMETRO 5MM, INCLUSIVE ESPAÇADOR | F87: =P.O.!F88 -> Kg | G87: Conforme projeto estrutural | M87: 3.7
A88: =P.O.!A89 -> S | B88: =P.O.!B89 -> 12.4 | C88: =P.O.!C89 -> SEINFRA | D88: =P.O.!D89 -> ED-49619 | E88: =P.O.!E89 -> FORNECIMENTO DE CONCRETO ESTRUTURAL, PREPARADO EM OBRA, COM FCK 25MPA, INCLUSIVE LANÇAMENTO, ADENSAMENTO E ACABAMENTO | F88: =P.O.!F89 -> m3 | G88: Conforme projeto estrutural | M88: 0.75
A89: =P.O.!A90 -> 0 | B89: =P.O.!B90 -> 0 | C89: =P.O.!C90 -> 0 | D89: =P.O.!D90 -> 0 | E89: =P.O.!E90 -> 0 | F89: =P.O.!F90 -> 0
A90: =P.O.!A91 -> E | B90: =P.O.!B91 -> 13 | C90: =P.O.!C91 -> 0 | D90: =P.O.!D91 -> 0 | E90: =P.O.!E91 -> ESTRUTURA DOS MUROS DE DIVISA - BLOCOS, VIGAS E ARRANQUES | F90: =P.O.!F91 -> 0
A91: =P.O.!A92 -> S | B91: =P.O.!B92 -> 13.1 | C91: =P.O.!C92 -> SINAPI | D91: =P.O.!D92 -> 96523 | E91: =P.O.!E92 -> ESCAVAÇÃO MANUAL PARA BLOCO DE COROAMENTO OU SAPATA (INCLUINDO ESCAVAÇÃO PARA COLOCAÇÃO DE FÔRMAS). AF_01/2024 | F91: =P.O.!F92 -> M3 | G91: Conforme projeto estrutural | M91: 1.35
A92: =P.O.!A93 -> S | B92: =P.O.!B93 -> 13.2 | C92: =P.O.!C93 -> SEINFRA | D92: =P.O.!D93 -> ED-29550 | E92: =P.O.!E93 -> CORTE, DOBRA E MONTAGEM DE AÇO CA-50, DIÂMETRO 8MM, INCLUSIVE ESPAÇADOR | F92: =P.O.!F93 -> Kg | G92: Conforme projeto estrutural | M92: 19.6
A93: =P.O.!A94 -> S | B93: =P.O.!B94 -> 13.3 | C93: =P.O.!C94 -> SEINFRA | D93: =P.O.!D94 -> ED-29548 | E93: =P.O.!E94 -> CORTE, DOBRA E MONTAGEM DE AÇO CA-60, DIÂMETRO 5MM, INCLUSIVE ESPAÇADOR | F93: =P.O.!F94 -> Kg | G93: Conforme projeto estrutural | M93: 20.6
A94: =P.O.!A95 -> S | B94: =P.O.!B95 -> 13.4 | C94: =P.O.!C95 -> SEINFRA | D94: =P.O.!D95 -> ED-49619 | E94: =P.O.!E95 -> FORNECIMENTO DE CONCRETO ESTRUTURAL, PREPARADO EM OBRA, COM FCK 25MPA, INCLUSIVE LANÇAMENTO, ADENSAMENTO E ACABAMENTO | F94: =P.O.!F95 -> m3 | G94: Conforme projeto estrutural | M94: 1.35
A95: =P.O.!A96 -> S | B95: =P.O.!B96 -> 13.5 | C95: =P.O.!C96 -> SINAPI | D95: =P.O.!D96 -> 96531 | E95: =P.O.!E96 -> FABRICAÇÃO, MONTAGEM E DESMONTAGEM DE FÔRMA PARA BLOCO DE COROAMENTO, EM MADEIRA SERRADA, E=25 MM, 2 UTILIZAÇÕES. AF_01/2024 | F95: =P.O.!F96 -> M2 | G95: Conforme projeto estrutural | M95: 12.84
A96: =P.O.!A97 -> 0 | B96: =P.O.!B97 -> 0 | C96: =P.O.!C97 -> 0 | D96: =P.O.!D97 -> 0 | E96: =P.O.!E97 -> 0 | F96: =P.O.!F97 -> 0
A97: =P.O.!A98 -> E | B97: =P.O.!B98 -> 14 | C97: =P.O.!C98 -> 0 | D97: =P.O.!D98 -> 0 | E97: =P.O.!E98 -> ESTRUTURA DOS MUROS DE DIVISA - PILARES E VIGAS | F97: =P.O.!F98 -> 0
A98: =P.O.!A99 -> S | B98: =P.O.!B99 -> 14.1 | C98: =P.O.!C99 -> SEINFRA | D98: =P.O.!D99 -> ED-31566 | E98: =P.O.!E99 -> FÔRMA E DESFORMA PARA PILAR COM CHAPA DE COMPENSADO RESINADO, ESP. 14MM, REAPROVEITAMENTO (3X), EXCLUSIVE ESCORAMENTO | F98: =P.O.!F99 -> m2 | G98: Conforme projeto estrutural | M98: 10.3
A99: =P.O.!A100 -> S | B99: =P.O.!B100 -> 14.2 | C99: =P.O.!C100 -> SINAPI | D99: =P.O.!D100 -> 92452 | E99: =P.O.!E100 -> MONTAGEM E DESMONTAGEM DE FÔRMA DE VIGA, ESCORAMENTO METÁLICO, PÉ-DIREITO SIMPLES, EM CHAPA DE MADEIRA RESINADA, 2 UTILIZAÇÕES. AF_09/2020 | F99: =P.O.!F100 -> M2 | G99: Conforme projeto estrutural | M99: 2.97
A100: =P.O.!A101 -> S | B100: =P.O.!B101 -> 14.3 | C100: =P.O.!C101 -> SEINFRA | D100: =P.O.!D101 -> ED-29550 | E100: =P.O.!E101 -> CORTE, DOBRA E MONTAGEM DE AÇO CA-50, DIÂMETRO 8MM, INCLUSIVE ESPAÇADOR | F100: =P.O.!F101 -> Kg | G100: Conforme projeto estrutural | M100: 32
A101: =P.O.!A102 -> S | B101: =P.O.!B102 -> 14.4 | C101: =P.O.!C102 -> SEINFRA | D101: =P.O.!D102 -> ED-29548 | E101: =P.O.!E102 -> CORTE, DOBRA E MONTAGEM DE AÇO CA-60, DIÂMETRO 5MM, INCLUSIVE ESPAÇADOR | F101: =P.O.!F102 -> Kg | G101: Conforme projeto estrutural | M101: 21
...
